Workbook

Sheet BAR
A1: Мовенпик Красная Поляна 5*
A2: Тариф "Базовый с завтраком"
A3: Открытые тарифы
A4: завтраки формата "Шведский стол" | B4: 46269 | C4: 46270 | D4: 46271 | E4: 46272 | F4: 46273 | G4: 46274 | H4: 46275 | I4: 46276 | J4: 46277 | K4: 46278 | L4: 46279 | M4: 46280 | N4: 46281 | O4: 46282 | P4: 46283 | Q4: 46284 | R4: 46285 | S4: 46286 | T4: 46287 | U4: 46288 | V4: 46289 | W4: 46290 | X4: 46291 | Y4: 46292 | Z4: 46293 | AA4: 46294 | AB4: 46295 | AC4: 46296 | AD4: 46297 | AE4: 46298 | AF4: 46299 | AG4: 46300 | AH4: 46301 | AI4: 46302 | AJ4: 46303 | AK4: 46304 | AL4: 46305 | AM4: 46306 | AN4: 46307 | AO4: 46308 | AP4: 46309 | AQ4: 46310 | AR4: 46311 | AS4: 46312 | AT4: 46313 | AU4: 46314 | AV4: 46315 | AW4: 46316 | AX4: 46317 | AY4: 46318 | AZ4: 46319 | BA4: 46320 | BB4: 46321 | BC4: 46322 | BD4: 46323 | BE4: 46324 | BF4: 46325 | BG4: 46326 | BH4: 46327 | BI4: 46328 | BJ4: 46329 | BK4: 46330 | BL4: 46331 | BM4: 46332 | BN4: 46333 | BO4: 46334 | BP4: 46335 | BQ4: 46336 | BR4: 46337 | BS4: 46338 | BT4: 46339 | BU4: 46340 | BV4: 46341 | BW4: 46342 | BX4: 46343 | BY4: 46344 | BZ4: 46345 | CA4: 46346 | CB4: 46347 | CC4: 46348 | CD4: 46349 | CE4: 46350 | CF4: 46351 | CG4: 46352 | CH4: 46353 | CI4: 46354 | CJ4: 46355 | CK4: 46356 | CL4: 46357 | CM4: 46358 | CN4: 46359 | CO4: 46360 | CP4: 46361 | CQ4: 46362 | CR4: 46363 | CS4: 46364 | CT4: 46365 | CU4: 46366 | CV4: 46367 | CW4: 46368 | CX4: 46369 | CY4: 46370 | CZ4: 46371 | DA4: 46372 | DB4: 46373 | DC4: 46374 | DD4: 46375 | DE4: 46376 | DF4: 46377 | DG4: 46378 | DH4: 46379 | DI4: 46380 | DJ4: 46381 | DK4: 46382 | DL4: 46383 | DM4: 46384 | DN4: 46385 | DO4: 46386 | DP4: 46387 | DQ4: 46388 | DR4: 46389 | DS4: 46390 | DT4: 46391 | DU4: 46392 | DV4: 46393 | DW4: 46394 | DX4: 46395 | DY4: 46396 | DZ4: 46397 | EA4: 46398 | EB4: 46399 | EC4: 46400 | ED4: 46401 | EE4: 46402 | EF4: 46403 | EG4: 46404 | EH4: 46405 | EI4: 46406 | EJ4: 46407 | EK4: 46408 | EL4: 46409 | EM4: 46410 | EN4: 46411 | EO4: 46412 | EP4: 46413 | EQ4: 46414 | ER4: 46415 | ES4: 46416 | ET4: 46417 | EU4: 46418 | EV4: 46419 | EW4: 46420 | EX4: 46421 | EY4: 46422 | EZ4: 46423 | FA4: 46424 | FB4: 46425 | FC4: 46426 | FD4: 46427 | FE4: 46428 | FF4: 46429 | FG4: 46430 | FH4: 46431 | FI4: 46432 | FJ4: 46433 | FK4: 46434 | FL4: 46435 | FM4: 46436 | FN4: 46437 | FO4: 46438 | FP4: 46439 | FQ4: 46440 | FR4: 46441 | FS4: 46442 | FT4: 46443 | FU4: 46444 | FV4: 46445 | FW4: 46446 | FX4: 46447 | FY4: 46448 | FZ4: 46449 | GA4: 46450 | GB4: 46451 | GC4: 46452 | GD4: 46453 | GE4: 46454 | GF4: 46455 | GG4: 46456 | GH4: 46457 | GI4: 46458 | GJ4: 46459 | GK4: 46460 | GL4: 46461 | GM4: 46462 | GN4: 46463 | GO4: 46464 | GP4: 46465 | GQ4: 46466 | GR4: 46467 | GS4: 46468 | GT4: 46469 | GU4: 46470 | GV4: 46471 | GW4: 46472 | GX4: 46473 | GY4: 46474 | GZ4: 46475 | HA4: 46476 | HB4: 46477
A5: Улучшенный номер - с двуспальной кроватью Улучшенный номер с 2 односпальными кроватями Улучшенный номер, для маломобильных - с двуспальной кроватью
A6: 1 | B6: 14200 | C6: 14200 | D6: 14200 | E6: 14200 | F6: 14700 | G6: 14700 | H6: 14700 | I6: 14700 | J6: 14700 | K6: 14700 | L6: 14700 | M6: 16400 | N6: 16400 | O6: 16400 | P6: 11700 | Q6: 11700 | R6: 12000 | S6: 12000 | T6: 12000 | U6: 12000 | V6: 12000 | W6: 12000 | X6: 12000 | Y6: 12000 | Z6: 12000 | AA6: 12000 | AB6: 12000 | AC6: 11200 | AD6: 11200 | AE6: 11200 | AF6: 11200 | AG6: 11200 | AH6: 11200 | AI6: 11200 | AJ6: 11200 | AK6: 11200 | AL6: 11200 | AM6: 9400 | AN6: 9400 | AO6: 9400 | AP6: 9400 | AQ6: 9400 | AR6: 9700 | AS6: 9700 | AT6: 9400 | AU6: 9400 | AV6: 9400 | AW6: 9400 | AX6: 9400 | AY6: 9700 | AZ6: 9700 | BA6: 9400 | BB6: 9400 | BC6: 9400 | BD6: 9400 | BE6: 9400 | BF6: 9700 | BG6: 9700 | BH6: 9400 | BI6: 9400 | BJ6: 9700 | BK6: 10200 | BL6: 7900 | BM6: 9400 | BN6: 9400 | BO6: 7900 | BP6: 7900 | BQ6: 7900 | BR6: 7900 | BS6: 7900 | BT6: 9400 | BU6: 9400 | BV6: 7900 | BW6: 7900 | BX6: 7900 | BY6: 7900 | BZ6: 7900 | CA6: 9400 | CB6: 9400 | CC6: 7900 | CD6: 7900 | CE6: 7900 | CF6: 7900 | CG6: 7900 | CH6: 9400 | CI6: 9400 | CJ6: 7900 | CK6: 7900 | CL6: 10200 | CM6: 10200 | CN6: 10200 | CO6: 10500 | CP6: 10500 | CQ6: 10200 | CR6: 10200 | CS6: 10200 | CT6: 10200 | CU6: 10200 | CV6: 12000 | CW6: 12000 | CX6: 10200 | CY6: 10200 | CZ6: 11200 | DA6: 11200 | DB6: 10500 | DC6: 11200 | DD6: 11200 | DE6: 11200 | DF6: 11200 | DG6: 11700 | DH6: 11700 | DI6: 12000 | DJ6: 12000 | DK6: 12000 | DL6: 12000 | DM6: 12000 | DN6: 37950 | DO6: 51450 | DP6: 51450 | DQ6: 51450 | DR6: 51450 | DS6: 51450 | DT6: 51450 | DU6: 51450 | DV6: 51450 | DW6: 51450 | DX6: 51450 | DY6: 27050 | DZ6: 27050 | EA6: 27050 | EB6: 21350 | EC6: 21350 | ED6: 21350 | EE6: 21350 | EF6: 21350 | EG6: 20150 | EH6: 20650 | EI6: 20150 | EJ6: 20650 | EK6: 20150 | EL6: 20150 | EM6: 21350 | EN6: 21350 | EO6: 21350 | EP6: 21350 | EQ6: 21350 | ER6: 21350 | ES6: 21350 | ET6: 21350 | EU6: 19650 | EV6: 24850 | EW6: 24850 | EX6: 24850 | EY6: 24850 | EZ6: 24850 | FA6: 24850 | FB6: 24850 | FC6: 24850 | FD6: 24850 | FE6: 24850 | FF6: 24850 | FG6: 24850 | FH6: 24850 | FI6: 24850 | FJ6: 24850 | FK6: 24850 | FL6: 24850 | FM6: 24850 | FN6: 40850 | FO6: 40850 | FP6: 40850 | FQ6: 40850 | FR6: 40850 | FS6: 27050 | FT6: 27050 | FU6: 40850 | FV6: 40850 | FW6: 40850 | FX6: 24850 | FY6: 23350 | FZ6: 23350 | GA6: 23350 | GB6: 23350 | GC6: 23350 | GD6: 23350 | GE6: 23350 | GF6: 18450 | GG6: 18450 | GH6: 18450 | GI6: 18450 | GJ6: 18450 | GK6: 18450 | GL6: 18450 | GM6: 18450 | GN6: 18450 | GO6: 18450 | GP6: 18450 | GQ6: 18450 | GR6: 18450 | GS6: 18450 | GT6: 18450 | GU6: 18450 | GV6: 18450 | GW6: 18450 | GX6: 18450 | GY6: 18450 | GZ6: 18450 | HA6: 18450 | HB6: 18450
A7: 2 | B7: =B6+2200 -> 16400 | C7: =C6+2200 -> 16400 | D7: =D6+2200 -> 16400 | E7: =E6+2200 -> 16400 | F7: =F6+2200 -> 16900 | G7: =G6+2200 -> 16900 | H7: =H6+2200 -> 16900 | I7: =I6+2200 -> 16900 | ... DM7: =DM6+2200 -> 14200 | DN7: =DN6+2950 -> 40900 | DO7: =DO6+2950 -> 54400 | DP7: =DP6+2950 -> 54400 | DQ7: =DQ6+2950 -> 54400 | DR7: =DR6+2950 -> 54400 | DS7: =DS6+2950 -> 54400 | DT7: =DT6+2950 -> 54400 | DU7: =DU6+2950 -> 54400 | ... DX7: =DX6+2950 -> 54400 | DY7: =DY6+2750 -> 29800 | DZ7: =DZ6+2750 -> 29800 | EA7: =EA6+2750 -> 29800 | EB7: =EB6+2750 -> 24100 | EC7: =EC6+2750 -> 24100 | ED7: =ED6+2750 -> 24100 | EE7: =EE6+2750 -> 24100 | EF7: =EF6+2750 -> 24100 | ... HB7: =HB6+2750 -> 21200
A8: Улучшенный номер, вид на горы - с двуспальной кроватью Улучшенный номер, вид на горы с 2 односпальными кроватями
A9: 1 | B9: =B6+3000 -> 17200 | C9: =C6+3000 -> 17200 | D9: =D6+3000 -> 17200 | E9: =E6+3000 -> 17200 | F9: =F6+3000 -> 17700 | G9: =G6+3000 -> 17700 | H9: =H6+3000 -> 17700 | I9: =I6+3000 -> 17700 | ... DM9: =DM6+3000 -> 15000 | DN9: =DN6+5000 -> 42950 | DO9: =DO6+5000 -> 56450 | DP9: =DP6+5000 -> 56450 | DQ9: =DQ6+5000 -> 56450 | DR9: =DR6+5000 -> 56450 | DS9: =DS6+5000 -> 56450 | DT9: =DT6+5000 -> 56450 | DU9: =DU6+5000 -> 56450 | ... DX9: =DX6+5000 -> 56450 | DY9: =DY6+4000 -> 31050 | DZ9: =DZ6+4000 -> 31050 | EA9: =EA6+4000 -> 31050 | EB9: =EB6+4000 -> 25350 | EC9: =EC6+4000 -> 25350 | ED9: =ED6+4000 -> 25350 | EE9: =EE6+4000 -> 25350 | EF9: =EF6+4000 -> 25350 | ... HB9: =HB6+4000 -> 22450
A10: 2 | B10: =B9+2200 -> 19400 | C10: =C9+2200 -> 19400 | D10: =D9+2200 -> 19400 | E10: =E9+2200 -> 19400 | F10: =F9+2200 -> 19900 | G10: =G9+2200 -> 19900 | H10: =H9+2200 -> 19900 | I10: =I9+2200 -> 19900 | ... DM10: =DM9+2200 -> 17200 | DN10: =DN9+2950 -> 45900 | DO10: =DO9+2950 -> 59400 | DP10: =DP9+2950 -> 59400 | DQ10: =DQ9+2950 -> 59400 | DR10: =DR9+2950 -> 59400 | DS10: =DS9+2950 -> 59400 | DT10: =DT9+2950 -> 59400 | DU10: =DU9+2950 -> 59400 | ... DX10: =DX9+2950 -> 59400 | DY10: =DY9+2750 -> 33800 | DZ10: =DZ9+2750 -> 33800 | EA10: =EA9+2750 -> 33800 | EB10: =EB9+2750 -> 28100 | EC10: =EC9+2750 -> 28100 | ED10: =ED9+2750 -> 28100 | EE10: =EE9+2750 -> 28100 | EF10: =EF9+2750 -> 28100 | ... HB10: =HB9+2750 -> 25200
A11: Номер Люкс - с двуспальной кроватью
A12: 1 | B12: =B9+6000 -> 23200 | C12: =C9+6000 -> 23200 | D12: =D9+6000 -> 23200 | E12: =E9+6000 -> 23200 | F12: =F9+6000 -> 23700 | G12: =G9+6000 -> 23700 | H12: =H9+6000 -> 23700 | I12: =I9+6000 -> 23700 | ... DL12: =DL9+6000 -> 21000 | DM12: =DM6+9000 -> 21000 | DN12: =DN6+16000 -> 53950 | DO12: =DO6+16000 -> 67450 | DP12: =DP6+16000 -> 67450 | DQ12: =DQ6+16000 -> 67450 | DR12: =DR6+16000 -> 67450 | DS12: =DS6+16000 -> 67450 | DT12: =DT6+16000 -> 67450 | DU12: =DU6+16000 -> 67450 | ... DX12: =DX6+16000 -> 67450 | DY12: =DY6+14000 -> 41050 | DZ12: =DZ6+14000 -> 41050 | EA12: =EA6+14000 -> 41050 | EB12: =EB6+14000 -> 35350 | EC12: =EC6+14000 -> 35350 | ED12: =ED6+14000 -> 35350 | EE12: =EE6+14000 -> 35350 | EF12: =EF6+14000 -> 35350 | ... HB12: =HB6+14000 -> 32450
A13: 2 | B13: =B12+2200 -> 25400 | C13: =C12+2200 -> 25400 | D13: =D12+2200 -> 25400 | E13: =E12+2200 -> 25400 | F13: =F12+2200 -> 25900 | G13: =G12+2200 -> 25900 | H13: =H12+2200 -> 25900 | I13: =I12+2200 -> 25900 | ... DM13: =DM12+2200 -> 23200 | DN13: =DN12+2950 -> 56900 | DO13: =DO12+2950 -> 70400 | DP13: =DP12+2950 -> 70400 | DQ13: =DQ12+2950 -> 70400 | DR13: =DR12+2950 -> 70400 | DS13: =DS12+2950 -> 70400 | DT13: =DT12+2950 -> 70400 | DU13: =DU12+2950 -> 70400 | ... DX13: =DX12+2950 -> 70400 | DY13: =DY12+2750 -> 43800 | DZ13: =DZ12+2750 -> 43800 | EA13: =EA12+2750 -> 43800 | EB13: =EB12+2750 -> 38100 | EC13: =EC12+2750 -> 38100 | ED13: =ED12+2750 -> 38100 | EE13: =EE12+2750 -> 38100 | EF13: =EF12+2750 -> 38100 | ... HB13: =HB12+2750 -> 35200
A14: Представительский Люкс - с двуспальной кроватью
A15: 1 | B15: =B6+12000 -> 26200 | C15: =C6+12000 -> 26200 | D15: =D6+12000 -> 26200 | E15: =E6+12000 -> 26200 | F15: =F6+12000 -> 26700 | G15: =G6+12000 -> 26700 | H15: =H6+12000 -> 26700 | I15: =I6+12000 -> 26700 | ... DM15: =DM6+12000 -> 24000 | DN15: =DN6+25000 -> 62950 | DO15: =DO6+25000 -> 76450 | DP15: =DP6+25000 -> 76450 | DQ15: =DQ6+25000 -> 76450 | DR15: =DR6+25000 -> 76450 | DS15: =DS6+25000 -> 76450 | DT15: =DT6+25000 -> 76450 | DU15: =DU6+25000 -> 76450 | ... DX15: =DX6+25000 -> 76450 | DY15: =DY6+20000 -> 47050 | DZ15: =DZ6+20000 -> 47050 | EA15: =EA6+20000 -> 47050 | EB15: =EB6+20000 -> 41350 | EC15: =EC6+20000 -> 41350 | ED15: =ED6+20000 -> 41350 | EE15: =EE6+20000 -> 41350 | EF15: =EF6+20000 -> 41350 | ... HB15: =HB6+20000 -> 38450
A16: 2 | B16: =B15+2200 -> 28400 | C16: =C15+2200 -> 28400 | D16: =D15+2200 -> 28400 | E16: =E15+2200 -> 28400 | F16: =F15+2200 -> 28900 | G16: =G15+2200 -> 28900 | H16: =H15+2200 -> 28900 | I16: =I15+2200 -> 28900 | ... DM16: =DM15+2200 -> 26200 | DN16: =DN15+2950 -> 65900 | DO16: =DO15+2950 -> 79400 | DP16: =DP15+2950 -> 79400 | DQ16: =DQ15+2950 -> 79400 | DR16: =DR15+2950 -> 79400 | DS16: =DS15+2950 -> 79400 | DT16: =DT15+2950 -> 79400 | DU16: =DU15+2950 -> 79400 | ... DX16: =DX15+2950 -> 79400 | DY16: =DY15+2750 -> 49800 | DZ16: =DZ15+2750 -> 49800 | EA16: =EA15+2750 -> 49800 | EB16: =EB15+2750 -> 44100 | EC16: =EC15+2750 -> 44100 | ED16: =ED15+2750 -> 44100 | EE16: =EE15+2750 -> 44100 | EF16: =EF15+2750 -> 44100 | ... HB16: =HB15+2750 -> 41200
A17: Пентхаус, 2-этажный, с террасой - с 2 спальнями
A18: от 1 до 4 | B18: =B15+23000 -> 49200 | C18: =C15+23000 -> 49200 | D18: =D15+23000 -> 49200 | E18: =E15+23000 -> 49200 | F18: =F15+23000 -> 49700 | G18: =G15+23000 -> 49700 | H18: =H15+23000 -> 49700 | I18: =I15+23000 -> 49700 | ... DL18: =DL15+23000 -> 47000 | DM18: =DM6+35000 -> 47000 | DN18: =DN6+70000 -> 107950 | DO18: =DO6+70000 -> 121450 | DP18: =DP6+70000 -> 121450 | DQ18: =DQ6+70000 -> 121450 | DR18: =DR6+70000 -> 121450 | DS18: =DS6+70000 -> 121450 | DT18: =DT6+70000 -> 121450 | DU18: =DU6+70000 -> 121450 | ... DX18: =DX6+70000 -> 121450 | DY18: =DY6+40000 -> 67050 | DZ18: =DZ6+40000 -> 67050 | EA18: =EA6+40000 -> 67050 | EB18: =EB6+40000 -> 61350 | EC18: =EC6+40000 -> 61350 | ED18: =ED6+40000 -> 61350 | EE18: =EE6+40000 -> 61350 | EF18: =EF6+40000 -> 61350 | ... HB18: =HB6+40000 -> 58450
A19: Люкс Красная Поляна, 2-этажный, с террасой - с 3 спальнями
A20: от 1 до 6 | B20: =B18+20000 -> 69200 | C20: =C18+20000 -> 69200 | D20: =D18+20000 -> 69200 | E20: =E18+20000 -> 69200 | F20: =F18+20000 -> 69700 | G20: =G18+20000 -> 69700 | H20: =H18+20000 -> 69700 | I20: =I18+20000 -> 69700 | ... DL20: =DL18+20000 -> 67000 | DM20: =DM6+55000 -> 67000 | DN20: =DN6+120000 -> 157950 | DO20: =DO6+120000 -> 171450 | DP20: =DP6+120000 -> 171450 | DQ20: =DQ6+120000 -> 171450 | DR20: =DR6+120000 -> 171450 | DS20: =DS6+120000 -> 171450 | DT20: =DT6+120000 -> 171450 | DU20: =DU6+120000 -> 171450 | ... DX20: =DX6+120000 -> 171450 | DY20: =DY6+70000 -> 97050 | DZ20: =DZ6+70000 -> 97050 | EA20: =EA6+70000 -> 97050 | EB20: =EB6+70000 -> 91350 | EC20: =EC6+70000 -> 91350 | ED20: =ED6+70000 -> 91350 | EE20: =EE6+70000 -> 91350 | EF20: =EF6+70000 -> 91350 | ... HB20: =HB6+70000 -> 88450
A22: Доп.инфо:
A23: 📌Дополнительное место с завтраком: 01.04.26 - 28.12.26 взр 3700 руб/сут, реб 2600 руб/сут 29.12.26 - 08.01.27 взр 4500 руб/сут, реб 3000 руб/сут 09.01.27 - 31.03.27 взр 4300 руб/сут, реб 2900 руб/сут 📌Дополнительное место без завтрака: 01.04.26 - 28.12.26 взр 1500 руб/сут, реб 1500 руб/сут 29.12.26 - 08.01.27 взр 1550 руб/сут, реб 1550 руб/сут 09.01.27 - 31.03.27 взр 1550 руб/сут, реб 1550 руб/сут 📌Завтраки: 01.04.26 - 28.12.26 взр 2200 руб/сут, реб 1100 руб/сут 29.12.26 - 08.01.27 взр 2950 руб/сут, реб 1450 руб/сут 09.01.27 - 31.03.27 взр 2750 руб/сут, реб 1350 руб/сут 📌Доплата за размещение с животными (до 15 кг и 45 см в холке) – 5000 рублей/единоразово при заселении. Допустимо проживание не более 1-го животного в номере. Обязателен вет.паспорт животного. 📌Услуга "Ранний заезд или Поздний выезд" предоставляется при 100% гарантиии доп. суток размещения по возможности отеля. Негарантированный РЗ/ПВ оформляется в отеле и предоставляется по возможности отеля. Время негарантированных услуг: РЗ с 00:00 до 02:59 - 100%, с 03:00 до 15:00 - 50%; ПВ с 12:00 до 18:00 - 50%, после 18:00 - 100%.
A24: Новогодний тариф (включительно):
A25: Период продажи: 10.07.2026 – 07.01.2027 Период проживания: 29.12.2026 – 08.01.2027 Условия бронирования: При бронировании номера в даты проживания с 30.12.25-08.01.26 необходима предоплата в размере 1-х суток и полная оплата в размере 100% до 01.12.2026. Условия аннуляции: бесплатная отмена до 00:00 дня заезда и при отмене после 00:00 часов дня заезда удерживается стоимость первых суток.
A26: Даты тарифа (включительно):
A27: Период продажи: 20.03.2026 - 30.03.2027 Период проживания: 20.03.2026 - 31.03.2027
A28: В стоимость включено:
A29: Подъем на канатной дороге с Поляны 540 на Поляну 960; Проживание в номере выбранной категории; Завтрак "Шведский стол" в ресторане "Прагер"; Шоколадный час ежедневно с 17.00 до 17.45; Посещение SPA комплекса отеля; Wi-Fi на территории всего отеля; Комната для хранения горнолыжного оборудования; Услуги консьержа, в том числе мобильный консьерж-сервис; Доставка багажа в номер / из номера; Услуги парковки автомобиля (крытая парковка)
A30: Условия аннуляции:
A31: В случае отмены или изменения бронирования менее чем за 24 часа до заезда удерживается стоимость первых суток.
A32: Пропуск "Сочинский национальный парк":
A33: Территория Курорта Красная поляна является особо охраняемой природной территорией "Сочинский национальный парк". При подъёме выше отметки +960 и при прогулках по экотропам Курорта, вам необходимо оформить пропуск. *Детям дошкольного и школьного возраста, гостям пенсионного возраста - приобретают льготный билет (0Р) в кассе Сочинского национального парка, на высоте 960 Купить пропуск в национальный парк https://npsochi.ru/tickets/ Ознакомиться с правилами Сочинского национального парка https://npsochi.ru/rules/

Sheet 3=4
A1: Мовенпик Красная Поляна 5*
A2: Тариф "Три равно четыре!"
A3: Открытые тарифы
A4: завтраки формата "Шведский стол" | B4: 46176 | C4: 46177
A5: Улучшенный номер - с двуспальной кроватью Улучшенный номер с 2 односпальными кроватями Улучшенный номер, для маломобильных - с двуспальной кроватью
A6: 1 | B6: =BAR!#REF!*0.75 -> #REF! | C6: =BAR!#REF!*0.75 -> #REF!
A7: 2 | B7: =BAR!#REF!*0.75 -> #REF! | C7: =BAR!#REF!*0.75 -> #REF!
A8: Улучшенный номер, вид на горы - с двуспальной кроватью Улучшенный номер, вид на горы с 2 односпальными кроватями
A9: 1 | B9: =BAR!#REF!*0.75 -> #REF! | C9: =BAR!#REF!*0.75 -> #REF!
A10: 2 | B10: =BAR!#REF!*0.75 -> #REF! | C10: =BAR!#REF!*0.75 -> #REF!
A11: Номер Люкс - с двуспальной кроватью
A12: 1 | B12: =BAR!#REF!*0.75 -> #REF! | C12: =BAR!#REF!*0.75 -> #REF!
A13: 2 | B13: =BAR!#REF!*0.75 -> #REF! | C13: =BAR!#REF!*0.75 -> #REF!
A14: Представительский Люкс - с двуспальной кроватью
A15: 1 | B15: =BAR!#REF!*0.75 -> #REF! | C15: =BAR!#REF!*0.75 -> #REF!
A16: 2 | B16: =BAR!#REF!*0.75 -> #REF! | C16: =BAR!#REF!*0.75 -> #REF!
A17: Пентхаус, 2-этажный, с террасой - с 2 спальнями
A18: от 1 до 4 | B18: =BAR!#REF!*0.75 -> #REF! | C18: =BAR!#REF!*0.75 -> #REF!
A19: Люкс Красная Поляна, 2-этажный, с террасой - с 3 спальнями
A20: от 1 до 6 | B20: =BAR!#REF!*0.75 -> #REF! | C20: =BAR!#REF!*0.75 -> #REF!
A21: Даты тарифа (включительно):
A22: Период продажи: 06.05.2026 - 03.06.2026 Период проживания: 06.05.2026 - 04.06.2026
A23: Ограничения:
A24: 4 ночи - минимальное количество ночей проживания. Общее количество ночей проживания должно быть кратно 4 ночам.
A25: В стоимость включено:
A26: Подъем на канатной дороге с Поляны 540 на Поляну 960; Проживание в номере выбранной категории; Завтрак "Шведский стол" в ресторане "Прагер"; Шоколадный час ежедневно с 17.00 до 17.45; Посещение SPA комплекса отеля; Wi-Fi на территории всего отеля; Комната для хранения горнолыжного оборудования; Услуги бизнес-центра (персональный компьютер, принтер, Интернет); Услуги консьержа, в том числе мобильный консьерж-сервис; Доставка багажа в номер / из номера; Услуги парковки автомобиля (крытая парковка).
A27: Условия аннуляции:
A28: В случае отмены или изменения бронирования после 00:00 часов дня заезда удерживается стоимость первых суток.
A29: Регламентные работы:
A30: Ежегодные регламентные работы на канатных дорогах курорта Красная Поляна пройдут с 16 марта по 24 июня 2026 года. С 10 по 31 мая будут закрыты канатные дороги Центрального сектора: («Красная Поляна» 540-960 м, «Реликтовый лес» 960-1460 м, «Вершина» 1460-2200 м, «Аибга» 2200-2050 м, «Черная Пирамида» 2050-2300 м). На время регламентных работ между уровнями 540-960 м будут курсировать шаттлы курорта. С 16 марта по 24 апреля будет закрыта канатная дорога Восточного сектора К‑13 «Водопад Поликаря. С 1 апреля по 24 апреля будут закрыты канатные дороги К‑10 «Восточный лес» и К‑12 «Старт чемпиона». К‑8 «Снежная звезда»: закрыта с 1 по 24 июня.

Sheet НсЛ
A1: Мовенпик Красная Поляна 5*
A2: НАПОЛНИ СВОЕ ЛЕТО
A3: Открытые тарифы
A4: завтраки формата "Шведский стол" | B4: 46269 | C4: 46270 | D4: 46271 | E4: 46272 | F4: 46273 | G4: 46274 | H4: 46275 | I4: 46276 | J4: 46277 | K4: 46278 | L4: 46279 | M4: 46280 | N4: 46281 | O4: 46282 | P4: 46283 | Q4: 46284 | R4: 46285 | S4: 46286 | T4: 46287 | U4: 46288 | V4: 46289 | W4: 46290 | X4: 46291 | Y4: 46292 | Z4: 46293 | AA4: 46294 | AB4: 46295
A5: Улучшенный номер - с двуспальной кроватью Улучшенный номер с 2 односпальными кроватями Улучшенный номер, для маломобильных - с двуспальной кроватью
A6: 1 | B6: =BAR!B6*0.9 -> 12780 | C6: =BAR!C6*0.9 -> 12780 | D6: =BAR!D6*0.9 -> 12780 | E6: =BAR!E6*0.9 -> 12780 | F6: =BAR!F6*0.9 -> 13230 | G6: =BAR!G6*0.9 -> 13230 | H6: =BAR!H6*0.9 -> 13230 | I6: =BAR!I6*0.9 -> 13230 | ... AB6: =BAR!AB6*0.9 -> 10800
A7: 2 | B7: =BAR!B7*0.9 -> 14760 | C7: =BAR!C7*0.9 -> 14760 | D7: =BAR!D7*0.9 -> 14760 | E7: =BAR!E7*0.9 -> 14760 | F7: =BAR!F7*0.9 -> 15210 | G7: =BAR!G7*0.9 -> 15210 | H7: =BAR!H7*0.9 -> 15210 | I7: =BAR!I7*0.9 -> 15210 | ... AB7: =BAR!AB7*0.9 -> 12780
A8: Улучшенный номер, вид на горы - с двуспальной кроватью Улучшенный номер, вид на горы с 2 односпальными кроватями
A9: 1 | B9: =BAR!B9*0.9 -> 15480 | C9: =BAR!C9*0.9 -> 15480 | D9: =BAR!D9*0.9 -> 15480 | E9: =BAR!E9*0.9 -> 15480 | F9: =BAR!F9*0.9 -> 15930 | G9: =BAR!G9*0.9 -> 15930 | H9: =BAR!H9*0.9 -> 15930 | I9: =BAR!I9*0.9 -> 15930 | ... AB9: =BAR!AB9*0.9 -> 13500
A10: 2 | B10: =BAR!B10*0.9 -> 17460 | C10: =BAR!C10*0.9 -> 17460 | D10: =BAR!D10*0.9 -> 17460 | E10: =BAR!E10*0.9 -> 17460 | F10: =BAR!F10*0.9 -> 17910 | G10: =BAR!G10*0.9 -> 17910 | H10: =BAR!H10*0.9 -> 17910 | I10: =BAR!I10*0.9 -> 17910 | ... AB10: =BAR!AB10*0.9 -> 15480
A11: Номер Люкс - с двуспальной кроватью
A12: 1 | B12: =BAR!B12*0.9 -> 20880 | C12: =BAR!C12*0.9 -> 20880 | D12: =BAR!D12*0.9 -> 20880 | E12: =BAR!E12*0.9 -> 20880 | F12: =BAR!F12*0.9 -> 21330 | G12: =BAR!G12*0.9 -> 21330 | H12: =BAR!H12*0.9 -> 21330 | I12: =BAR!I12*0.9 -> 21330 | ... AB12: =BAR!AB12*0.9 -> 18900
A13: 2 | B13: =BAR!B13*0.9 -> 22860 | C13: =BAR!C13*0.9 -> 22860 | D13: =BAR!D13*0.9 -> 22860 | E13: =BAR!E13*0.9 -> 22860 | F13: =BAR!F13*0.9 -> 23310 | G13: =BAR!G13*0.9 -> 23310 | H13: =BAR!H13*0.9 -> 23310 | I13: =BAR!I13*0.9 -> 23310 | ... AB13: =BAR!AB13*0.9 -> 20880
A14: Представительский Люкс - с двуспальной кроватью
A15: 1 | B15: =BAR!B15*0.9 -> 23580 | C15: =BAR!C15*0.9 -> 23580 | D15: =BAR!D15*0.9 -> 23580 | E15: =BAR!E15*0.9 -> 23580 | F15: =BAR!F15*0.9 -> 24030 | G15: =BAR!G15*0.9 -> 24030 | H15: =BAR!H15*0.9 -> 24030 | I15: =BAR!I15*0.9 -> 24030 | ... AB15: =BAR!AB15*0.9 -> 21600
A16: 2 | B16: =BAR!B16*0.9 -> 25560 | C16: =BAR!C16*0.9 -> 25560 | D16: =BAR!D16*0.9 -> 25560 | E16: =BAR!E16*0.9 -> 25560 | F16: =BAR!F16*0.9 -> 26010 | G16: =BAR!G16*0.9 -> 26010 | H16: =BAR!H16*0.9 -> 26010 | I16: =BAR!I16*0.9 -> 26010 | ... AB16: =BAR!AB16*0.9 -> 23580
A17: Пентхаус, 2-этажный, с террасой - с 2 спальнями
A18: от 1 до 4 | B18: =BAR!B18*0.9 -> 44280 | C18: =BAR!C18*0.9 -> 44280 | D18: =BAR!D18*0.9 -> 44280 | E18: =BAR!E18*0.9 -> 44280 | F18: =BAR!F18*0.9 -> 44730 | G18: =BAR!G18*0.9 -> 44730 | H18: =BAR!H18*0.9 -> 44730 | I18: =BAR!I18*0.9 -> 44730 | ... AB18: =BAR!AB18*0.9 -> 42300
A19: Люкс Красная Поляна, 2-этажный, с террасой - с 3 спальнями
A20: от 1 до 6 | B20: =BAR!B20*0.9 -> 62280 | C20: =BAR!C20*0.9 -> 62280 | D20: =BAR!D20*0.9 -> 62280 | E20: =BAR!E20*0.9 -> 62280 | F20: =BAR!F20*0.9 -> 62730 | G20: =BAR!G20*0.9 -> 62730 | H20: =BAR!H20*0.9 -> 62730 | I20: =BAR!I20*0.9 -> 62730 | ... AB20: =BAR!AB20*0.9 -> 60300
A21: ВАЖНО:
A22: Дополнительно ЕДИНОРАЗОВО в стоимость заявки добавляется стоимость за купонную книгу за каждого взрослого гостя (возраст от 12 лет), стоимость - 2650 руб. за гостя и за каждого ребенка от 0-11 лет включительно -1000 рублей за ребенка. При размещении дополнительных взрослых гостей, также ЕДИНОРАЗОВО добавляется в стоимость заявки купонная книга на каждого взрослого гостя - 2650 руб. (возраст от 12 лет) и за каждого ребенка от 0-11 лет включительно -1000 руб. Стоимость купонной книги на всех взрослых и детей просим сразу добавлять в заявку. В системе трэвэллайн тариф указан без учета стоимости купонной книги на взрослых и детей, необходимо добавлять стоимость вручную.
A23: В Тravelline тариф выгружается БЕЗ учета стоимости Купонных книг на каждого взрослого в заявке. В заявки, направляемые вручную по почте, дополнительно на каждый день проживания в стоимость добавляется стоимость Купонных книг для каждого взрослого (с 12 лет) самостоятельно.
A24: Даты тарифа (включительно):
A25: Период продажи: 17.04.2025 - 29.09.2026 Период проживания: 01.06.2026 - 30.09.2026
A26: В стоимость включено:
A27: Проживание в номере выбранной категории со скидкой 10%; Завтрак "Шведский стол" в ресторане "Прагер"; Шоколадный час ежедневно с 17.00 до 17.45; Посещение SPA комплекса отеля; Бесплатный Wi-Fi на территории всего отеля; Услуги консьержа, в том числе мобильный консьерж-сервис; Доставка багажа в номер / из номера; Услуги парковки автомобиля (крытая парковка); Комната для хранения горнолыжного оборудования.
A28: В предложение «Наполни свое лето» входят бесплатно (условия предоставления услуг подробно представлены в купонной книге):
A29: ✔Трансфер на побережье Черного моря Пляж Сочи Парк Отеля - по предварительной записи для всех гостей, проживающих в номере. ✔Прогулочные билеты "Панорама Красной Поляны" Для всех гостей с 7 лет, проживающих в номере. Для детей до 6 лет вкл-но билет приобретается в кассе за 1 ₽. ✔Верёвочный парк Прохождение маршрута "Воздушный сноуборд" для взрослых (рост от 140 см) либо маршрута "Маугли" для детей (рост от 110 см до 140 см). Единоразовое посещение во время проживания для всех гостей в номере с 7 лет; ✔Хаски центр Единоразовое посещение для всех гостей, проживающих в номере; ✔Капибары и друзья Единоразовое посещение для всех гостей, проживающих в номере; ✔Скидка 30% на аренду роликов или скейтборда на 1 час. Единоразовое использование для всех гостей, проживающих в номере. Количество оборудования ограничено. Действует в пункте проката на уровне 540.
A30: Дополнительная информация:
A31: Подробная информация о предоставлении услуг в Службе поддержки Курорта: тел. 8 800 550 20 20 e-mail: infocenter@kpresort.ru 🔸 В случае размещения дополнительных гостей, не указанных в бронировании, все услуги для них приобретаются отдельно в отеле. 🔸 Пляжные полотенца предоставляются по предъявлению towel card для всех проживающих гостей. Пляжное оборудование (шезлонг, зонт) предоставляется за дополнительную плату. Количество мест ограничено. 🔸 Пляж функционирует с 01.06.2026-30.09.2026, в график могут быть внесены изменения в зависимости от погодных условий. Трансфер предоставляется ежедневно для всех гостей, проживающих в номере. 🔸 Предварительная запись на трансфер обязательна. Расписание трансфера необходимо уточнять на ресепшн отеля. 🔸Услуги предложения действуют только в период проживания и предоставляются однократно, согласно условиям в Купонной книге. Купонная книга выдается при заселении из расчета: 1 номер = 1 книга. Предложение ограничено и не комбинируется с другими действующими акциями отеля. 🔸 Возврат средств за неиспользованные услуги Купонных книг не производится. НАО «Красная поляна» оставляет за собой право изменять услуги в составе пакета. Предоставление услуг может зависеть от погодных условий и графика работы канатных дорог. 🔸 Согласно приказу МЧС от 1.09.25 г. нахождение на пляжах Федеральной территории Сириус с животными запрещено (за исключением собак-поводырей). Для трансфера -питомцы в переноске разрешены к провозу (если поездка не на пляж).
A32: Условия аннуляции:
A33: В случае отмены или изменения бронирования менее чем за 24 часа до заезда удерживается стоимость первых суток.

Sheet РБ10%
A1: Мовенпик Красная Поляна 5*
A2: Тариф "Раннее бронирование со скидкой 10%, завтрак включен"
A3: Открытые тарифы
A4: завтраки формата "Шведский стол" | B4: 46218 | C4: 46219 | D4: 46220 | E4: 46221 | F4: 46222 | G4: 46223 | H4: 46224 | I4: 46225 | J4: 46226 | K4: 46227 | L4: 46228 | M4: 46229 | N4: 46230 | O4: 46231 | P4: 46232 | Q4: 46233 | R4: 46234 | S4: 46235 | T4: 46236 | U4: 46237 | V4: 46238 | W4: 46239 | X4: 46240 | Y4: 46241 | Z4: 46242 | AA4: 46243 | AB4: 46244 | AC4: 46245 | AD4: 46246 | AE4: 46247 | AF4: 46248 | AG4: 46249 | AH4: 46250 | AI4: 46251 | AJ4: 46252 | AK4: 46253 | AL4: 46254 | AM4: 46255 | AN4: 46256 | AO4: 46257 | AP4: 46258 | AQ4: 46259 | AR4: 46260 | AS4: 46261 | AT4: 46262 | AU4: 46263 | AV4: 46264 | AW4: 46265 | AX4: 46266 | AY4: 46267 | AZ4: 46268 | BA4: 46269 | BB4: 46270 | BC4: 46271 | BD4: 46272 | BE4: 46273 | BF4: 46274 | BG4: 46275 | BH4: 46276 | BI4: 46277 | BJ4: 46278 | BK4: 46279 | BL4: 46280 | BM4: 46281 | BN4: 46282 | BO4: 46283 | BP4: 46284 | BQ4: 46285 | BR4: 46286 | BS4: 46287 | BT4: 46288 | BU4: 46289 | BV4: 46290 | BW4: 46291 | BX4: 46292 | BY4: 46293 | BZ4: 46294 | CA4: 46295 | CB4: 46296 | CC4: 46297 | CD4: 46298 | CE4: 46299 | CF4: 46300 | CG4: 46301 | CH4: 46302 | CI4: 46303 | CJ4: 46304 | CK4: 46305 | CL4: 46306 | CM4: 46307 | CN4: 46308 | CO4: 46309 | CP4: 46310 | CQ4: 46311 | CR4: 46312 | CS4: 46313 | CT4: 46314 | CU4: 46315 | CV4: 46316 | CW4: 46317 | CX4: 46318 | CY4: 46319 | CZ4: 46320 | DA4: 46321 | DB4: 46322 | DC4: 46323 | DD4: 46324 | DE4: 46325 | DF4: 46326 | DG4: 46327 | DH4: 46328 | DI4: 46329 | DJ4: 46330 | DK4: 46331 | DL4: 46332 | DM4: 46333 | DN4: 46334 | DO4: 46335 | DP4: 46336 | DQ4: 46337 | DR4: 46338 | DS4: 46339 | DT4: 46340 | DU4: 46341 | DV4: 46342 | DW4: 46343 | DX4: 46344 | DY4: 46345 | DZ4: 46346 | EA4: 46347 | EB4: 46348 | EC4: 46349 | ED4: 46350 | EE4: 46351 | EF4: 46352 | EG4: 46353 | EH4: 46354 | EI4: 46355 | EJ4: 46356 | EK4: 46357 | EL4: 46358 | EM4: 46359 | EN4: 46360 | EO4: 46361 | EP4: 46362 | EQ4: 46363 | ER4: 46364 | ES4: 46365 | ET4: 46366 | EU4: 46367 | EV4: 46368 | EW4: 46369 | EX4: 46370 | EY4: 46371 | EZ4: 46372 | FA4: 46373 | FB4: 46374 | FC4: 46375 | FD4: 46376 | FE4: 46377 | FF4: 46378 | FG4: 46379 | FH4: 46380 | FI4: 46381 | FJ4: 46382 | FK4: 46383 | FL4: 46384 | FM4: 46385 | FN4: 46386 | FO4: 46387 | FP4: 46388 | FQ4: 46389 | FR4: 46390 | FS4: 46391 | FT4: 46392 | FU4: 46393 | FV4: 46394 | FW4: 46395 | FX4: 46396 | FY4: 46397 | FZ4: 46398 | GA4: 46399 | GB4: 46400 | GC4: 46401 | GD4: 46402 | GE4: 46403 | GF4: 46404 | GG4: 46405 | GH4: 46406 | GI4: 46407 | GJ4: 46408 | GK4: 46409 | GL4: 46410 | GM4: 46411 | GN4: 46412 | GO4: 46413 | GP4: 46414 | GQ4: 46415 | GR4: 46416 | GS4: 46417 | GT4: 46418 | GU4: 46419 | GV4: 46420 | GW4: 46421 | GX4: 46422 | GY4: 46423 | GZ4: 46424 | HA4: 46425 | HB4: 46426 | HC4: 46427 | HD4: 46428 | HE4: 46429 | HF4: 46430 | HG4: 46431 | HH4: 46432 | HI4: 46433 | HJ4: 46434 | HK4: 46435 | HL4: 46436 | HM4: 46437 | HN4: 46438 | HO4: 46439 | HP4: 46440 | HQ4: 46441 | HR4: 46442 | HS4: 46443 | HT4: 46444 | HU4: 46445 | HV4: 46446 | HW4: 46447 | HX4: 46448 | HY4: 46449 | HZ4: 46450 | IA4: 46451 | IB4: 46452 | IC4: 46453 | ID4: 46454 | IE4: 46455 | IF4: 46456 | IG4: 46457 | IH4: 46458 | II4: 46459 | IJ4: 46460 | IK4: 46461 | IL4: 46462 | IM4: 46463 | IN4: 46464 | IO4: 46465 | IP4: 46466 | IQ4: 46467 | IR4: 46468 | IS4: 46469 | IT4: 46470 | IU4: 46471 | IV4: 46472 | IW4: 46473 | IX4: 46474 | IY4: 46475 | IZ4: 46476 | JA4: 46477
A5: Улучшенный номер - с двуспальной кроватью Улучшенный номер с 2 односпальными кроватями Улучшенный номер, для маломобильных - с двуспальной кроватью
A6: 1 | B6: =BAR!#REF!*0.9 -> #REF! | C6: =BAR!#REF!*0.9 -> #REF! | D6: =BAR!#REF!*0.9 -> #REF! | E6: =BAR!#REF!*0.9 -> #REF! | F6: =BAR!#REF!*0.9 -> #REF! | G6: =BAR!#REF!*0.9 -> #REF! | H6: =BAR!#REF!*0.9 -> #REF! | I6: =BAR!#REF!*0.9 -> #REF! | ... AZ6: =BAR!#REF!*0.9 -> #REF! | BA6: =BAR!B6*0.9 -> 12780 | BB6: =BAR!C6*0.9 -> 12780 | BC6: =BAR!D6*0.9 -> 12780 | BD6: =BAR!E6*0.9 -> 12780 | BE6: =BAR!F6*0.9 -> 13230 | BF6: =BAR!G6*0.9 -> 13230 | BG6: =BAR!H6*0.9 -> 13230 | BH6: =BAR!I6*0.9 -> 13230 | ... JA6: =BAR!HB6*0.9 -> 16605
A7: 2 | B7: =BAR!#REF!*0.9 -> #REF! | C7: =BAR!#REF!*0.9 -> #REF! | D7: =BAR!#REF!*0.9 -> #REF! | E7: =BAR!#REF!*0.9 -> #REF! | F7: =BAR!#REF!*0.9 -> #REF! | G7: =BAR!#REF!*0.9 -> #REF! | H7: =BAR!#REF!*0.9 -> #REF! | I7: =BAR!#REF!*0.9 -> #REF! | ... AZ7: =BAR!#REF!*0.9 -> #REF! | BA7: =BAR!B7*0.9 -> 14760 | BB7: =BAR!C7*0.9 -> 14760 | BC7: =BAR!D7*0.9 -> 14760 | BD7: =BAR!E7*0.9 -> 14760 | BE7: =BAR!F7*0.9 -> 15210 | BF7: =BAR!G7*0.9 -> 15210 | BG7: =BAR!H7*0.9 -> 15210 | BH7: =BAR!I7*0.9 -> 15210 | ... JA7: =BAR!HB7*0.9 -> 19080
A8: Улучшенный номер, вид на горы - с двуспальной кроватью Улучшенный номер, вид на горы с 2 односпальными кроватями
A9: 1 | B9: =BAR!#REF!*0.9 -> #REF! | C9: =BAR!#REF!*0.9 -> #REF! | D9: =BAR!#REF!*0.9 -> #REF! | E9: =BAR!#REF!*0.9 -> #REF! | F9: =BAR!#REF!*0.9 -> #REF! | G9: =BAR!#REF!*0.9 -> #REF! | H9: =BAR!#REF!*0.9 -> #REF! | I9: =BAR!#REF!*0.9 -> #REF! | ... AZ9: =BAR!#REF!*0.9 -> #REF! | BA9: =BAR!B9*0.9 -> 15480 | BB9: =BAR!C9*0.9 -> 15480 | BC9: =BAR!D9*0.9 -> 15480 | BD9: =BAR!E9*0.9 -> 15480 | BE9: =BAR!F9*0.9 -> 15930 | BF9: =BAR!G9*0.9 -> 15930 | BG9: =BAR!H9*0.9 -> 15930 | BH9: =BAR!I9*0.9 -> 15930 | ... JA9: =BAR!HB9*0.9 -> 20205
A10: 2 | B10: =BAR!#REF!*0.9 -> #REF! | C10: =BAR!#REF!*0.9 -> #REF! | D10: =BAR!#REF!*0.9 -> #REF! | E10: =BAR!#REF!*0.9 -> #REF! | F10: =BAR!#REF!*0.9 -> #REF! | G10: =BAR!#REF!*0.9 -> #REF! | H10: =BAR!#REF!*0.9 -> #REF! | I10: =BAR!#REF!*0.9 -> #REF! | ... AZ10: =BAR!#REF!*0.9 -> #REF! | BA10: =BAR!B10*0.9 -> 17460 | BB10: =BAR!C10*0.9 -> 17460 | BC10: =BAR!D10*0.9 -> 17460 | BD10: =BAR!E10*0.9 -> 17460 | BE10: =BAR!F10*0.9 -> 17910 | BF10: =BAR!G10*0.9 -> 17910 | BG10: =BAR!H10*0.9 -> 17910 | BH10: =BAR!I10*0.9 -> 17910 | ... JA10: =BAR!HB10*0.9 -> 22680
A11: Номер Люкс - с двуспальной кроватью
A12: 1 | B12: =BAR!#REF!*0.9 -> #REF! | C12: =BAR!#REF!*0.9 -> #REF! | D12: =BAR!#REF!*0.9 -> #REF! | E12: =BAR!#REF!*0.9 -> #REF! | F12: =BAR!#REF!*0.9 -> #REF! | G12: =BAR!#REF!*0.9 -> #REF! | H12: =BAR!#REF!*0.9 -> #REF! | I12: =BAR!#REF!*0.9 -> #REF! | ... AZ12: =BAR!#REF!*0.9 -> #REF! | BA12: =BAR!B12*0.9 -> 20880 | BB12: =BAR!C12*0.9 -> 20880 | BC12: =BAR!D12*0.9 -> 20880 | BD12: =BAR!E12*0.9 -> 20880 | BE12: =BAR!F12*0.9 -> 21330 | BF12: =BAR!G12*0.9 -> 21330 | BG12: =BAR!H12*0.9 -> 21330 | BH12: =BAR!I12*0.9 -> 21330 | ... JA12: =BAR!HB12*0.9 -> 29205
A13: 2 | B13: =BAR!#REF!*0.9 -> #REF! | C13: =BAR!#REF!*0.9 -> #REF! | D13: =BAR!#REF!*0.9 -> #REF! | E13: =BAR!#REF!*0.9 -> #REF! | F13: =BAR!#REF!*0.9 -> #REF! | G13: =BAR!#REF!*0.9 -> #REF! | H13: =BAR!#REF!*0.9 -> #REF! | I13: =BAR!#REF!*0.9 -> #REF! | ... AZ13: =BAR!#REF!*0.9 -> #REF! | BA13: =BAR!B13*0.9 -> 22860 | BB13: =BAR!C13*0.9 -> 22860 | BC13: =BAR!D13*0.9 -> 22860 | BD13: =BAR!E13*0.9 -> 22860 | BE13: =BAR!F13*0.9 -> 23310 | BF13: =BAR!G13*0.9 -> 23310 | BG13: =BAR!H13*0.9 -> 23310 | BH13: =BAR!I13*0.9 -> 23310 | ... JA13: =BAR!HB13*0.9 -> 31680
A14: Представительский Люкс - с двуспальной кроватью
A15: 1 | B15: =BAR!#REF!*0.9 -> #REF! | C15: =BAR!#REF!*0.9 -> #REF! | D15: =BAR!#REF!*0.9 -> #REF! | E15: =BAR!#REF!*0.9 -> #REF! | F15: =BAR!#REF!*0.9 -> #REF! | G15: =BAR!#REF!*0.9 -> #REF! | H15: =BAR!#REF!*0.9 -> #REF! | I15: =BAR!#REF!*0.9 -> #REF! | ... AZ15: =BAR!#REF!*0.9 -> #REF! | BA15: =BAR!B15*0.9 -> 23580 | BB15: =BAR!C15*0.9 -> 23580 | BC15: =BAR!D15*0.9 -> 23580 | BD15: =BAR!E15*0.9 -> 23580 | BE15: =BAR!F15*0.9 -> 24030 | BF15: =BAR!G15*0.9 -> 24030 | BG15: =BAR!H15*0.9 -> 24030 | BH15: =BAR!I15*0.9 -> 24030 | ... JA15: =BAR!HB15*0.9 -> 34605
A16: 2 | B16: =BAR!#REF!*0.9 -> #REF! | C16: =BAR!#REF!*0.9 -> #REF! | D16: =BAR!#REF!*0.9 -> #REF! | E16: =BAR!#REF!*0.9 -> #REF! | F16: =BAR!#REF!*0.9 -> #REF! | G16: =BAR!#REF!*0.9 -> #REF! | H16: =BAR!#REF!*0.9 -> #REF! | I16: =BAR!#REF!*0.9 -> #REF! | ... AZ16: =BAR!#REF!*0.9 -> #REF! | BA16: =BAR!B16*0.9 -> 25560 | BB16: =BAR!C16*0.9 -> 25560 | BC16: =BAR!D16*0.9 -> 25560 | BD16: =BAR!E16*0.9 -> 25560 | BE16: =BAR!F16*0.9 -> 26010 | BF16: =BAR!G16*0.9 -> 26010 | BG16: =BAR!H16*0.9 -> 26010 | BH16: =BAR!I16*0.9 -> 26010 | ... JA16: =BAR!HB16*0.9 -> 37080
A17: Пентхаус, 2-этажный, с террасой - с 2 спальнями
A18: от 1 до 4 | B18: =BAR!#REF!*0.9 -> #REF! | C18: =BAR!#REF!*0.9 -> #REF! | D18: =BAR!#REF!*0.9 -> #REF! | E18: =BAR!#REF!*0.9 -> #REF! | F18: =BAR!#REF!*0.9 -> #REF! | G18: =BAR!#REF!*0.9 -> #REF! | H18: =BAR!#REF!*0.9 -> #REF! | I18: =BAR!#REF!*0.9 -> #REF! | ... AZ18: =BAR!#REF!*0.9 -> #REF! | BA18: =BAR!B18*0.9 -> 44280 | BB18: =BAR!C18*0.9 -> 44280 | BC18: =BAR!D18*0.9 -> 44280 | BD18: =BAR!E18*0.9 -> 44280 | BE18: =BAR!F18*0.9 -> 44730 | BF18: =BAR!G18*0.9 -> 44730 | BG18: =BAR!H18*0.9 -> 44730 | BH18: =BAR!I18*0.9 -> 44730 | ... JA18: =BAR!HB18*0.9 -> 52605
A19: Люкс Красная Поляна, 2-этажный, с террасой - с 3 спальнями
A20: от 1 до 6 | B20: =BAR!#REF!*0.9 -> #REF! | C20: =BAR!#REF!*0.9 -> #REF! | D20: =BAR!#REF!*0.9 -> #REF! | E20: =BAR!#REF!*0.9 -> #REF! | F20: =BAR!#REF!*0.9 -> #REF! | G20: =BAR!#REF!*0.9 -> #REF! | H20: =BAR!#REF!*0.9 -> #REF! | I20: =BAR!#REF!*0.9 -> #REF! | ... AZ20: =BAR!#REF!*0.9 -> #REF! | BA20: =BAR!B20*0.9 -> 62280 | BB20: =BAR!C20*0.9 -> 62280 | BC20: =BAR!D20*0.9 -> 62280 | BD20: =BAR!E20*0.9 -> 62280 | BE20: =BAR!F20*0.9 -> 62730 | BF20: =BAR!G20*0.9 -> 62730 | BG20: =BAR!H20*0.9 -> 62730 | BH20: =BAR!I20*0.9 -> 62730 | ... JA20: =BAR!HB20*0.9 -> 79605
A21: ВАЖНО:
A22: Доступен для бронирования от 7 до 14 дней до заезда.
A23: Даты тарифа (включительно):
A24: Период продажи: 25.03.2026 - 30.03.2027 Период проживания: 29.12.2026 - 31.03.2027
A25: Закрытые даты (включительно):
A26: 15.07.2026 - 30.11.2026 29.12.2026 - 08.01.2027 19.02.2027 - 27.02.2027
A27: В стоимость включено:
A28: Подъем на канатной дороге с Поляны 540 на Поляну 960; Проживание в номере выбранной категории; Завтрак "Шведский стол" в ресторане "Прагер"; Шоколадный час ежедневно с 17.00 до 17.45; Посещение SPA комплекса отеля; Wi-Fi на территории всего отеля; Комната для хранения горнолыжного оборудования; Услуги консьержа, в том числе мобильный консьерж-сервис; Доставка багажа в номер / из номера; Услуги парковки автомобиля (крытая парковка);
A29: Условия аннуляции:
A30: Для оформления бронирования необходимо внести 100% предоплату в размере полной стоимости проживания. В случае отмены или изменения бронирования менее чем за 24 часа до заезда удерживается стоимость первых суток.

Sheet РБ15% 
A1: Мовенпик Красная Поляна 5*
A2: Тариф "Раннее бронирование со скидкой 15%, завтрак включен"
A3: Открытые тарифы
A4: завтраки формата "Шведский стол" | B4: 46218 | C4: 46219 | D4: 46220 | E4: 46221 | F4: 46222 | G4: 46223 | H4: 46224 | I4: 46225 | J4: 46226 | K4: 46227 | L4: 46228 | M4: 46229 | N4: 46230 | O4: 46231 | P4: 46232 | Q4: 46233 | R4: 46234 | S4: 46235 | T4: 46236 | U4: 46237 | V4: 46238 | W4: 46239 | X4: 46240 | Y4: 46241 | Z4: 46242 | AA4: 46243 | AB4: 46244 | AC4: 46245 | AD4: 46246 | AE4: 46247 | AF4: 46248 | AG4: 46249 | AH4: 46250 | AI4: 46251 | AJ4: 46252 | AK4: 46253 | AL4: 46254 | AM4: 46255 | AN4: 46256 | AO4: 46257 | AP4: 46258 | AQ4: 46259 | AR4: 46260 | AS4: 46261 | AT4: 46262 | AU4: 46263 | AV4: 46264 | AW4: 46265 | AX4: 46266 | AY4: 46267 | AZ4: 46268 | BA4: 46269 | BB4: 46270 | BC4: 46271 | BD4: 46272 | BE4: 46273 | BF4: 46274 | BG4: 46275 | BH4: 46276 | BI4: 46277 | BJ4: 46278 | BK4: 46279 | BL4: 46280 | BM4: 46281 | BN4: 46282 | BO4: 46283 | BP4: 46284 | BQ4: 46285 | BR4: 46286 | BS4: 46287 | BT4: 46288 | BU4: 46289 | BV4: 46290 | BW4: 46291 | BX4: 46292 | BY4: 46293 | BZ4: 46294 | CA4: 46295 | CB4: 46296 | CC4: 46297 | CD4: 46298 | CE4: 46299 | CF4: 46300 | CG4: 46301 | CH4: 46302 | CI4: 46303 | CJ4: 46304 | CK4: 46305 | CL4: 46306 | CM4: 46307 | CN4: 46308 | CO4: 46309 | CP4: 46310 | CQ4: 46311 | CR4: 46312 | CS4: 46313 | CT4: 46314 | CU4: 46315 | CV4: 46316 | CW4: 46317 | CX4: 46318 | CY4: 46319 | CZ4: 46320 | DA4: 46321 | DB4: 46322 | DC4: 46323 | DD4: 46324 | DE4: 46325 | DF4: 46326 | DG4: 46327 | DH4: 46328 | DI4: 46329 | DJ4: 46330 | DK4: 46331 | DL4: 46332 | DM4: 46333 | DN4: 46334 | DO4: 46335 | DP4: 46336 | DQ4: 46337 | DR4: 46338 | DS4: 46339 | DT4: 46340 | DU4: 46341 | DV4: 46342 | DW4: 46343 | DX4: 46344 | DY4: 46345 | DZ4: 46346 | EA4: 46347 | EB4: 46348 | EC4: 46349 | ED4: 46350 | EE4: 46351 | EF4: 46352 | EG4: 46353 | EH4: 46354 | EI4: 46355 | EJ4: 46356 | EK4: 46357 | EL4: 46358 | EM4: 46359 | EN4: 46360 | EO4: 46361 | EP4: 46362 | EQ4: 46363 | ER4: 46364 | ES4: 46365 | ET4: 46366 | EU4: 46367 | EV4: 46368 | EW4: 46369 | EX4: 46370 | EY4: 46371 | EZ4: 46372 | FA4: 46373 | FB4: 46374 | FC4: 46375 | FD4: 46376 | FE4: 46377 | FF4: 46378 | FG4: 46379 | FH4: 46380 | FI4: 46381 | FJ4: 46382 | FK4: 46383 | FL4: 46384 | FM4: 46385 | FN4: 46386 | FO4: 46387 | FP4: 46388 | FQ4: 46389 | FR4: 46390 | FS4: 46391 | FT4: 46392 | FU4: 46393 | FV4: 46394 | FW4: 46395 | FX4: 46396 | FY4: 46397 | FZ4: 46398 | GA4: 46399 | GB4: 46400 | GC4: 46401 | GD4: 46402 | GE4: 46403 | GF4: 46404 | GG4: 46405 | GH4: 46406 | GI4: 46407 | GJ4: 46408 | GK4: 46409 | GL4: 46410 | GM4: 46411 | GN4: 46412 | GO4: 46413 | GP4: 46414 | GQ4: 46415 | GR4: 46416 | GS4: 46417 | GT4: 46418 | GU4: 46419 | GV4: 46420 | GW4: 46421 | GX4: 46422 | GY4: 46423 | GZ4: 46424 | HA4: 46425 | HB4: 46426 | HC4: 46427 | HD4: 46428 | HE4: 46429 | HF4: 46430 | HG4: 46431 | HH4: 46432 | HI4: 46433 | HJ4: 46434 | HK4: 46435 | HL4: 46436 | HM4: 46437 | HN4: 46438 | HO4: 46439 | HP4: 46440 | HQ4: 46441 | HR4: 46442 | HS4: 46443 | HT4: 46444 | HU4: 46445 | HV4: 46446 | HW4: 46447 | HX4: 46448 | HY4: 46449 | HZ4: 46450 | IA4: 46451 | IB4: 46452 | IC4: 46453 | ID4: 46454 | IE4: 46455 | IF4: 46456 | IG4: 46457 | IH4: 46458 | II4: 46459 | IJ4: 46460 | IK4: 46461 | IL4: 46462 | IM4: 46463 | IN4: 46464 | IO4: 46465 | IP4: 46466 | IQ4: 46467 | IR4: 46468 | IS4: 46469 | IT4: 46470 | IU4: 46471 | IV4: 46472 | IW4: 46473 | IX4: 46474 | IY4: 46475 | IZ4: 46476 | JA4: 46477
A5: Улучшенный номер - с двуспальной кроватью Улучшенный номер с 2 односпальными кроватями Улучшенный номер, для маломобильных - с двуспальной кроватью
A6: 1 | B6: =BAR!#REF!*0.85 -> #REF! | C6: =BAR!#REF!*0.85 -> #REF! | D6: =BAR!#REF!*0.85 -> #REF! | E6: =BAR!#REF!*0.85 -> #REF! | F6: =BAR!#REF!*0.85 -> #REF! | G6: =BAR!#REF!*0.85 -> #REF! | H6: =BAR!#REF!*0.85 -> #REF! | I6: =BAR!#REF!*0.85 -> #REF! | ... AZ6: =BAR!#REF!*0.85 -> #REF! | BA6: =BAR!B6*0.85 -> 12070 | BB6: =BAR!C6*0.85 -> 12070 | BC6: =BAR!D6*0.85 -> 12070 | BD6: =BAR!E6*0.85 -> 12070 | BE6: =BAR!F6*0.85 -> 12495 | BF6: =BAR!G6*0.85 -> 12495 | BG6: =BAR!H6*0.85 -> 12495 | BH6: =BAR!I6*0.85 -> 12495 | ... JA6: =BAR!HB6*0.85 -> 15682.5
A7: 2 | B7: =BAR!#REF!*0.85 -> #REF! | C7: =BAR!#REF!*0.85 -> #REF! | D7: =BAR!#REF!*0.85 -> #REF! | E7: =BAR!#REF!*0.85 -> #REF! | F7: =BAR!#REF!*0.85 -> #REF! | G7: =BAR!#REF!*0.85 -> #REF! | H7: =BAR!#REF!*0.85 -> #REF! | I7: =BAR!#REF!*0.85 -> #REF! | ... AZ7: =BAR!#REF!*0.85 -> #REF! | BA7: =BAR!B7*0.85 -> 13940 | BB7: =BAR!C7*0.85 -> 13940 | BC7: =BAR!D7*0.85 -> 13940 | BD7: =BAR!E7*0.85 -> 13940 | BE7: =BAR!F7*0.85 -> 14365 | BF7: =BAR!G7*0.85 -> 14365 | BG7: =BAR!H7*0.85 -> 14365 | BH7: =BAR!I7*0.85 -> 14365 | ... JA7: =BAR!HB7*0.85 -> 18020
A8: Улучшенный номер, вид на горы - с двуспальной кроватью Улучшенный номер, вид на горы с 2 односпальными кроватями
A9: 1 | B9: =BAR!#REF!*0.85 -> #REF! | C9: =BAR!#REF!*0.85 -> #REF! | D9: =BAR!#REF!*0.85 -> #REF! | E9: =BAR!#REF!*0.85 -> #REF! | F9: =BAR!#REF!*0.85 -> #REF! | G9: =BAR!#REF!*0.85 -> #REF! | H9: =BAR!#REF!*0.85 -> #REF! | I9: =BAR!#REF!*0.85 -> #REF! | ... AZ9: =BAR!#REF!*0.85 -> #REF! | BA9: =BAR!B9*0.85 -> 14620 | BB9: =BAR!C9*0.85 -> 14620 | BC9: =BAR!D9*0.85 -> 14620 | BD9: =BAR!E9*0.85 -> 14620 | BE9: =BAR!F9*0.85 -> 15045 | BF9: =BAR!G9*0.85 -> 15045 | BG9: =BAR!H9*0.85 -> 15045 | BH9: =BAR!I9*0.85 -> 15045 | ... JA9: =BAR!HB9*0.85 -> 19082.5
A10: 2 | B10: =BAR!#REF!*0.85 -> #REF! | C10: =BAR!#REF!*0.85 -> #REF! | D10: =BAR!#REF!*0.85 -> #REF! | E10: =BAR!#REF!*0.85 -> #REF! | F10: =BAR!#REF!*0.85 -> #REF! | G10: =BAR!#REF!*0.85 -> #REF! | H10: =BAR!#REF!*0.85 -> #REF! | I10: =BAR!#REF!*0.85 -> #REF! | ... AZ10: =BAR!#REF!*0.85 -> #REF! | BA10: =BAR!B10*0.85 -> 16490 | BB10: =BAR!C10*0.85 -> 16490 | BC10: =BAR!D10*0.85 -> 16490 | BD10: =BAR!E10*0.85 -> 16490 | BE10: =BAR!F10*0.85 -> 16915 | BF10: =BAR!G10*0.85 -> 16915 | BG10: =BAR!H10*0.85 -> 16915 | BH10: =BAR!I10*0.85 -> 16915 | ... JA10: =BAR!HB10*0.85 -> 21420
A11: Номер Люкс - с двуспальной кроватью
A12: 1 | B12: =BAR!#REF!*0.85 -> #REF! | C12: =BAR!#REF!*0.85 -> #REF! | D12: =BAR!#REF!*0.85 -> #REF! | E12: =BAR!#REF!*0.85 -> #REF! | F12: =BAR!#REF!*0.85 -> #REF! | G12: =BAR!#REF!*0.85 -> #REF! | H12: =BAR!#REF!*0.85 -> #REF! | I12: =BAR!#REF!*0.85 -> #REF! | ... AZ12: =BAR!#REF!*0.85 -> #REF! | BA12: =BAR!B12*0.85 -> 19720 | BB12: =BAR!C12*0.85 -> 19720 | BC12: =BAR!D12*0.85 -> 19720 | BD12: =BAR!E12*0.85 -> 19720 | BE12: =BAR!F12*0.85 -> 20145 | BF12: =BAR!G12*0.85 -> 20145 | BG12: =BAR!H12*0.85 -> 20145 | BH12: =BAR!I12*0.85 -> 20145 | ... JA12: =BAR!HB12*0.85 -> 27582.5
A13: 2 | B13: =BAR!#REF!*0.85 -> #REF! | C13: =BAR!#REF!*0.85 -> #REF! | D13: =BAR!#REF!*0.85 -> #REF! | E13: =BAR!#REF!*0.85 -> #REF! | F13: =BAR!#REF!*0.85 -> #REF! | G13: =BAR!#REF!*0.85 -> #REF! | H13: =BAR!#REF!*0.85 -> #REF! | I13: =BAR!#REF!*0.85 -> #REF! | ... AZ13: =BAR!#REF!*0.85 -> #REF! | BA13: =BAR!B13*0.85 -> 21590 | BB13: =BAR!C13*0.85 -> 21590 | BC13: =BAR!D13*0.85 -> 21590 | BD13: =BAR!E13*0.85 -> 21590 | BE13: =BAR!F13*0.85 -> 22015 | BF13: =BAR!G13*0.85 -> 22015 | BG13: =BAR!H13*0.85 -> 22015 | BH13: =BAR!I13*0.85 -> 22015 | ... JA13: =BAR!HB13*0.85 -> 29920
A14: Представительский Люкс - с двуспальной кроватью
A15: 1 | B15: =BAR!#REF!*0.85 -> #REF! | C15: =BAR!#REF!*0.85 -> #REF! | D15: =BAR!#REF!*0.85 -> #REF! | E15: =BAR!#REF!*0.85 -> #REF! | F15: =BAR!#REF!*0.85 -> #REF! | G15: =BAR!#REF!*0.85 -> #REF! | H15: =BAR!#REF!*0.85 -> #REF! | I15: =BAR!#REF!*0.85 -> #REF! | ... AZ15: =BAR!#REF!*0.85 -> #REF! | BA15: =BAR!B15*0.85 -> 22270 | BB15: =BAR!C15*0.85 -> 22270 | BC15: =BAR!D15*0.85 -> 22270 | BD15: =BAR!E15*0.85 -> 22270 | BE15: =BAR!F15*0.85 -> 22695 | BF15: =BAR!G15*0.85 -> 22695 | BG15: =BAR!H15*0.85 -> 22695 | BH15: =BAR!I15*0.85 -> 22695 | ... JA15: =BAR!HB15*0.85 -> 32682.5
A16: 2 | B16: =BAR!#REF!*0.85 -> #REF! | C16: =BAR!#REF!*0.85 -> #REF! | D16: =BAR!#REF!*0.85 -> #REF! | E16: =BAR!#REF!*0.85 -> #REF! | F16: =BAR!#REF!*0.85 -> #REF! | G16: =BAR!#REF!*0.85 -> #REF! | H16: =BAR!#REF!*0.85 -> #REF! | I16: =BAR!#REF!*0.85 -> #REF! | ... AZ16: =BAR!#REF!*0.85 -> #REF! | BA16: =BAR!B16*0.85 -> 24140 | BB16: =BAR!C16*0.85 -> 24140 | BC16: =BAR!D16*0.85 -> 24140 | BD16: =BAR!E16*0.85 -> 24140 | BE16: =BAR!F16*0.85 -> 24565 | BF16: =BAR!G16*0.85 -> 24565 | BG16: =BAR!H16*0.85 -> 24565 | BH16: =BAR!I16*0.85 -> 24565 | ... JA16: =BAR!HB16*0.85 -> 35020
A17: Пентхаус, 2-этажный, с террасой - с 2 спальнями
A18: от 1 до 4 | B18: =BAR!#REF!*0.85 -> #REF! | C18: =BAR!#REF!*0.85 -> #REF! | D18: =BAR!#REF!*0.85 -> #REF! | E18: =BAR!#REF!*0.85 -> #REF! | F18: =BAR!#REF!*0.85 -> #REF! | G18: =BAR!#REF!*0.85 -> #REF! | H18: =BAR!#REF!*0.85 -> #REF! | I18: =BAR!#REF!*0.85 -> #REF! | ... AZ18: =BAR!#REF!*0.85 -> #REF! | BA18: =BAR!B18*0.85 -> 41820 | BB18: =BAR!C18*0.85 -> 41820 | BC18: =BAR!D18*0.85 -> 41820 | BD18: =BAR!E18*0.85 -> 41820 | BE18: =BAR!F18*0.85 -> 42245 | BF18: =BAR!G18*0.85 -> 42245 | BG18: =BAR!H18*0.85 -> 42245 | BH18: =BAR!I18*0.85 -> 42245 | ... JA18: =BAR!HB18*0.85 -> 49682.5
A19: Люкс Красная Поляна, 2-этажный, с террасой - с 3 спальнями
A20: от 1 до 6 | B20: =BAR!#REF!*0.85 -> #REF! | C20: =BAR!#REF!*0.85 -> #REF! | D20: =BAR!#REF!*0.85 -> #REF! | E20: =BAR!#REF!*0.85 -> #REF! | F20: =BAR!#REF!*0.85 -> #REF! | G20: =BAR!#REF!*0.85 -> #REF! | H20: =BAR!#REF!*0.85 -> #REF! | I20: =BAR!#REF!*0.85 -> #REF! | ... AZ20: =BAR!#REF!*0.85 -> #REF! | BA20: =BAR!B20*0.85 -> 58820 | BB20: =BAR!C20*0.85 -> 58820 | BC20: =BAR!D20*0.85 -> 58820 | BD20: =BAR!E20*0.85 -> 58820 | BE20: =BAR!F20*0.85 -> 59245 | BF20: =BAR!G20*0.85 -> 59245 | BG20: =BAR!H20*0.85 -> 59245 | BH20: =BAR!I20*0.85 -> 59245 | ... JA20: =BAR!HB20*0.85 -> 75182.5
A21: ВАЖНО:
A22: Доступен для бронирования от 15 дней до заезда.
A23: Даты тарифа (включительно):
A24: Период продажи: 25.03.2026 - 30.03.2027 Период проживания: 29.12.2026 - 31.03.2027
A25: Закрытые даты (включительно):
A26: 15.07.2026 - 30.11.2026 29.12.2026 - 08.01.2027 19.02.2027 - 27.02.2027
A27: В стоимость включено:
A28: Подъем на канатной дороге с Поляны 540 на Поляну 960; Проживание в номере выбранной категории; Завтрак "Шведский стол" в ресторане "Прагер"; Шоколадный час ежедневно с 17.00 до 17.45; Посещение SPA комплекса отеля; Wi-Fi на территории всего отеля; Комната для хранения горнолыжного оборудования; Услуги консьержа, в том числе мобильный консьерж-сервис; Доставка багажа в номер / из номера; Услуги парковки автомобиля (крытая парковка).
A29: Условия аннуляции:
A30: Для оформления бронирования необходимо внести 100% предоплату в размере полной стоимости проживания. В случае отмены или изменения бронирования менее чем за 24 часа до заезда удерживается стоимость первых суток.

Sheet ОиК
A1: Мовенпик Красная Поляна 5*
A2: тариф ОТДЫХАЙ И КАТАЙ
A3: Открытые тарифы
A4: завтраки формата "Шведский стол" | B4: 46148 | C4: 46149 | D4: 46150 | E4: 46151
A5: Улучшенный номер - с двуспальной кроватью, с 2 односпальными кроватями
A6: 1 | B6: =BAR!#REF!*0.9 -> #REF! | C6: =BAR!#REF!*0.9 -> #REF! | D6: =BAR!#REF!*0.9 -> #REF! | E6: =BAR!#REF!*0.9 -> #REF!
A7: 2 | B7: =BAR!#REF!*0.9 -> #REF! | C7: =BAR!#REF!*0.9 -> #REF! | D7: =BAR!#REF!*0.9 -> #REF! | E7: =BAR!#REF!*0.9 -> #REF!
A8: Улучшенный номер, вид на горы - с двуспальной кроватью, с 2 односпальными кроватями
A9: 1 | B9: =BAR!#REF!*0.9 -> #REF! | C9: =BAR!#REF!*0.9 -> #REF! | D9: =BAR!#REF!*0.9 -> #REF! | E9: =BAR!#REF!*0.9 -> #REF!
A10: 2 | B10: =BAR!#REF!*0.9 -> #REF! | C10: =BAR!#REF!*0.9 -> #REF! | D10: =BAR!#REF!*0.9 -> #REF! | E10: =BAR!#REF!*0.9 -> #REF!
A11: Номер Люкс - с двуспальной кроватью
A12: 1 | B12: =BAR!#REF!*0.9 -> #REF! | C12: =BAR!#REF!*0.9 -> #REF! | D12: =BAR!#REF!*0.9 -> #REF! | E12: =BAR!#REF!*0.9 -> #REF!
A13: 2 | B13: =BAR!#REF!*0.9 -> #REF! | C13: =BAR!#REF!*0.9 -> #REF! | D13: =BAR!#REF!*0.9 -> #REF! | E13: =BAR!#REF!*0.9 -> #REF!
A14: Представительский Люкс - с двуспальной кроватью
A15: 1 | B15: =BAR!#REF!*0.9 -> #REF! | C15: =BAR!#REF!*0.9 -> #REF! | D15: =BAR!#REF!*0.9 -> #REF! | E15: =BAR!#REF!*0.9 -> #REF!
A16: 2 | B16: =BAR!#REF!*0.9 -> #REF! | C16: =BAR!#REF!*0.9 -> #REF! | D16: =BAR!#REF!*0.9 -> #REF! | E16: =BAR!#REF!*0.9 -> #REF!
A17: Пентхаус, 2-этажный, с террасой - с 2 спальнями
A18: от 1 до 4 | B18: =BAR!#REF!*0.9 -> #REF! | C18: =BAR!#REF!*0.9 -> #REF! | D18: =BAR!#REF!*0.9 -> #REF! | E18: =BAR!#REF!*0.9 -> #REF!
A19: Люкс Красная Поляна, 2-этажный, с террасой - с 3 спальнями
A20: от 1 до 6 | B20: =BAR!#REF!*0.9 -> #REF! | C20: =BAR!#REF!*0.9 -> #REF! | D20: =BAR!#REF!*0.9 -> #REF! | E20: =BAR!#REF!*0.9 -> #REF!
A21: ВАЖНО:
A22: Дополнительно на каждый день проживания в стоимость заявки добавляются ски-пассы для каждого взрослого, стоимость: 09.01.2025 - 31.03.2026 включительно - 3500 рублей. 01.04.2026 - 09.05.2026 включительно - 2000 рублей. При размещении дополнительных гостей, также на каждый день проживания добавляются в стоимость заявки ски-пассы на каждого взрослого гостя: 09.01.2025 - 31.03.2026 включительно - 3500 рублей. 01.04.2026 - 09.05.2026 включительно - 2000 рублей.
A23: В Тravelline тариф выгружается с учетом стоимости ски-пассов на каждого взрослого в заявке. В заявки, направляемые вручную по почте, дополнительно на каждый день проживания в стоимость добавляется стоимость ски-пассов для каждого взрослого самостоятельно.
A24: Выдача электронного купона производится при заселении на стойке регистрации. Получить ски-пассы можно в автоматах (пикап-поинтах) у канатных дорог. Возврат средств за неиспользованные ски-пассы не производится. Тариф включает ски-пассы только для взрослых гостей. Детские ски-пассы приобретаются в кассе курорта или на стойке «Чем заняться» за 1 рубль.
A25: Даты тарифа:
A26: Период продажи: 31.10.2025 - 09.05.2026 Период проживания: 09.01.2026 - 10.05.2026
A27: В стоимость включено:
A28: Проживание в номере выбранной категории со скидкой 10%; Ски-пасс "Дневной взрослый" со скидкой 50% на весь период проживания (от открытой стоимости krasnayapolyanaresort.ru);* Завтрак "Шведский стол" в ресторане "Прагер"; Шоколадный час ежедневно с 17.00 до 17.45; Посещение SPA комплекса отеля; Бесплатный Wi-Fi на территории всего отеля; Комната для хранения горнолыжного оборудования; Услуги бизнес-центра (персональный компьютер, принтер, Интернет); Услуги консьержа, в том числе мобильный консьерж-сервис; Доставка багажа в номер / из номера; Услуги парковки автомобиля (крытая парковка). *Количество ски-пассов равно количеству ночей проживания
A29: Дополнительно в стоимость включено с 08.04.2026:
A30: Скидка 15% на все массажи и спа-процедуры во всех СПА Курорта (Mövenpick5*, Novotel Resort&Spa 5*, Rixos 5* и Marriott 5*, с 13.04.26 в отеле Panorama by Mercure 4*); Скидка 30% на меню и напитки ресторана «Вершина» (2200 м); Скидка 25% на разовый визит в СПА Novotel Resort&Spa 5* с открытым бассейном; Аренда малого банного комплекса с 9:00 до 11:00 (не более 5 гостей) - до 5 авторских процедур в подарок «Ритуал Воздуха» или «Сила Стихий»; Разовое посещение большого банного комплекса от 4 000р./взр и детский тариф со скидкой 50% от стоимости тарифа для взрослых (Посещение не входит в стоимость, оплачивается дополнительно). Подробная информация о предоставлении услуг в Службе поддержки Курорта: тел. 8 800 550 20 20 e-mail: infocenter@kpresort.ru. Услуги предложения действуют только в период проживания и предоставляются однократно, согласно условиям в купонной книге. Купонная книга выдается при заселении из расчета: 1 номер = 1 книга. Предложение ограничено и не комбинируется с другими действующими акциями отеля. НАО «Красная поляна» оставляет за собой право изменять услуги в составе пакета. Предоставление услуг может зависеть от высокой загрузки СПА и банного комплекса.
A31: Условия аннуляции:
A32: В случае отмены или изменения бронирования после 00:00 часов дня заезда удерживается стоимость первых суток.
... A34: Ежегодные регламентные работы на канатных дорогах курорта Красная Поляна пройдут с 16 марта по 24 июня 2026 года. С 10 по 31 мая будут закрыты канатные дороги Центрального сектора: («Красная Поляна» 540-960 м, «Реликтовый лес» 960-1460 м, «Вершина» 1460-2200 м, «Аибга» 2200-2050 м, «Черная Пирамида» 2050-2300 м). На время регламентных работ между уровнями 540-960 м будут курсировать шаттлы курорта. С 16 марта по 24 апреля будет закрыта канатная дорога Восточного сектора К‑13 «Водопад Поликаря. С 1 апреля по 24 апреля будут закрыты канатные дороги К‑10 «Восточный лес» и К‑12 «Старт чемпиона». К‑8 «Снежная звезда»: закрыта с 1 по 24 июня.

Sheet КвГ
A1: Мовенпик Красная Поляна 5*
A2: тариф КАНИКУЛЫ В ГОРАХ. ВЕСНА
A3: Открытые тарифы
A4: завтраки формата "Шведский стол" | B4: 46141 | C4: 46142 | D4: 46143 | E4: 46144 | F4: 46169 | G4: 46170 | H4: 46171 | I4: 46172 | J4: 46173
A5: Улучшенный номер - с двуспальной кроватью Улучшенный номер с 2 односпальными кроватями Улучшенный номер, для маломобильных - с двуспальной кроватью
A6: 1 | B6: =BAR!#REF!*0.9 -> #REF! | C6: =BAR!#REF!*0.9 -> #REF! | D6: =BAR!#REF!*0.9 -> #REF! | E6: =BAR!#REF!*0.9 -> #REF! | F6: =BAR!#REF!*0.9 -> #REF! | G6: =BAR!#REF!*0.9 -> #REF! | H6: =BAR!#REF!*0.9 -> #REF! | I6: =BAR!#REF!*0.9 -> #REF! | J6: =BAR!#REF!*0.9 -> #REF!
A7: 2 | B7: =BAR!#REF!*0.9 -> #REF! | C7: =BAR!#REF!*0.9 -> #REF! | D7: =BAR!#REF!*0.9 -> #REF! | E7: =BAR!#REF!*0.9 -> #REF! | F7: =BAR!#REF!*0.9 -> #REF! | G7: =BAR!#REF!*0.9 -> #REF! | H7: =BAR!#REF!*0.9 -> #REF! | I7: =BAR!#REF!*0.9 -> #REF! | J7: =BAR!#REF!*0.9 -> #REF!
A8: Улучшенный номер, вид на горы - с двуспальной кроватью Улучшенный номер, вид на горы с 2 односпальными кроватями
A9: 1 | B9: =BAR!#REF!*0.9 -> #REF! | C9: =BAR!#REF!*0.9 -> #REF! | D9: =BAR!#REF!*0.9 -> #REF! | E9: =BAR!#REF!*0.9 -> #REF! | F9: =BAR!#REF!*0.9 -> #REF! | G9: =BAR!#REF!*0.9 -> #REF! | H9: =BAR!#REF!*0.9 -> #REF! | I9: =BAR!#REF!*0.9 -> #REF! | J9: =BAR!#REF!*0.9 -> #REF!
A10: 2 | B10: =BAR!#REF!*0.9 -> #REF! | C10: =BAR!#REF!*0.9 -> #REF! | D10: =BAR!#REF!*0.9 -> #REF! | E10: =BAR!#REF!*0.9 -> #REF! | F10: =BAR!#REF!*0.9 -> #REF! | G10: =BAR!#REF!*0.9 -> #REF! | H10: =BAR!#REF!*0.9 -> #REF! | I10: =BAR!#REF!*0.9 -> #REF! | J10: =BAR!#REF!*0.9 -> #REF!
A11: Номер Люкс - с двуспальной кроватью
A12: 1 | B12: =BAR!#REF!*0.9 -> #REF! | C12: =BAR!#REF!*0.9 -> #REF! | D12: =BAR!#REF!*0.9 -> #REF! | E12: =BAR!#REF!*0.9 -> #REF! | F12: =BAR!#REF!*0.9 -> #REF! | G12: =BAR!#REF!*0.9 -> #REF! | H12: =BAR!#REF!*0.9 -> #REF! | I12: =BAR!#REF!*0.9 -> #REF! | J12: =BAR!#REF!*0.9 -> #REF!
A13: 2 | B13: =BAR!#REF!*0.9 -> #REF! | C13: =BAR!#REF!*0.9 -> #REF! | D13: =BAR!#REF!*0.9 -> #REF! | E13: =BAR!#REF!*0.9 -> #REF! | F13: =BAR!#REF!*0.9 -> #REF! | G13: =BAR!#REF!*0.9 -> #REF! | H13: =BAR!#REF!*0.9 -> #REF! | I13: =BAR!#REF!*0.9 -> #REF! | J13: =BAR!#REF!*0.9 -> #REF!
A14: Представительский Люкс - с двуспальной кроватью
A15: 1 | B15: =BAR!#REF!*0.9 -> #REF! | C15: =BAR!#REF!*0.9 -> #REF! | D15: =BAR!#REF!*0.9 -> #REF! | E15: =BAR!#REF!*0.9 -> #REF! | F15: =BAR!#REF!*0.9 -> #REF! | G15: =BAR!#REF!*0.9 -> #REF! | H15: =BAR!#REF!*0.9 -> #REF! | I15: =BAR!#REF!*0.9 -> #REF! | J15: =BAR!#REF!*0.9 -> #REF!
A16: 2 | B16: =BAR!#REF!*0.9 -> #REF! | C16: =BAR!#REF!*0.9 -> #REF! | D16: =BAR!#REF!*0.9 -> #REF! | E16: =BAR!#REF!*0.9 -> #REF! | F16: =BAR!#REF!*0.9 -> #REF! | G16: =BAR!#REF!*0.9 -> #REF! | H16: =BAR!#REF!*0.9 -> #REF! | I16: =BAR!#REF!*0.9 -> #REF! | J16: =BAR!#REF!*0.9 -> #REF!
A17: Пентхаус, 2-этажный, с террасой - с 2 спальнями
A18: от 1 до 4 | B18: =BAR!#REF!*0.9 -> #REF! | C18: =BAR!#REF!*0.9 -> #REF! | D18: =BAR!#REF!*0.9 -> #REF! | E18: =BAR!#REF!*0.9 -> #REF! | F18: =BAR!#REF!*0.9 -> #REF! | G18: =BAR!#REF!*0.9 -> #REF! | H18: =BAR!#REF!*0.9 -> #REF! | I18: =BAR!#REF!*0.9 -> #REF! | J18: =BAR!#REF!*0.9 -> #REF!
A19: Люкс Красная Поляна, 2-этажный, с террасой - с 3 спальнями
A20: от 1 до 6 | B20: =BAR!#REF!*0.9 -> #REF! | C20: =BAR!#REF!*0.9 -> #REF! | D20: =BAR!#REF!*0.9 -> #REF! | E20: =BAR!#REF!*0.9 -> #REF! | F20: =BAR!#REF!*0.9 -> #REF! | G20: =BAR!#REF!*0.9 -> #REF! | H20: =BAR!#REF!*0.9 -> #REF! | I20: =BAR!#REF!*0.9 -> #REF! | J20: =BAR!#REF!*0.9 -> #REF!
A21: ВАЖНО:
A22: Бесплатное размещение 2-х детей до 11 лет вкл-но. Бесплатно предоставляются завтраки для 2-х детей и одно дополнительное место. Второй ребенок размещается на основных спальных местах. Дополнительно ЕДИНОРАЗОВО в стоимость заявки добавляется стоимость купонной книги для каждого взрослого: 15.03.2026 - 31.05.2026 включительно - 2500 руб/взр. При размещении дополнительных гостей, также ЕДИНОРАЗОВО добавляется стоимость купонной книги для каждого взрослого: 15.03.2026 - 31.05.2026 включительно - 2500 руб/взр.
A23: Даты тарифа:
A24: Период продажи: 20.02.2026 - 30.05.2026 Период проживания: 15.03.2026 - 31.05.2026
A25: В стоимость включено:
A26: Проживание в номере выбранной категории; Завтрак "Шведский стол" в ресторане "Прагер"; Шоколадный час ежедневно с 17.00 до 17.45; Посещение SPA комплекса отеля; Бесплатный Wi-Fi на территории всего отеля; Комната для хранения горнолыжного оборудования; Услуги бизнес-центра (персональный компьютер, принтер, Интернет); Услуги консьержа, в том числе мобильный консьерж-сервис; Доставка багажа в номер / из номера; Услуги парковки автомобиля (крытая парковка). Бесплатное размещение 2-х детей до 11 лет вкл-но. Бесплатно предоставляются завтраки для 2-х детей и одно дополнительное место.Второй ребенок размещается на основных спальных местах.
A27: По купонной книге в предложение "Каникулы в горях.Весна" входят бесплатно:
A28: 1. Прогулочные билеты "Панорама Красной Поляны" (для всех гостей, проживающих в номере); 2. Посещение Хаски центра (для всех гостей, проживающих в номере); 3. Посещение мини-зоопарка «Капибара и друзья» (для всех гостей, проживающих в номере); 4. Один маршрут веревочного парка (для всех гостей, проживающих в номере), услуга доступна при проживании с 01.05.2026; 5. Скидка 20% на занятие с инструктором в школе катания "Три вершины"; 6. Скидка 30% на прокат горнолыжного оборудования. Действует в пунктах проката на уровнях 540 и 960; 7. Спецтариф: Ферма северных оленей + Дача Альпача Прогулка по парку «Лес чудес», знакомство с оленями и альпаками. Входной билет — 800 ₽. Дети до 4 лет — бесплатно.; 8. Скидка 30% на аренду роликов или скейтборда в школе катания «Три вершины» Скидка 30% на 1 час проката для всех проживающих в номере в подарок (С даты открытия школы, ориентировочно с середины апреля) 9. Стикерпак в подарок (1 стикер на номер).
A29: Условия аннуляции:
A30: В случае отмены или изменения бронирования после 00:00 часов дня заезда удерживается стоимость первых суток.
A31: Дополнительная информация:
A32: Услуги и бонусы предложения действуют только в период проживания и предоставляются однократно, согласно условиям в купонной книге. Купонная книга выдается при заселении из расчета: 1 номер = 1 книга. Предложение ограничено и не комбинируется с другими действующими акциями отеля. НАО «Красная поляна» оставляет за собой право изменять услуги в составе пакета. Предоставление услуг может зависеть от погодных условий и графика работы канатных дорог.
... A34: Ежегодные регламентные работы на канатных дорогах курорта Красная Поляна пройдут с 16 марта по 24 июня 2026 года. С 10 по 31 мая будут закрыты канатные дороги Центрального сектора: («Красная Поляна» 540-960 м, «Реликтовый лес» 960-1460 м, «Вершина» 1460-2200 м, «Аибга» 2200-2050 м, «Черная Пирамида» 2050-2300 м). На время регламентных работ между уровнями 540-960 м будут курсировать шаттлы курорта. С 16 марта по 24 апреля будет закрыта канатная дорога Восточного сектора К‑13 «Водопад Поликаря. С 1 апреля по 24 апреля будут закрыты канатные дороги К‑10 «Восточный лес» и К‑12 «Старт чемпиона». К‑8 «Снежная звезда»: закрыта с 1 по 24 июня.

Sheet ТЧК
A1: Мовенпик Красная Поляна 5*
A2: ТОЧКА ПРИТЯЖЕНИЯ
A3: Открытые тарифы
A4: завтраки формата "Шведский стол" | B4: 46215 | C4: 46216 | D4: 46217 | E4: 46218 | F4: 46219 | G4: 46220 | H4: 46221 | I4: 46222 | J4: 46223 | K4: 46224 | L4: 46225 | M4: 46226 | N4: 46227 | O4: 46228 | P4: 46229 | Q4: 46230 | R4: 46231 | S4: 46232 | T4: 46233 | U4: 46234 | V4: 46235 | W4: 46236 | X4: 46237 | Y4: 46238 | Z4: 46239 | AA4: 46240 | AB4: 46241 | AC4: 46242 | AD4: 46243 | AE4: 46244 | AF4: 46245 | AG4: 46246 | AH4: 46247 | AI4: 46248 | AJ4: 46249 | AK4: 46250 | AL4: 46251 | AM4: 46252 | AN4: 46253 | AO4: 46254 | AP4: 46255 | AQ4: 46256 | AR4: 46257 | AS4: 46258 | AT4: 46259 | AU4: 46260 | AV4: 46261 | AW4: 46262 | AX4: 46263 | AY4: 46264 | AZ4: 46265
A5: Улучшенный номер - с двуспальной кроватью Улучшенный номер с 2 односпальными кроватями Улучшенный номер, для маломобильных - с двуспальной кроватью
A6: 1 | B6: =BAR!#REF!*0.75 -> #REF! | C6: =BAR!#REF!*0.75 -> #REF! | D6: =BAR!#REF!*0.75 -> #REF! | E6: =BAR!#REF!*0.75 -> #REF! | F6: =BAR!#REF!*0.75 -> #REF! | G6: =BAR!#REF!*0.75 -> #REF! | H6: =BAR!#REF!*0.75 -> #REF! | I6: =BAR!#REF!*0.75 -> #REF! | ... AZ6: =BAR!#REF!*0.75 -> #REF!
A7: 2 | B7: =BAR!#REF!*0.75 -> #REF! | C7: =BAR!#REF!*0.75 -> #REF! | D7: =BAR!#REF!*0.75 -> #REF! | E7: =BAR!#REF!*0.75 -> #REF! | F7: =BAR!#REF!*0.75 -> #REF! | G7: =BAR!#REF!*0.75 -> #REF! | H7: =BAR!#REF!*0.75 -> #REF! | I7: =BAR!#REF!*0.75 -> #REF! | ... AZ7: =BAR!#REF!*0.75 -> #REF!
A8: Улучшенный номер, вид на горы - с двуспальной кроватью Улучшенный номер, вид на горы с 2 односпальными кроватями
A9: 1 | B9: =BAR!#REF!*0.75 -> #REF! | C9: =BAR!#REF!*0.75 -> #REF! | D9: =BAR!#REF!*0.75 -> #REF! | E9: =BAR!#REF!*0.75 -> #REF! | F9: =BAR!#REF!*0.75 -> #REF! | G9: =BAR!#REF!*0.75 -> #REF! | H9: =BAR!#REF!*0.75 -> #REF! | I9: =BAR!#REF!*0.75 -> #REF! | ... AZ9: =BAR!#REF!*0.75 -> #REF!
A10: 2 | B10: =BAR!#REF!*0.75 -> #REF! | C10: =BAR!#REF!*0.75 -> #REF! | D10: =BAR!#REF!*0.75 -> #REF! | E10: =BAR!#REF!*0.75 -> #REF! | F10: =BAR!#REF!*0.75 -> #REF! | G10: =BAR!#REF!*0.75 -> #REF! | H10: =BAR!#REF!*0.75 -> #REF! | I10: =BAR!#REF!*0.75 -> #REF! | ... AZ10: =BAR!#REF!*0.75 -> #REF!
A11: Номер Люкс - с двуспальной кроватью
A12: 1 | B12: =BAR!#REF!*0.75 -> #REF! | C12: =BAR!#REF!*0.75 -> #REF! | D12: =BAR!#REF!*0.75 -> #REF! | E12: =BAR!#REF!*0.75 -> #REF! | F12: =BAR!#REF!*0.75 -> #REF! | G12: =BAR!#REF!*0.75 -> #REF! | H12: =BAR!#REF!*0.75 -> #REF! | I12: =BAR!#REF!*0.75 -> #REF! | ... AZ12: =BAR!#REF!*0.75 -> #REF!
A13: 2 | B13: =BAR!#REF!*0.75 -> #REF! | C13: =BAR!#REF!*0.75 -> #REF! | D13: =BAR!#REF!*0.75 -> #REF! | E13: =BAR!#REF!*0.75 -> #REF! | F13: =BAR!#REF!*0.75 -> #REF! | G13: =BAR!#REF!*0.75 -> #REF! | H13: =BAR!#REF!*0.75 -> #REF! | I13: =BAR!#REF!*0.75 -> #REF! | ... AZ13: =BAR!#REF!*0.75 -> #REF!
A14: Представительский Люкс - с двуспальной кроватью
A15: 1 | B15: =BAR!#REF!*0.75 -> #REF! | C15: =BAR!#REF!*0.75 -> #REF! | D15: =BAR!#REF!*0.75 -> #REF! | E15: =BAR!#REF!*0.75 -> #REF! | F15: =BAR!#REF!*0.75 -> #REF! | G15: =BAR!#REF!*0.75 -> #REF! | H15: =BAR!#REF!*0.75 -> #REF! | I15: =BAR!#REF!*0.75 -> #REF! | ... AZ15: =BAR!#REF!*0.75 -> #REF!
A16: 2 | B16: =BAR!#REF!*0.75 -> #REF! | C16: =BAR!#REF!*0.75 -> #REF! | D16: =BAR!#REF!*0.75 -> #REF! | E16: =BAR!#REF!*0.75 -> #REF! | F16: =BAR!#REF!*0.75 -> #REF! | G16: =BAR!#REF!*0.75 -> #REF! | H16: =BAR!#REF!*0.75 -> #REF! | I16: =BAR!#REF!*0.75 -> #REF! | ... AZ16: =BAR!#REF!*0.75 -> #REF!
A17: Пентхаус, 2-этажный, с террасой - с 2 спальнями
A18: от 1 до 4 | B18: =BAR!#REF!*0.75 -> #REF! | C18: =BAR!#REF!*0.75 -> #REF! | D18: =BAR!#REF!*0.75 -> #REF! | E18: =BAR!#REF!*0.75 -> #REF! | F18: =BAR!#REF!*0.75 -> #REF! | G18: =BAR!#REF!*0.75 -> #REF! | H18: =BAR!#REF!*0.75 -> #REF! | I18: =BAR!#REF!*0.75 -> #REF! | ... AZ18: =BAR!#REF!*0.75 -> #REF!
A19: Люкс Красная Поляна, 2-этажный, с террасой - с 3 спальнями
A20: от 1 до 6 | B20: =BAR!#REF!*0.75 -> #REF! | C20: =BAR!#REF!*0.75 -> #REF! | D20: =BAR!#REF!*0.75 -> #REF! | E20: =BAR!#REF!*0.75 -> #REF! | F20: =BAR!#REF!*0.75 -> #REF! | G20: =BAR!#REF!*0.75 -> #REF! | H20: =BAR!#REF!*0.75 -> #REF! | I20: =BAR!#REF!*0.75 -> #REF! | ... AZ20: =BAR!#REF!*0.75 -> #REF!
A21: Даты тарифа (включительно):
A22: Период продажи: 17.06.2026 - 29.06.2026 Период проживания: 12.07.2026 - 31.08.2026
A23: Ограничения:
A24: Минимальный срок проживания - 2 ночи
A25: В стоимость включено:
A26: 🔸Скидка 25% на проживание в номере выбранной категории; 🔸Завтрак "Шведский стол" в ресторане "Прагер"; 🔸Шоколадный час ежедневно с 17.00 до 17.45; 🔸Посещение SPA комплекса отеля; 🔸Бесплатный Wi-Fi на территории всего отеля; 🔸Комната для хранения горнолыжного оборудования; 🔸Услуги консьержа, в том числе мобильный консьерж-сервис; 🔸Доставка багажа в номер / из номера; 🔸Услуги парковки автомобиля (крытая парковка); 🔸Прогулочный билет на все открытые канатные дороги для всех гостей в бронировании (предоставляется один раз во время проживания). 🔸Скидка 15% на меню в ресторане (-ах) отеля (на весь чек, на все время проживания)
A27: Условия аннуляции:
A28: В случае отмены или изменения бронирования после 00:00 часов дня заезда удерживается стоимость первых суток.

Sheet RO
A1: Мовенпик Красная Поляна 5*
A2: БАЗОВЫЙ БЕЗ ЗАВТРАКА
A3: Открытые тарифы
A4: Проживание без питания (Room only) | B4: 46218 | C4: 46219 | D4: 46220 | E4: 46221 | F4: 46222 | G4: 46223 | H4: 46224 | I4: 46225 | J4: 46226 | K4: 46227 | L4: 46228 | M4: 46229 | N4: 46230 | O4: 46231 | P4: 46232 | Q4: 46233 | R4: 46234 | S4: 46235 | T4: 46236 | U4: 46237 | V4: 46238 | W4: 46239 | X4: 46240 | Y4: 46241 | Z4: 46242 | AA4: 46243 | AB4: 46244 | AC4: 46245 | AD4: 46246 | AE4: 46247 | AF4: 46248 | AG4: 46249 | AH4: 46250 | AI4: 46251 | AJ4: 46252 | AK4: 46253 | AL4: 46254 | AM4: 46255 | AN4: 46256 | AO4: 46257 | AP4: 46258 | AQ4: 46259 | AR4: 46260 | AS4: 46261 | AT4: 46262 | AU4: 46263 | AV4: 46264 | AW4: 46265 | AX4: 46266 | AY4: 46267 | AZ4: 46268 | BA4: 46269 | BB4: 46270 | BC4: 46271 | BD4: 46272 | BE4: 46273 | BF4: 46274 | BG4: 46275 | BH4: 46276 | BI4: 46277 | BJ4: 46278 | BK4: 46279 | BL4: 46280 | BM4: 46281 | BN4: 46282 | BO4: 46283 | BP4: 46284 | BQ4: 46285 | BR4: 46286 | BS4: 46287 | BT4: 46288 | BU4: 46289 | BV4: 46290 | BW4: 46291 | BX4: 46292 | BY4: 46293 | BZ4: 46294 | CA4: 46295 | CB4: 46296 | CC4: 46297 | CD4: 46298 | CE4: 46299 | CF4: 46300 | CG4: 46301 | CH4: 46302 | CI4: 46303 | CJ4: 46304 | CK4: 46305 | CL4: 46306 | CM4: 46307 | CN4: 46308 | CO4: 46309 | CP4: 46310 | CQ4: 46311 | CR4: 46312 | CS4: 46313 | CT4: 46314 | CU4: 46315 | CV4: 46316 | CW4: 46317 | CX4: 46318 | CY4: 46319 | CZ4: 46320 | DA4: 46321 | DB4: 46322 | DC4: 46323 | DD4: 46324 | DE4: 46325 | DF4: 46326 | DG4: 46327 | DH4: 46328 | DI4: 46329 | DJ4: 46330 | DK4: 46331 | DL4: 46332 | DM4: 46333 | DN4: 46334 | DO4: 46335 | DP4: 46336 | DQ4: 46337 | DR4: 46338 | DS4: 46339 | DT4: 46340 | DU4: 46341 | DV4: 46342 | DW4: 46343 | DX4: 46344 | DY4: 46345 | DZ4: 46346 | EA4: 46347 | EB4: 46348 | EC4: 46349 | ED4: 46350 | EE4: 46351 | EF4: 46352 | EG4: 46353 | EH4: 46354 | EI4: 46355 | EJ4: 46356 | EK4: 46357 | EL4: 46358 | EM4: 46359 | EN4: 46360 | EO4: 46361 | EP4: 46362 | EQ4: 46363 | ER4: 46364 | ES4: 46365 | ET4: 46366 | EU4: 46367 | EV4: 46368 | EW4: 46369 | EX4: 46370 | EY4: 46371 | EZ4: 46372 | FA4: 46373 | FB4: 46374 | FC4: 46375 | FD4: 46376 | FE4: 46377 | FF4: 46378 | FG4: 46379 | FH4: 46380
A5: Улучшенный номер - с двуспальной кроватью Улучшенный номер с 2 односпальными кроватями Улучшенный номер, для маломобильных - с двуспальной кроватью
A6: от 1 до 2 | B6: =BAR!#REF!-2200 -> #REF! | C6: =BAR!#REF!-2200 -> #REF! | D6: =BAR!#REF!-2200 -> #REF! | E6: =BAR!#REF!-2200 -> #REF! | F6: =BAR!#REF!-2200 -> #REF! | G6: =BAR!#REF!-2200 -> #REF! | H6: =BAR!#REF!-2200 -> #REF! | I6: =BAR!#REF!-2200 -> #REF! | ... AZ6: =BAR!#REF!-2200 -> #REF! | BA6: =BAR!B6-2200 -> 12000 | BB6: =BAR!C6-2200 -> 12000 | BC6: =BAR!D6-2200 -> 12000 | BD6: =BAR!E6-2200 -> 12000 | BE6: =BAR!F6-2200 -> 12500 | BF6: =BAR!G6-2200 -> 12500 | BG6: =BAR!H6-2200 -> 12500 | BH6: =BAR!I6-2200 -> 12500 | ... FH6: =BAR!DI6-2200 -> 9800
A7: Улучшенный номер, вид на горы - с двуспальной кроватью Улучшенный номер, вид на горы с 2 односпальными кроватями
A8: от 1 до 2 | B8: =BAR!#REF!-2200 -> #REF! | C8: =BAR!#REF!-2200 -> #REF! | D8: =BAR!#REF!-2200 -> #REF! | E8: =BAR!#REF!-2200 -> #REF! | F8: =BAR!#REF!-2200 -> #REF! | G8: =BAR!#REF!-2200 -> #REF! | H8: =BAR!#REF!-2200 -> #REF! | I8: =BAR!#REF!-2200 -> #REF! | ... AZ8: =BAR!#REF!-2200 -> #REF! | BA8: =BAR!B9-2200 -> 15000 | BB8: =BAR!C9-2200 -> 15000 | BC8: =BAR!D9-2200 -> 15000 | BD8: =BAR!E9-2200 -> 15000 | BE8: =BAR!F9-2200 -> 15500 | BF8: =BAR!G9-2200 -> 15500 | BG8: =BAR!H9-2200 -> 15500 | BH8: =BAR!I9-2200 -> 15500 | ... FH8: =BAR!DI9-2200 -> 12800
A9: Номер Люкс - с двуспальной кроватью
A10: от 1 до 2 | B10: =BAR!#REF!-2200 -> #REF! | C10: =BAR!#REF!-2200 -> #REF! | D10: =BAR!#REF!-2200 -> #REF! | E10: =BAR!#REF!-2200 -> #REF! | F10: =BAR!#REF!-2200 -> #REF! | G10: =BAR!#REF!-2200 -> #REF! | H10: =BAR!#REF!-2200 -> #REF! | I10: =BAR!#REF!-2200 -> #REF! | ... AZ10: =BAR!#REF!-2200 -> #REF! | BA10: =BAR!B12-2200 -> 21000 | BB10: =BAR!C12-2200 -> 21000 | BC10: =BAR!D12-2200 -> 21000 | BD10: =BAR!E12-2200 -> 21000 | BE10: =BAR!F12-2200 -> 21500 | BF10: =BAR!G12-2200 -> 21500 | BG10: =BAR!H12-2200 -> 21500 | BH10: =BAR!I12-2200 -> 21500 | ... FH10: =BAR!DI12-2200 -> 18800
A11: Представительский Люкс - с двуспальной кроватью
A12: от 1 до 2 | B12: =BAR!#REF!-2200 -> #REF! | C12: =BAR!#REF!-2200 -> #REF! | D12: =BAR!#REF!-2200 -> #REF! | E12: =BAR!#REF!-2200 -> #REF! | F12: =BAR!#REF!-2200 -> #REF! | G12: =BAR!#REF!-2200 -> #REF! | H12: =BAR!#REF!-2200 -> #REF! | I12: =BAR!#REF!-2200 -> #REF! | ... AZ12: =BAR!#REF!-2200 -> #REF! | BA12: =BAR!B15-2200 -> 24000 | BB12: =BAR!C15-2200 -> 24000 | BC12: =BAR!D15-2200 -> 24000 | BD12: =BAR!E15-2200 -> 24000 | BE12: =BAR!F15-2200 -> 24500 | BF12: =BAR!G15-2200 -> 24500 | BG12: =BAR!H15-2200 -> 24500 | BH12: =BAR!I15-2200 -> 24500 | ... FH12: =BAR!DI15-2200 -> 21800
A13: Даты тарифа (включительно):
A14: Период продажи: 01.04.2026 - 24.12.2026 Период проживания: 01.04.2026 - 24.12.2026
A16: Закрытые даты (включительно):
A17: 15.07.2026 - 30.11.2026
A18: В стоимость включено:
A19: Подъем на канатной дороге с Поляны 540 на Поляну 960; Проживание в номере выбранной категории; Шоколадный час ежедневно с 17.00 до 17.45; Посещение SPA комплекса отеля; Wi-Fi на территории всего отеля; Комната для хранения горнолыжного оборудования; Услуги консьержа, в том числе мобильный консьерж-сервис; Доставка багажа в номер / из номера; Услуги парковки автомобиля (крытая парковка);
A20: Условия аннуляции:
A21: В случае отмены или изменения бронирования менее чем за 24 часа до заезда удерживается стоимость первых суток.

Sheet нетто FIT15
A1: Мовенпик Красная Поляна 5*
A2: Тариф "Базовый с завтраком"
A3: нетто тарифы
A4: завтраки формата "Шведский стол" | B4: 46269 | C4: 46270 | D4: 46271 | E4: 46272 | F4: 46273 | G4: 46274 | H4: 46275 | I4: 46276 | J4: 46277 | K4: 46278 | L4: 46279 | M4: 46280 | N4: 46281 | O4: 46282 | P4: 46283 | Q4: 46284 | R4: 46285 | S4: 46286 | T4: 46287 | U4: 46288 | V4: 46289 | W4: 46290 | X4: 46291 | Y4: 46292 | Z4: 46293 | AA4: 46294 | AB4: 46295 | AC4: 46296 | AD4: 46297 | AE4: 46298 | AF4: 46299 | AG4: 46300 | AH4: 46301 | AI4: 46302 | AJ4: 46303 | AK4: 46304 | AL4: 46305 | AM4: 46306 | AN4: 46307 | AO4: 46308 | AP4: 46309 | AQ4: 46310 | AR4: 46311 | AS4: 46312 | AT4: 46313 | AU4: 46314 | AV4: 46315 | AW4: 46316 | AX4: 46317 | AY4: 46318 | AZ4: 46319 | BA4: 46320 | BB4: 46321 | BC4: 46322 | BD4: 46323 | BE4: 46324 | BF4: 46325 | BG4: 46326 | BH4: 46327 | BI4: 46328 | BJ4: 46329 | BK4: 46330 | BL4: 46331 | BM4: 46332 | BN4: 46333 | BO4: 46334 | BP4: 46335 | BQ4: 46336 | BR4: 46337 | BS4: 46338 | BT4: 46339 | BU4: 46340 | BV4: 46341 | BW4: 46342 | BX4: 46343 | BY4: 46344 | BZ4: 46345 | CA4: 46346 | CB4: 46347 | CC4: 46348 | CD4: 46349 | CE4: 46350 | CF4: 46351 | CG4: 46352 | CH4: 46353 | CI4: 46354 | CJ4: 46355 | CK4: 46356 | CL4: 46357 | CM4: 46358 | CN4: 46359 | CO4: 46360 | CP4: 46361 | CQ4: 46362 | CR4: 46363 | CS4: 46364 | CT4: 46365 | CU4: 46366 | CV4: 46367 | CW4: 46368 | CX4: 46369 | CY4: 46370 | CZ4: 46371 | DA4: 46372 | DB4: 46373 | DC4: 46374 | DD4: 46375 | DE4: 46376 | DF4: 46377 | DG4: 46378 | DH4: 46379 | DI4: 46380 | DJ4: 46381 | DK4: 46382 | DL4: 46383 | DM4: 46384 | DN4: 46385 | DO4: 46386 | DP4: 46387 | DQ4: 46388 | DR4: 46389 | DS4: 46390 | DT4: 46391 | DU4: 46392 | DV4: 46393 | DW4: 46394 | DX4: 46395 | DY4: 46396 | DZ4: 46397 | EA4: 46398 | EB4: 46399 | EC4: 46400 | ED4: 46401 | EE4: 46402 | EF4: 46403 | EG4: 46404 | EH4: 46405 | EI4: 46406 | EJ4: 46407 | EK4: 46408 | EL4: 46409 | EM4: 46410 | EN4: 46411 | EO4: 46412 | EP4: 46413 | EQ4: 46414 | ER4: 46415 | ES4: 46416 | ET4: 46417 | EU4: 46418 | EV4: 46419 | EW4: 46420 | EX4: 46421 | EY4: 46422 | EZ4: 46423 | FA4: 46424 | FB4: 46425 | FC4: 46426 | FD4: 46427 | FE4: 46428 | FF4: 46429 | FG4: 46430 | FH4: 46431 | FI4: 46432 | FJ4: 46433 | FK4: 46434 | FL4: 46435 | FM4: 46436 | FN4: 46437 | FO4: 46438 | FP4: 46439 | FQ4: 46440 | FR4: 46441 | FS4: 46442 | FT4: 46443 | FU4: 46444 | FV4: 46445 | FW4: 46446 | FX4: 46447 | FY4: 46448 | FZ4: 46449 | GA4: 46450 | GB4: 46451 | GC4: 46452 | GD4: 46453 | GE4: 46454 | GF4: 46455 | GG4: 46456 | GH4: 46457 | GI4: 46458 | GJ4: 46459 | GK4: 46460 | GL4: 46461 | GM4: 46462 | GN4: 46463 | GO4: 46464 | GP4: 46465 | GQ4: 46466 | GR4: 46467 | GS4: 46468 | GT4: 46469 | GU4: 46470 | GV4: 46471 | GW4: 46472 | GX4: 46473 | GY4: 46474 | GZ4: 46475 | HA4: 46476 | HB4: 46477
A5: Улучшенный номер - с двуспальной кроватью Улучшенный номер с 2 односпальными кроватями Улучшенный номер, для маломобильных - с двуспальной кроватью
A6: 1 | B6: =ROUND(BAR!B6*0.85,) -> 12070 | C6: =ROUND(BAR!C6*0.85,) -> 12070 | D6: =ROUND(BAR!D6*0.85,) -> 12070 | E6: =ROUND(BAR!E6*0.85,) -> 12070 | F6: =ROUND(BAR!F6*0.85,) -> 12495 | G6: =ROUND(BAR!G6*0.85,) -> 12495 | H6: =ROUND(BAR!H6*0.85,) -> 12495 | I6: =ROUND(BAR!I6*0.85,) -> 12495 | ... HB6: =ROUND(BAR!HB6*0.85,) -> 15683
A7: 2 | B7: =ROUND(BAR!B7*0.85,) -> 13940 | C7: =ROUND(BAR!C7*0.85,) -> 13940 | D7: =ROUND(BAR!D7*0.85,) -> 13940 | E7: =ROUND(BAR!E7*0.85,) -> 13940 | F7: =ROUND(BAR!F7*0.85,) -> 14365 | G7: =ROUND(BAR!G7*0.85,) -> 14365 | H7: =ROUND(BAR!H7*0.85,) -> 14365 | I7: =ROUND(BAR!I7*0.85,) -> 14365 | ... HB7: =ROUND(BAR!HB7*0.85,) -> 18020
A8: Улучшенный номер, вид на горы - с двуспальной кроватью Улучшенный номер, вид на горы с 2 односпальными кроватями
A9: 1 | B9: =ROUND(BAR!B9*0.85,) -> 14620 | C9: =ROUND(BAR!C9*0.85,) -> 14620 | D9: =ROUND(BAR!D9*0.85,) -> 14620 | E9: =ROUND(BAR!E9*0.85,) -> 14620 | F9: =ROUND(BAR!F9*0.85,) -> 15045 | G9: =ROUND(BAR!G9*0.85,) -> 15045 | H9: =ROUND(BAR!H9*0.85,) -> 15045 | I9: =ROUND(BAR!I9*0.85,) -> 15045 | ... HB9: =ROUND(BAR!HB9*0.85,) -> 19083
A10: 2 | B10: =ROUND(BAR!B10*0.85,) -> 16490 | C10: =ROUND(BAR!C10*0.85,) -> 16490 | D10: =ROUND(BAR!D10*0.85,) -> 16490 | E10: =ROUND(BAR!E10*0.85,) -> 16490 | F10: =ROUND(BAR!F10*0.85,) -> 16915 | G10: =ROUND(BAR!G10*0.85,) -> 16915 | H10: =ROUND(BAR!H10*0.85,) -> 16915 | I10: =ROUND(BAR!I10*0.85,) -> 16915 | ... HB10: =ROUND(BAR!HB10*0.85,) -> 21420
A11: Номер Люкс - с двуспальной кроватью
A12: 1 | B12: =ROUND(BAR!B12*0.85,) -> 19720 | C12: =ROUND(BAR!C12*0.85,) -> 19720 | D12: =ROUND(BAR!D12*0.85,) -> 19720 | E12: =ROUND(BAR!E12*0.85,) -> 19720 | F12: =ROUND(BAR!F12*0.85,) -> 20145 | G12: =ROUND(BAR!G12*0.85,) -> 20145 | H12: =ROUND(BAR!H12*0.85,) -> 20145 | I12: =ROUND(BAR!I12*0.85,) -> 20145 | ... HB12: =ROUND(BAR!HB12*0.85,) -> 27583
A13: 2 | B13: =ROUND(BAR!B13*0.85,) -> 21590 | C13: =ROUND(BAR!C13*0.85,) -> 21590 | D13: =ROUND(BAR!D13*0.85,) -> 21590 | E13: =ROUND(BAR!E13*0.85,) -> 21590 | F13: =ROUND(BAR!F13*0.85,) -> 22015 | G13: =ROUND(BAR!G13*0.85,) -> 22015 | H13: =ROUND(BAR!H13*0.85,) -> 22015 | I13: =ROUND(BAR!I13*0.85,) -> 22015 | ... HB13: =ROUND(BAR!HB13*0.85,) -> 29920
A14: Представительский Люкс - с двуспальной кроватью
A15: 1 | B15: =ROUND(BAR!B15*0.85,) -> 22270 | C15: =ROUND(BAR!C15*0.85,) -> 22270 | D15: =ROUND(BAR!D15*0.85,) -> 22270 | E15: =ROUND(BAR!E15*0.85,) -> 22270 | F15: =ROUND(BAR!F15*0.85,) -> 22695 | G15: =ROUND(BAR!G15*0.85,) -> 22695 | H15: =ROUND(BAR!H15*0.85,) -> 22695 | I15: =ROUND(BAR!I15*0.85,) -> 22695 | ... HB15: =ROUND(BAR!HB15*0.85,) -> 32683
A16: 2 | B16: =ROUND(BAR!B16*0.85,) -> 24140 | C16: =ROUND(BAR!C16*0.85,) -> 24140 | D16: =ROUND(BAR!D16*0.85,) -> 24140 | E16: =ROUND(BAR!E16*0.85,) -> 24140 | F16: =ROUND(BAR!F16*0.85,) -> 24565 | G16: =ROUND(BAR!G16*0.85,) -> 24565 | H16: =ROUND(BAR!H16*0.85,) -> 24565 | I16: =ROUND(BAR!I16*0.85,) -> 24565 | ... HB16: =ROUND(BAR!HB16*0.85,) -> 35020
A17: Пентхаус, 2-этажный, с террасой - с 2 спальнями
A18: от 1 до 4 | B18: =ROUND(BAR!B18*0.85,) -> 41820 | C18: =ROUND(BAR!C18*0.85,) -> 41820 | D18: =ROUND(BAR!D18*0.85,) -> 41820 | E18: =ROUND(BAR!E18*0.85,) -> 41820 | F18: =ROUND(BAR!F18*0.85,) -> 42245 | G18: =ROUND(BAR!G18*0.85,) -> 42245 | H18: =ROUND(BAR!H18*0.85,) -> 42245 | I18: =ROUND(BAR!I18*0.85,) -> 42245 | ... HB18: =ROUND(BAR!HB18*0.85,) -> 49683
A19: Люкс Красная Поляна, 2-этажный, с террасой - с 3 спальнями
A20: от 1 до 6 | B20: =ROUND(BAR!B20*0.85,) -> 58820 | C20: =ROUND(BAR!C20*0.85,) -> 58820 | D20: =ROUND(BAR!D20*0.85,) -> 58820 | E20: =ROUND(BAR!E20*0.85,) -> 58820 | F20: =ROUND(BAR!F20*0.85,) -> 59245 | G20: =ROUND(BAR!G20*0.85,) -> 59245 | H20: =ROUND(BAR!H20*0.85,) -> 59245 | I20: =ROUND(BAR!I20*0.85,) -> 59245 | ... HB20: =ROUND(BAR!HB20*0.85,) -> 75183
A21: Доп.инфо:
A22: 📌Дополнительное место с завтраком: 01.04.26 - 28.12.26 взр 3700 руб/сут, реб 2600 руб/сут 29.12.26 - 08.01.27 взр 4500 руб/сут, реб 3000 руб/сут 09.01.27 - 31.03.27 взр 4300 руб/сут, реб 2900 руб/сут 📌Дополнительное место без завтрака: 01.04.26 - 28.12.26 взр 1500 руб/сут, реб 1500 руб/сут 29.12.26 - 08.01.27 взр 1550 руб/сут, реб 1550 руб/сут 09.01.27 - 31.03.27 взр 1550 руб/сут, реб 1550 руб/сут 📌Завтраки: 01.04.26 - 28.12.26 взр 2200 руб/сут, реб 1100 руб/сут 29.12.26 - 08.01.27 взр 2950 руб/сут, реб 1450 руб/сут 09.01.27 - 31.03.27 взр 2750 руб/сут, реб 1350 руб/сут 📌Доплата за размещение с животными (до 15 кг и 45 см в холке) – 5000 рублей/единоразово при заселении. Допустимо проживание не более 1-го животного в номере. Обязателен вет.паспорт животного. 📌Услуга "Ранний заезд или Поздний выезд" предоставляется при 100% гарантиии доп. суток размещения по возможности отеля. Негарантированный РЗ/ПВ оформляется в отеле и предоставляется по возможности отеля. Время негарантированных услуг: РЗ с 00:00 до 02:59 - 100%, с 03:00 до 15:00 - 50%; ПВ с 12:00 до 18:00 - 50%, после 18:00 - 100%.
A23: Новогодний тариф (включительно):
A24: Период продажи: 10.07.2026 – 07.01.2027 Период проживания: 29.12.2026 – 08.01.2027 Условия бронирования: При бронировании номера в даты проживания с 30.12.25-08.01.26 необходима предоплата в размере 1-х суток и полная оплата в размере 100% до 01.12.2026. Условия аннуляции: бесплатная отмена до 00:00 дня заезда и при отмене после 00:00 часов дня заезда удерживается стоимость первых суток.
A25: Даты тарифа (включительно):
A26: Период продажи: 20.03.2026 - 30.03.2027 Период проживания: 20.03.2026 - 31.03.2027
A27: В стоимость включено:
A28: Подъем на канатной дороге с Поляны 540 на Поляну 960; Проживание в номере выбранной категории; Завтрак "Шведский стол" в ресторане "Прагер"; Шоколадный час ежедневно с 17.00 до 17.45; Посещение SPA комплекса отеля; Wi-Fi на территории всего отеля; Комната для хранения горнолыжного оборудования; Услуги консьержа, в том числе мобильный консьерж-сервис; Доставка багажа в номер / из номера; Услуги парковки автомобиля (крытая парковка)
A29: Условия аннуляции:
A30: В случае отмены или изменения бронирования после 00:00 часов дня заезда удерживается стоимость первых суток.
A31: Пропуск "Сочинский национальный парк":
A32: Территория Курорта Красная поляна является особо охраняемой природной территорией "Сочинский национальный парк". При подъёме выше отметки +960 и при прогулках по экотропам Курорта, вам необходимо оформить пропуск. *Детям дошкольного и школьного возраста, гостям пенсионного возраста - приобретают льготный билет (0Р) в кассе Сочинского национального парка, на высоте 960 Купить пропуск в национальный парк https://npsochi.ru/tickets/ Ознакомиться с правилами Сочинского национального парка https://npsochi.ru/rules/
... A34: Вопросы и замечения по тарифным сеткам просьба направлять в адрес Супервайзеры отдела бронирования отелей ACCOR <res.supervisor.accor@kpresort.ru>

Sheet 3=4 FIT15
A1: Мовенпик Красная Поляна 5*
A2: Тариф "Три равно четыре!"
A3: нетто тарифы
A4: завтраки формата "Шведский стол" | B4: 46176 | C4: 46177
A5: Улучшенный номер - с двуспальной кроватью Улучшенный номер с 2 односпальными кроватями Улучшенный номер, для маломобильных - с двуспальной кроватью
A6: 1 | B6: ='3=4'!B6*0.9 -> #REF! | C6: ='3=4'!C6*0.9 -> #REF!
A7: 2 | B7: ='3=4'!B7*0.9 -> #REF! | C7: ='3=4'!C7*0.9 -> #REF!
A8: Улучшенный номер, вид на горы - с двуспальной кроватью Улучшенный номер, вид на горы с 2 односпальными кроватями
A9: 1 | B9: ='3=4'!B9*0.9 -> #REF! | C9: ='3=4'!C9*0.9 -> #REF!
A10: 2 | B10: ='3=4'!B10*0.9 -> #REF! | C10: ='3=4'!C10*0.9 -> #REF!
A11: Номер Люкс - с двуспальной кроватью
A12: 1 | B12: ='3=4'!B12*0.9 -> #REF! | C12: ='3=4'!C12*0.9 -> #REF!
A13: 2 | B13: ='3=4'!B13*0.9 -> #REF! | C13: ='3=4'!C13*0.9 -> #REF!
A14: Представительский Люкс - с двуспальной кроватью
A15: 1 | B15: ='3=4'!B15*0.9 -> #REF! | C15: ='3=4'!C15*0.9 -> #REF!
A16: 2 | B16: ='3=4'!B16*0.9 -> #REF! | C16: ='3=4'!C16*0.9 -> #REF!
A17: Пентхаус, 2-этажный, с террасой - с 2 спальнями
A18: от 1 до 4 | B18: ='3=4'!B18*0.9 -> #REF! | C18: ='3=4'!C18*0.9 -> #REF!
A19: Люкс Красная Поляна, 2-этажный, с террасой - с 3 спальнями
A20: от 1 до 6 | B20: ='3=4'!B20*0.9 -> #REF! | C20: ='3=4'!C20*0.9 -> #REF!
A21: Даты тарифа (включительно):
A22: Период продажи: 06.05.2026 - 03.06.2026 Период проживания: 06.05.2026 - 04.06.2026
A23: Ограничения:
A24: 4 ночи - минимальное количество ночей проживания. Общее количество ночей проживания должно быть кратно 4 ночам.
A25: В стоимость включено:
A26: Подъем на канатной дороге с Поляны 540 на Поляну 960; Проживание в номере выбранной категории; Завтрак "Шведский стол" в ресторане "Прагер"; Шоколадный час ежедневно с 17.00 до 17.45; Посещение SPA комплекса отеля; Wi-Fi на территории всего отеля; Комната для хранения горнолыжного оборудования; Услуги бизнес-центра (персональный компьютер, принтер, Интернет); Услуги консьержа, в том числе мобильный консьерж-сервис; Доставка багажа в номер / из номера; Услуги парковки автомобиля (крытая парковка).
A27: Условия аннуляции:
A28: В случае отмены или изменения бронирования после 00:00 часов дня заезда удерживается стоимость первых суток.
A29: Регламентные работы:
A30: Ежегодные регламентные работы на канатных дорогах курорта Красная Поляна пройдут с 16 марта по 24 июня 2026 года. С 10 по 31 мая будут закрыты канатные дороги Центрального сектора: («Красная Поляна» 540-960 м, «Реликтовый лес» 960-1460 м, «Вершина» 1460-2200 м, «Аибга» 2200-2050 м, «Черная Пирамида» 2050-2300 м). На время регламентных работ между уровнями 540-960 м будут курсировать шаттлы курорта. С 16 марта по 24 апреля будет закрыта канатная дорога Восточного сектора К‑13 «Водопад Поликаря. С 1 апреля по 24 апреля будут закрыты канатные дороги К‑10 «Восточный лес» и К‑12 «Старт чемпиона». К‑8 «Снежная звезда»: закрыта с 1 по 24 июня.

Sheet НсЛ FIT15
A1: Мовенпик Красная Поляна 5*
A2: НАПОЛНИ СВОЕ ЛЕТО
A3: нетто тарифы
A4: завтраки формата "Шведский стол" | B4: 46269 | C4: 46270 | D4: 46271 | E4: 46272 | F4: 46273 | G4: 46274 | H4: 46275 | I4: 46276 | J4: 46277 | K4: 46278 | L4: 46279 | M4: 46280 | N4: 46281 | O4: 46282 | P4: 46283 | Q4: 46284 | R4: 46285 | S4: 46286 | T4: 46287 | U4: 46288 | V4: 46289 | W4: 46290 | X4: 46291 | Y4: 46292 | Z4: 46293 | AA4: 46294 | AB4: 46295
A5: Улучшенный номер - с двуспальной кроватью Улучшенный номер с 2 односпальными кроватями Улучшенный номер, для маломобильных - с двуспальной кроватью
A6: 1 | B6: =НсЛ!B6*0.9 -> 11502 | C6: =НсЛ!C6*0.9 -> 11502 | D6: =НсЛ!D6*0.9 -> 11502 | E6: =НсЛ!E6*0.9 -> 11502 | F6: =НсЛ!F6*0.9 -> 11907 | G6: =НсЛ!G6*0.9 -> 11907 | H6: =НсЛ!H6*0.9 -> 11907 | I6: =НсЛ!I6*0.9 -> 11907 | ... AB6: =НсЛ!AB6*0.9 -> 9720
A7: 2 | B7: =НсЛ!B7*0.9 -> 13284 | C7: =НсЛ!C7*0.9 -> 13284 | D7: =НсЛ!D7*0.9 -> 13284 | E7: =НсЛ!E7*0.9 -> 13284 | F7: =НсЛ!F7*0.9 -> 13689 | G7: =НсЛ!G7*0.9 -> 13689 | H7: =НсЛ!H7*0.9 -> 13689 | I7: =НсЛ!I7*0.9 -> 13689 | ... AB7: =НсЛ!AB7*0.9 -> 11502
A8: Улучшенный номер, вид на горы - с двуспальной кроватью Улучшенный номер, вид на горы с 2 односпальными кроватями
A9: 1 | B9: =НсЛ!B9*0.9 -> 13932 | C9: =НсЛ!C9*0.9 -> 13932 | D9: =НсЛ!D9*0.9 -> 13932 | E9: =НсЛ!E9*0.9 -> 13932 | F9: =НсЛ!F9*0.9 -> 14337 | G9: =НсЛ!G9*0.9 -> 14337 | H9: =НсЛ!H9*0.9 -> 14337 | I9: =НсЛ!I9*0.9 -> 14337 | ... AB9: =НсЛ!AB9*0.9 -> 12150
A10: 2 | B10: =НсЛ!B10*0.9 -> 15714 | C10: =НсЛ!C10*0.9 -> 15714 | D10: =НсЛ!D10*0.9 -> 15714 | E10: =НсЛ!E10*0.9 -> 15714 | F10: =НсЛ!F10*0.9 -> 16119 | G10: =НсЛ!G10*0.9 -> 16119 | H10: =НсЛ!H10*0.9 -> 16119 | I10: =НсЛ!I10*0.9 -> 16119 | ... AB10: =НсЛ!AB10*0.9 -> 13932
A11: Номер Люкс - с двуспальной кроватью
A12: 1 | B12: =НсЛ!B12*0.9 -> 18792 | C12: =НсЛ!C12*0.9 -> 18792 | D12: =НсЛ!D12*0.9 -> 18792 | E12: =НсЛ!E12*0.9 -> 18792 | F12: =НсЛ!F12*0.9 -> 19197 | G12: =НсЛ!G12*0.9 -> 19197 | H12: =НсЛ!H12*0.9 -> 19197 | I12: =НсЛ!I12*0.9 -> 19197 | ... AB12: =НсЛ!AB12*0.9 -> 17010
A13: 2 | B13: =НсЛ!B13*0.9 -> 20574 | C13: =НсЛ!C13*0.9 -> 20574 | D13: =НсЛ!D13*0.9 -> 20574 | E13: =НсЛ!E13*0.9 -> 20574 | F13: =НсЛ!F13*0.9 -> 20979 | G13: =НсЛ!G13*0.9 -> 20979 | H13: =НсЛ!H13*0.9 -> 20979 | I13: =НсЛ!I13*0.9 -> 20979 | ... AB13: =НсЛ!AB13*0.9 -> 18792
A14: Представительский Люкс - с двуспальной кроватью
A15: 1 | B15: =НсЛ!B15*0.9 -> 21222 | C15: =НсЛ!C15*0.9 -> 21222 | D15: =НсЛ!D15*0.9 -> 21222 | E15: =НсЛ!E15*0.9 -> 21222 | F15: =НсЛ!F15*0.9 -> 21627 | G15: =НсЛ!G15*0.9 -> 21627 | H15: =НсЛ!H15*0.9 -> 21627 | I15: =НсЛ!I15*0.9 -> 21627 | ... AB15: =НсЛ!AB15*0.9 -> 19440
A16: 2 | B16: =НсЛ!B16*0.9 -> 23004 | C16: =НсЛ!C16*0.9 -> 23004 | D16: =НсЛ!D16*0.9 -> 23004 | E16: =НсЛ!E16*0.9 -> 23004 | F16: =НсЛ!F16*0.9 -> 23409 | G16: =НсЛ!G16*0.9 -> 23409 | H16: =НсЛ!H16*0.9 -> 23409 | I16: =НсЛ!I16*0.9 -> 23409 | ... AB16: =НсЛ!AB16*0.9 -> 21222
A17: Пентхаус, 2-этажный, с террасой - с 2 спальнями
A18: от 1 до 4 | B18: =НсЛ!B18*0.9 -> 39852 | C18: =НсЛ!C18*0.9 -> 39852 | D18: =НсЛ!D18*0.9 -> 39852 | E18: =НсЛ!E18*0.9 -> 39852 | F18: =НсЛ!F18*0.9 -> 40257 | G18: =НсЛ!G18*0.9 -> 40257 | H18: =НсЛ!H18*0.9 -> 40257 | I18: =НсЛ!I18*0.9 -> 40257 | ... AB18: =НсЛ!AB18*0.9 -> 38070
A19: Люкс Красная Поляна, 2-этажный, с террасой - с 3 спальнями
A20: от 1 до 6 | B20: =НсЛ!B20*0.9 -> 56052 | C20: =НсЛ!C20*0.9 -> 56052 | D20: =НсЛ!D20*0.9 -> 56052 | E20: =НсЛ!E20*0.9 -> 56052 | F20: =НсЛ!F20*0.9 -> 56457 | G20: =НсЛ!G20*0.9 -> 56457 | H20: =НсЛ!H20*0.9 -> 56457 | I20: =НсЛ!I20*0.9 -> 56457 | ... AB20: =НсЛ!AB20*0.9 -> 54270
A21: ВАЖНО:
A22: Дополнительно ЕДИНОРАЗОВО в стоимость заявки добавляется стоимость за купонную книгу за каждого взрослого гостя (возраст от 12 лет), стоимость - 2650 руб. за гостя и за каждого ребенка от 0-11 лет включительно -1000 рублей за ребенка. При размещении дополнительных взрослых гостей, также ЕДИНОРАЗОВО добавляется в стоимость заявки купонная книга на каждого взрослого гостя - 2650 руб. (возраст от 12 лет) и за каждого ребенка от 0-11 лет включительно -1000 руб. Стоимость купонной книги на всех взрослых и детей просим сразу добавлять в заявку. В системе трэвэллайн тариф указан без учета стоимости купонной книги на взрослых и детей, необходимо добавлять стоимость вручную.
A23: В Тravelline тариф выгружается БЕЗ учета стоимости Купонных книг на каждого взрослого в заявке. В заявки, направляемые вручную по почте, дополнительно на каждый день проживания в стоимость добавляется стоимость Купонных книг для каждого взрослого (с 12 лет) самостоятельно.
A24: Даты тарифа (включительно):
A25: Период продажи: 17.04.2025 - 29.09.2026 Период проживания: 01.06.2026 - 30.09.2026
A26: В стоимость включено:
A27: Проживание в номере выбранной категории со скидкой 10%; Завтрак "Шведский стол" в ресторане "Прагер"; Шоколадный час ежедневно с 17.00 до 17.45; Посещение SPA комплекса отеля; Бесплатный Wi-Fi на территории всего отеля; Услуги консьержа, в том числе мобильный консьерж-сервис; Доставка багажа в номер / из номера; Услуги парковки автомобиля (крытая парковка); Комната для хранения горнолыжного оборудования.
A28: В предложение «Наполни свое лето» входят бесплатно (условия предоставления услуг подробно представлены в купонной книге):
A29: ✔Трансфер на побережье Черного моря Пляж Сочи Парк Отеля - по предварительной записи для всех гостей, проживающих в номере. ✔Прогулочные билеты "Панорама Красной Поляны" Для всех гостей с 7 лет, проживающих в номере. Для детей до 6 лет вкл-но билет приобретается в кассе за 1 ₽. ✔Верёвочный парк Прохождение маршрута "Воздушный сноуборд" для взрослых (рост от 140 см) либо маршрута "Маугли" для детей (рост от 110 см до 140 см). Единоразовое посещение во время проживания для всех гостей в номере с 7 лет; ✔Хаски центр Единоразовое посещение для всех гостей, проживающих в номере; ✔Капибары и друзья Единоразовое посещение для всех гостей, проживающих в номере; ✔Скидка 30% на аренду роликов или скейтборда на 1 час. Единоразовое использование для всех гостей, проживающих в номере. Количество оборудования ограничено. Действует в пункте проката на уровне 540.
A30: Дополнительная информация:
A31: Подробная информация о предоставлении услуг в Службе поддержки Курорта: тел. 8 800 550 20 20 e-mail: infocenter@kpresort.ru 🔸 В случае размещения дополнительных гостей, не указанных в бронировании, все услуги для них приобретаются отдельно в отеле. 🔸 Пляжные полотенца предоставляются по предъявлению towel card для всех проживающих гостей. Пляжное оборудование (шезлонг, зонт) предоставляется за дополнительную плату. Количество мест ограничено. 🔸 Пляж функционирует с 01.06.2026-30.09.2026, в график могут быть внесены изменения в зависимости от погодных условий. Трансфер предоставляется ежедневно для всех гостей, проживающих в номере. 🔸 Предварительная запись на трансфер обязательна. Расписание трансфера необходимо уточнять на ресепшн отеля. 🔸Услуги предложения действуют только в период проживания и предоставляются однократно, согласно условиям в Купонной книге. Купонная книга выдается при заселении из расчета: 1 номер = 1 книга. Предложение ограничено и не комбинируется с другими действующими акциями отеля. 🔸 Возврат средств за неиспользованные услуги Купонных книг не производится. НАО «Красная поляна» оставляет за собой право изменять услуги в составе пакета. Предоставление услуг может зависеть от погодных условий и графика работы канатных дорог. 🔸 Согласно приказу МЧС от 1.09.25 г. нахождение на пляжах Федеральной территории Сириус с животными запрещено (за исключением собак-поводырей). Для трансфера -питомцы в переноске разрешены к провозу (если поездка не на пляж).
A32: Условия аннуляции:
A33: В случае отмены или изменения бронирования после 00:00 часов дня заезда удерживается стоимость первых суток.

Sheet РБ10% FIT15
A1: Мовенпик Красная Поляна 5*
A2: Тариф "Раннее бронирование со скидкой 10%, завтрак включен"
A3: нетто тарифы
A4: завтраки формата "Шведский стол" | B4: 46218 | C4: 46219 | D4: 46220 | E4: 46221 | F4: 46222 | G4: 46223 | H4: 46224 | I4: 46225 | J4: 46226 | K4: 46227 | L4: 46228 | M4: 46229 | N4: 46230 | O4: 46231 | P4: 46232 | Q4: 46233 | R4: 46234 | S4: 46235 | T4: 46236 | U4: 46237 | V4: 46238 | W4: 46239 | X4: 46240 | Y4: 46241 | Z4: 46242 | AA4: 46243 | AB4: 46244 | AC4: 46245 | AD4: 46246 | AE4: 46247 | AF4: 46248 | AG4: 46249 | AH4: 46250 | AI4: 46251 | AJ4: 46252 | AK4: 46253 | AL4: 46254 | AM4: 46255 | AN4: 46256 | AO4: 46257 | AP4: 46258 | AQ4: 46259 | AR4: 46260 | AS4: 46261 | AT4: 46262 | AU4: 46263 | AV4: 46264 | AW4: 46265 | AX4: 46266 | AY4: 46267 | AZ4: 46268 | BA4: 46269 | BB4: 46270 | BC4: 46271 | BD4: 46272 | BE4: 46273 | BF4: 46274 | BG4: 46275 | BH4: 46276 | BI4: 46277 | BJ4: 46278 | BK4: 46279 | BL4: 46280 | BM4: 46281 | BN4: 46282 | BO4: 46283 | BP4: 46284 | BQ4: 46285 | BR4: 46286 | BS4: 46287 | BT4: 46288 | BU4: 46289 | BV4: 46290 | BW4: 46291 | BX4: 46292 | BY4: 46293 | BZ4: 46294 | CA4: 46295 | CB4: 46296 | CC4: 46297 | CD4: 46298 | CE4: 46299 | CF4: 46300 | CG4: 46301 | CH4: 46302 | CI4: 46303 | CJ4: 46304 | CK4: 46305 | CL4: 46306 | CM4: 46307 | CN4: 46308 | CO4: 46309 | CP4: 46310 | CQ4: 46311 | CR4: 46312 | CS4: 46313 | CT4: 46314 | CU4: 46315 | CV4: 46316 | CW4: 46317 | CX4: 46318 | CY4: 46319 | CZ4: 46320 | DA4: 46321 | DB4: 46322 | DC4: 46323 | DD4: 46324 | DE4: 46325 | DF4: 46326 | DG4: 46327 | DH4: 46328 | DI4: 46329 | DJ4: 46330 | DK4: 46331 | DL4: 46332 | DM4: 46333 | DN4: 46334 | DO4: 46335 | DP4: 46336 | DQ4: 46337 | DR4: 46338 | DS4: 46339 | DT4: 46340 | DU4: 46341 | DV4: 46342 | DW4: 46343 | DX4: 46344 | DY4: 46345 | DZ4: 46346 | EA4: 46347 | EB4: 46348 | EC4: 46349 | ED4: 46350 | EE4: 46351 | EF4: 46352 | EG4: 46353 | EH4: 46354 | EI4: 46355 | EJ4: 46356 | EK4: 46357 | EL4: 46358 | EM4: 46359 | EN4: 46360 | EO4: 46361 | EP4: 46362 | EQ4: 46363 | ER4: 46364 | ES4: 46365 | ET4: 46366 | EU4: 46367 | EV4: 46368 | EW4: 46369 | EX4: 46370 | EY4: 46371 | EZ4: 46372 | FA4: 46373 | FB4: 46374 | FC4: 46375 | FD4: 46376 | FE4: 46377 | FF4: 46378 | FG4: 46379 | FH4: 46380 | FI4: 46381 | FJ4: 46382 | FK4: 46383 | FL4: 46384 | FM4: 46385 | FN4: 46386 | FO4: 46387 | FP4: 46388 | FQ4: 46389 | FR4: 46390 | FS4: 46391 | FT4: 46392 | FU4: 46393 | FV4: 46394 | FW4: 46395 | FX4: 46396 | FY4: 46397 | FZ4: 46398 | GA4: 46399 | GB4: 46400 | GC4: 46401 | GD4: 46402 | GE4: 46403 | GF4: 46404 | GG4: 46405 | GH4: 46406 | GI4: 46407 | GJ4: 46408 | GK4: 46409 | GL4: 46410 | GM4: 46411 | GN4: 46412 | GO4: 46413 | GP4: 46414 | GQ4: 46415 | GR4: 46416 | GS4: 46417 | GT4: 46418 | GU4: 46419 | GV4: 46420 | GW4: 46421 | GX4: 46422 | GY4: 46423 | GZ4: 46424 | HA4: 46425 | HB4: 46426 | HC4: 46427 | HD4: 46428 | HE4: 46429 | HF4: 46430 | HG4: 46431 | HH4: 46432 | HI4: 46433 | HJ4: 46434 | HK4: 46435 | HL4: 46436 | HM4: 46437 | HN4: 46438 | HO4: 46439 | HP4: 46440 | HQ4: 46441 | HR4: 46442 | HS4: 46443 | HT4: 46444 | HU4: 46445 | HV4: 46446 | HW4: 46447 | HX4: 46448 | HY4: 46449 | HZ4: 46450 | IA4: 46451 | IB4: 46452 | IC4: 46453 | ID4: 46454 | IE4: 46455 | IF4: 46456 | IG4: 46457 | IH4: 46458 | II4: 46459 | IJ4: 46460 | IK4: 46461 | IL4: 46462 | IM4: 46463 | IN4: 46464 | IO4: 46465 | IP4: 46466 | IQ4: 46467 | IR4: 46468 | IS4: 46469 | IT4: 46470 | IU4: 46471 | IV4: 46472 | IW4: 46473 | IX4: 46474 | IY4: 46475 | IZ4: 46476 | JA4: 46477
A5: Улучшенный номер - с двуспальной кроватью Улучшенный номер с 2 односпальными кроватями Улучшенный номер, для маломобильных - с двуспальной кроватью
A6: 1 | B6: =BAR!#REF!*0.9*0.9 -> #REF! | C6: =BAR!#REF!*0.9*0.9 -> #REF! | D6: =BAR!#REF!*0.9*0.9 -> #REF! | E6: =BAR!#REF!*0.9*0.9 -> #REF! | F6: =BAR!#REF!*0.9*0.9 -> #REF! | G6: =BAR!#REF!*0.9*0.9 -> #REF! | H6: =BAR!#REF!*0.9*0.9 -> #REF! | I6: =BAR!#REF!*0.9*0.9 -> #REF! | ... AZ6: =BAR!#REF!*0.9*0.9 -> #REF! | BA6: =BAR!B6*0.9*0.9 -> 11502 | BB6: =BAR!C6*0.9*0.9 -> 11502 | BC6: =BAR!D6*0.9*0.9 -> 11502 | BD6: =BAR!E6*0.9*0.9 -> 11502 | BE6: =BAR!F6*0.9*0.9 -> 11907 | BF6: =BAR!G6*0.9*0.9 -> 11907 | BG6: =BAR!H6*0.9*0.9 -> 11907 | BH6: =BAR!I6*0.9*0.9 -> 11907 | ... JA6: =BAR!HB6*0.9*0.9 -> 14944.5
A7: 2 | B7: =BAR!#REF!*0.9*0.9 -> #REF! | C7: =BAR!#REF!*0.9*0.9 -> #REF! | D7: =BAR!#REF!*0.9*0.9 -> #REF! | E7: =BAR!#REF!*0.9*0.9 -> #REF! | F7: =BAR!#REF!*0.9*0.9 -> #REF! | G7: =BAR!#REF!*0.9*0.9 -> #REF! | H7: =BAR!#REF!*0.9*0.9 -> #REF! | I7: =BAR!#REF!*0.9*0.9 -> #REF! | ... AZ7: =BAR!#REF!*0.9*0.9 -> #REF! | BA7: =BAR!B7*0.9*0.9 -> 13284 | BB7: =BAR!C7*0.9*0.9 -> 13284 | BC7: =BAR!D7*0.9*0.9 -> 13284 | BD7: =BAR!E7*0.9*0.9 -> 13284 | BE7: =BAR!F7*0.9*0.9 -> 13689 | BF7: =BAR!G7*0.9*0.9 -> 13689 | BG7: =BAR!H7*0.9*0.9 -> 13689 | BH7: =BAR!I7*0.9*0.9 -> 13689 | ... JA7: =BAR!HB7*0.9*0.9 -> 17172
A8: Улучшенный номер, вид на горы - с двуспальной кроватью Улучшенный номер, вид на горы с 2 односпальными кроватями
A9: 1 | B9: =BAR!#REF!*0.9*0.9 -> #REF! | C9: =BAR!#REF!*0.9*0.9 -> #REF! | D9: =BAR!#REF!*0.9*0.9 -> #REF! | E9: =BAR!#REF!*0.9*0.9 -> #REF! | F9: =BAR!#REF!*0.9*0.9 -> #REF! | G9: =BAR!#REF!*0.9*0.9 -> #REF! | H9: =BAR!#REF!*0.9*0.9 -> #REF! | I9: =BAR!#REF!*0.9*0.9 -> #REF! | ... AZ9: =BAR!#REF!*0.9*0.9 -> #REF! | BA9: =BAR!B9*0.9*0.9 -> 13932 | BB9: =BAR!C9*0.9*0.9 -> 13932 | BC9: =BAR!D9*0.9*0.9 -> 13932 | BD9: =BAR!E9*0.9*0.9 -> 13932 | BE9: =BAR!F9*0.9*0.9 -> 14337 | BF9: =BAR!G9*0.9*0.9 -> 14337 | BG9: =BAR!H9*0.9*0.9 -> 14337 | BH9: =BAR!I9*0.9*0.9 -> 14337 | ... JA9: =BAR!HB9*0.9*0.9 -> 18184.5
A10: 2 | B10: =BAR!#REF!*0.9*0.9 -> #REF! | C10: =BAR!#REF!*0.9*0.9 -> #REF! | D10: =BAR!#REF!*0.9*0.9 -> #REF! | E10: =BAR!#REF!*0.9*0.9 -> #REF! | F10: =BAR!#REF!*0.9*0.9 -> #REF! | G10: =BAR!#REF!*0.9*0.9 -> #REF! | H10: =BAR!#REF!*0.9*0.9 -> #REF! | I10: =BAR!#REF!*0.9*0.9 -> #REF! | ... AZ10: =BAR!#REF!*0.9*0.9 -> #REF! | BA10: =BAR!B10*0.9*0.9 -> 15714 | BB10: =BAR!C10*0.9*0.9 -> 15714 | BC10: =BAR!D10*0.9*0.9 -> 15714 | BD10: =BAR!E10*0.9*0.9 -> 15714 | BE10: =BAR!F10*0.9*0.9 -> 16119 | BF10: =BAR!G10*0.9*0.9 -> 16119 | BG10: =BAR!H10*0.9*0.9 -> 16119 | BH10: =BAR!I10*0.9*0.9 -> 16119 | ... JA10: =BAR!HB10*0.9*0.9 -> 20412
A11: Номер Люкс - с двуспальной кроватью
A12: 1 | B12: =BAR!#REF!*0.9*0.9 -> #REF! | C12: =BAR!#REF!*0.9*0.9 -> #REF! | D12: =BAR!#REF!*0.9*0.9 -> #REF! | E12: =BAR!#REF!*0.9*0.9 -> #REF! | F12: =BAR!#REF!*0.9*0.9 -> #REF! | G12: =BAR!#REF!*0.9*0.9 -> #REF! | H12: =BAR!#REF!*0.9*0.9 -> #REF! | I12: =BAR!#REF!*0.9*0.9 -> #REF! | ... AZ12: =BAR!#REF!*0.9*0.9 -> #REF! | BA12: =BAR!B12*0.9*0.9 -> 18792 | BB12: =BAR!C12*0.9*0.9 -> 18792 | BC12: =BAR!D12*0.9*0.9 -> 18792 | BD12: =BAR!E12*0.9*0.9 -> 18792 | BE12: =BAR!F12*0.9*0.9 -> 19197 | BF12: =BAR!G12*0.9*0.9 -> 19197 | BG12: =BAR!H12*0.9*0.9 -> 19197 | BH12: =BAR!I12*0.9*0.9 -> 19197 | ... JA12: =BAR!HB12*0.9*0.9 -> 26284.5
A13: 2 | B13: =BAR!#REF!*0.9*0.9 -> #REF! | C13: =BAR!#REF!*0.9*0.9 -> #REF! | D13: =BAR!#REF!*0.9*0.9 -> #REF! | E13: =BAR!#REF!*0.9*0.9 -> #REF! | F13: =BAR!#REF!*0.9*0.9 -> #REF! | G13: =BAR!#REF!*0.9*0.9 -> #REF! | H13: =BAR!#REF!*0.9*0.9 -> #REF! | I13: =BAR!#REF!*0.9*0.9 -> #REF! | ... AZ13: =BAR!#REF!*0.9*0.9 -> #REF! | BA13: =BAR!B13*0.9*0.9 -> 20574 | BB13: =BAR!C13*0.9*0.9 -> 20574 | BC13: =BAR!D13*0.9*0.9 -> 20574 | BD13: =BAR!E13*0.9*0.9 -> 20574 | BE13: =BAR!F13*0.9*0.9 -> 20979 | BF13: =BAR!G13*0.9*0.9 -> 20979 | BG13: =BAR!H13*0.9*0.9 -> 20979 | BH13: =BAR!I13*0.9*0.9 -> 20979 | ... JA13: =BAR!HB13*0.9*0.9 -> 28512
A14: Представительский Люкс - с двуспальной кроватью
A15: 1 | B15: =BAR!#REF!*0.9*0.9 -> #REF! | C15: =BAR!#REF!*0.9*0.9 -> #REF! | D15: =BAR!#REF!*0.9*0.9 -> #REF! | E15: =BAR!#REF!*0.9*0.9 -> #REF! | F15: =BAR!#REF!*0.9*0.9 -> #REF! | G15: =BAR!#REF!*0.9*0.9 -> #REF! | H15: =BAR!#REF!*0.9*0.9 -> #REF! | I15: =BAR!#REF!*0.9*0.9 -> #REF! | ... AZ15: =BAR!#REF!*0.9*0.9 -> #REF! | BA15: =BAR!B15*0.9*0.9 -> 21222 | BB15: =BAR!C15*0.9*0.9 -> 21222 | BC15: =BAR!D15*0.9*0.9 -> 21222 | BD15: =BAR!E15*0.9*0.9 -> 21222 | BE15: =BAR!F15*0.9*0.9 -> 21627 | BF15: =BAR!G15*0.9*0.9 -> 21627 | BG15: =BAR!H15*0.9*0.9 -> 21627 | BH15: =BAR!I15*0.9*0.9 -> 21627 | ... JA15: =BAR!HB15*0.9*0.9 -> 31144.5
A16: 2 | B16: =BAR!#REF!*0.9*0.9 -> #REF! | C16: =BAR!#REF!*0.9*0.9 -> #REF! | D16: =BAR!#REF!*0.9*0.9 -> #REF! | E16: =BAR!#REF!*0.9*0.9 -> #REF! | F16: =BAR!#REF!*0.9*0.9 -> #REF! | G16: =BAR!#REF!*0.9*0.9 -> #REF! | H16: =BAR!#REF!*0.9*0.9 -> #REF! | I16: =BAR!#REF!*0.9*0.9 -> #REF! | ... AZ16: =BAR!#REF!*0.9*0.9 -> #REF! | BA16: =BAR!B16*0.9*0.9 -> 23004 | BB16: =BAR!C16*0.9*0.9 -> 23004 | BC16: =BAR!D16*0.9*0.9 -> 23004 | BD16: =BAR!E16*0.9*0.9 -> 23004 | BE16: =BAR!F16*0.9*0.9 -> 23409 | BF16: =BAR!G16*0.9*0.9 -> 23409 | BG16: =BAR!H16*0.9*0.9 -> 23409 | BH16: =BAR!I16*0.9*0.9 -> 23409 | ... JA16: =BAR!HB16*0.9*0.9 -> 33372
A17: Пентхаус, 2-этажный, с террасой - с 2 спальнями
A18: от 1 до 4 | B18: =BAR!#REF!*0.9*0.9 -> #REF! | C18: =BAR!#REF!*0.9*0.9 -> #REF! | D18: =BAR!#REF!*0.9*0.9 -> #REF! | E18: =BAR!#REF!*0.9*0.9 -> #REF! | F18: =BAR!#REF!*0.9*0.9 -> #REF! | G18: =BAR!#REF!*0.9*0.9 -> #REF! | H18: =BAR!#REF!*0.9*0.9 -> #REF! | I18: =BAR!#REF!*0.9*0.9 -> #REF! | ... AZ18: =BAR!#REF!*0.9*0.9 -> #REF! | BA18: =BAR!B18*0.9*0.9 -> 39852 | BB18: =BAR!C18*0.9*0.9 -> 39852 | BC18: =BAR!D18*0.9*0.9 -> 39852 | BD18: =BAR!E18*0.9*0.9 -> 39852 | BE18: =BAR!F18*0.9*0.9 -> 40257 | BF18: =BAR!G18*0.9*0.9 -> 40257 | BG18: =BAR!H18*0.9*0.9 -> 40257 | BH18: =BAR!I18*0.9*0.9 -> 40257 | ... JA18: =BAR!HB18*0.9*0.9 -> 47344.5
A19: Люкс Красная Поляна, 2-этажный, с террасой - с 3 спальнями
A20: от 1 до 6 | B20: =BAR!#REF!*0.9*0.9 -> #REF! | C20: =BAR!#REF!*0.9*0.9 -> #REF! | D20: =BAR!#REF!*0.9*0.9 -> #REF! | E20: =BAR!#REF!*0.9*0.9 -> #REF! | F20: =BAR!#REF!*0.9*0.9 -> #REF! | G20: =BAR!#REF!*0.9*0.9 -> #REF! | H20: =BAR!#REF!*0.9*0.9 -> #REF! | I20: =BAR!#REF!*0.9*0.9 -> #REF! | ... AZ20: =BAR!#REF!*0.9*0.9 -> #REF! | BA20: =BAR!B20*0.9*0.9 -> 56052 | BB20: =BAR!C20*0.9*0.9 -> 56052 | BC20: =BAR!D20*0.9*0.9 -> 56052 | BD20: =BAR!E20*0.9*0.9 -> 56052 | BE20: =BAR!F20*0.9*0.9 -> 56457 | BF20: =BAR!G20*0.9*0.9 -> 56457 | BG20: =BAR!H20*0.9*0.9 -> 56457 | BH20: =BAR!I20*0.9*0.9 -> 56457 | ... JA20: =BAR!HB20*0.9*0.9 -> 71644.5
A21: ВАЖНО:
A22: Доступен для бронирования от 7 до 14 дней до заезда.
A23: Даты тарифа (включительно):
A24: Период продажи: 25.03.2026 - 30.03.2027 Период проживания: 29.12.2026 - 31.03.2027
A25: Закрытые даты (включительно):
A26: 15.07.2026 - 30.11.2026 29.12.2026 - 08.01.2027 19.02.2027 - 27.02.2027
A27: В стоимость включено:
A28: Подъем на канатной дороге с Поляны 540 на Поляну 960; Проживание в номере выбранной категории; Завтрак "Шведский стол" в ресторане "Прагер"; Шоколадный час ежедневно с 17.00 до 17.45; Посещение SPA комплекса отеля; Wi-Fi на территории всего отеля; Комната для хранения горнолыжного оборудования; Услуги консьержа, в том числе мобильный консьерж-сервис; Доставка багажа в номер / из номера; Услуги парковки автомобиля (крытая парковка);
A29: Условия аннуляции:
A30: Для оформления бронирования необходимо внести 100% предоплату в размере полной стоимости проживания. В случае отмены или изменения бронирования после 00:00 часов дня заезда удерживается стоимость первых суток.

Sheet РБ15%FIT15
A1: Мовенпик Красная Поляна 5*
A2: Тариф "Раннее бронирование со скидкой 15%, завтрак включен"
A3: нетто тарифы
A4: завтраки формата "Шведский стол" | B4: 46218 | C4: 46219 | D4: 46220 | E4: 46221 | F4: 46222 | G4: 46223 | H4: 46224 | I4: 46225 | J4: 46226 | K4: 46227 | L4: 46228 | M4: 46229 | N4: 46230 | O4: 46231 | P4: 46232 | Q4: 46233 | R4: 46234 | S4: 46235 | T4: 46236 | U4: 46237 | V4: 46238 | W4: 46239 | X4: 46240 | Y4: 46241 | Z4: 46242 | AA4: 46243 | AB4: 46244 | AC4: 46245 | AD4: 46246 | AE4: 46247 | AF4: 46248 | AG4: 46249 | AH4: 46250 | AI4: 46251 | AJ4: 46252 | AK4: 46253 | AL4: 46254 | AM4: 46255 | AN4: 46256 | AO4: 46257 | AP4: 46258 | AQ4: 46259 | AR4: 46260 | AS4: 46261 | AT4: 46262 | AU4: 46263 | AV4: 46264 | AW4: 46265 | AX4: 46266 | AY4: 46267 | AZ4: 46268 | BA4: 46269 | BB4: 46270 | BC4: 46271 | BD4: 46272 | BE4: 46273 | BF4: 46274 | BG4: 46275 | BH4: 46276 | BI4: 46277 | BJ4: 46278 | BK4: 46279 | BL4: 46280 | BM4: 46281 | BN4: 46282 | BO4: 46283 | BP4: 46284 | BQ4: 46285 | BR4: 46286 | BS4: 46287 | BT4: 46288 | BU4: 46289 | BV4: 46290 | BW4: 46291 | BX4: 46292 | BY4: 46293 | BZ4: 46294 | CA4: 46295 | CB4: 46296 | CC4: 46297 | CD4: 46298 | CE4: 46299 | CF4: 46300 | CG4: 46301 | CH4: 46302 | CI4: 46303 | CJ4: 46304 | CK4: 46305 | CL4: 46306 | CM4: 46307 | CN4: 46308 | CO4: 46309 | CP4: 46310 | CQ4: 46311 | CR4: 46312 | CS4: 46313 | CT4: 46314 | CU4: 46315 | CV4: 46316 | CW4: 46317 | CX4: 46318 | CY4: 46319 | CZ4: 46320 | DA4: 46321 | DB4: 46322 | DC4: 46323 | DD4: 46324 | DE4: 46325 | DF4: 46326 | DG4: 46327 | DH4: 46328 | DI4: 46329 | DJ4: 46330 | DK4: 46331 | DL4: 46332 | DM4: 46333 | DN4: 46334 | DO4: 46335 | DP4: 46336 | DQ4: 46337 | DR4: 46338 | DS4: 46339 | DT4: 46340 | DU4: 46341 | DV4: 46342 | DW4: 46343 | DX4: 46344 | DY4: 46345 | DZ4: 46346 | EA4: 46347 | EB4: 46348 | EC4: 46349 | ED4: 46350 | EE4: 46351 | EF4: 46352 | EG4: 46353 | EH4: 46354 | EI4: 46355 | EJ4: 46356 | EK4: 46357 | EL4: 46358 | EM4: 46359 | EN4: 46360 | EO4: 46361 | EP4: 46362 | EQ4: 46363 | ER4: 46364 | ES4: 46365 | ET4: 46366 | EU4: 46367 | EV4: 46368 | EW4: 46369 | EX4: 46370 | EY4: 46371 | EZ4: 46372 | FA4: 46373 | FB4: 46374 | FC4: 46375 | FD4: 46376 | FE4: 46377 | FF4: 46378 | FG4: 46379 | FH4: 46380 | FI4: 46381 | FJ4: 46382 | FK4: 46383 | FL4: 46384 | FM4: 46385 | FN4: 46386 | FO4: 46387 | FP4: 46388 | FQ4: 46389 | FR4: 46390 | FS4: 46391 | FT4: 46392 | FU4: 46393 | FV4: 46394 | FW4: 46395 | FX4: 46396 | FY4: 46397 | FZ4: 46398 | GA4: 46399 | GB4: 46400 | GC4: 46401 | GD4: 46402 | GE4: 46403 | GF4: 46404 | GG4: 46405 | GH4: 46406 | GI4: 46407 | GJ4: 46408 | GK4: 46409 | GL4: 46410 | GM4: 46411 | GN4: 46412 | GO4: 46413 | GP4: 46414 | GQ4: 46415 | GR4: 46416 | GS4: 46417 | GT4: 46418 | GU4: 46419 | GV4: 46420 | GW4: 46421 | GX4: 46422 | GY4: 46423 | GZ4: 46424 | HA4: 46425 | HB4: 46426 | HC4: 46427 | HD4: 46428 | HE4: 46429 | HF4: 46430 | HG4: 46431 | HH4: 46432 | HI4: 46433 | HJ4: 46434 | HK4: 46435 | HL4: 46436 | HM4: 46437 | HN4: 46438 | HO4: 46439 | HP4: 46440 | HQ4: 46441 | HR4: 46442 | HS4: 46443 | HT4: 46444 | HU4: 46445 | HV4: 46446 | HW4: 46447 | HX4: 46448 | HY4: 46449 | HZ4: 46450 | IA4: 46451 | IB4: 46452 | IC4: 46453 | ID4: 46454 | IE4: 46455 | IF4: 46456 | IG4: 46457 | IH4: 46458 | II4: 46459 | IJ4: 46460 | IK4: 46461 | IL4: 46462 | IM4: 46463 | IN4: 46464 | IO4: 46465 | IP4: 46466 | IQ4: 46467 | IR4: 46468 | IS4: 46469 | IT4: 46470 | IU4: 46471 | IV4: 46472 | IW4: 46473 | IX4: 46474 | IY4: 46475 | IZ4: 46476 | JA4: 46477
A5: Улучшенный номер - с двуспальной кроватью Улучшенный номер с 2 односпальными кроватями Улучшенный номер, для маломобильных - с двуспальной кроватью
A6: 1 | B6: ='РБ15% '!B6*0.9 -> #REF! | C6: ='РБ15% '!C6*0.9 -> #REF! | D6: ='РБ15% '!D6*0.9 -> #REF! | E6: ='РБ15% '!E6*0.9 -> #REF! | F6: ='РБ15% '!F6*0.9 -> #REF! | G6: ='РБ15% '!G6*0.9 -> #REF! | H6: ='РБ15% '!H6*0.9 -> #REF! | I6: ='РБ15% '!I6*0.9 -> #REF! | ... JA6: ='РБ15% '!JA6*0.9 -> 14114.25
A7: 2 | B7: ='РБ15% '!B7*0.9 -> #REF! | C7: ='РБ15% '!C7*0.9 -> #REF! | D7: ='РБ15% '!D7*0.9 -> #REF! | E7: ='РБ15% '!E7*0.9 -> #REF! | F7: ='РБ15% '!F7*0.9 -> #REF! | G7: ='РБ15% '!G7*0.9 -> #REF! | H7: ='РБ15% '!H7*0.9 -> #REF! | I7: ='РБ15% '!I7*0.9 -> #REF! | ... JA7: ='РБ15% '!JA7*0.9 -> 16218
A8: Улучшенный номер, вид на горы - с двуспальной кроватью Улучшенный номер, вид на горы с 2 односпальными кроватями
A9: 1 | B9: ='РБ15% '!B9*0.9 -> #REF! | C9: ='РБ15% '!C9*0.9 -> #REF! | D9: ='РБ15% '!D9*0.9 -> #REF! | E9: ='РБ15% '!E9*0.9 -> #REF! | F9: ='РБ15% '!F9*0.9 -> #REF! | G9: ='РБ15% '!G9*0.9 -> #REF! | H9: ='РБ15% '!H9*0.9 -> #REF! | I9: ='РБ15% '!I9*0.9 -> #REF! | ... JA9: ='РБ15% '!JA9*0.9 -> 17174.25
A10: 2 | B10: ='РБ15% '!B10*0.9 -> #REF! | C10: ='РБ15% '!C10*0.9 -> #REF! | D10: ='РБ15% '!D10*0.9 -> #REF! | E10: ='РБ15% '!E10*0.9 -> #REF! | F10: ='РБ15% '!F10*0.9 -> #REF! | G10: ='РБ15% '!G10*0.9 -> #REF! | H10: ='РБ15% '!H10*0.9 -> #REF! | I10: ='РБ15% '!I10*0.9 -> #REF! | ... JA10: ='РБ15% '!JA10*0.9 -> 19278
A11: Номер Люкс - с двуспальной кроватью
A12: 1 | B12: ='РБ15% '!B12*0.9 -> #REF! | C12: ='РБ15% '!C12*0.9 -> #REF! | D12: ='РБ15% '!D12*0.9 -> #REF! | E12: ='РБ15% '!E12*0.9 -> #REF! | F12: ='РБ15% '!F12*0.9 -> #REF! | G12: ='РБ15% '!G12*0.9 -> #REF! | H12: ='РБ15% '!H12*0.9 -> #REF! | I12: ='РБ15% '!I12*0.9 -> #REF! | ... JA12: ='РБ15% '!JA12*0.9 -> 24824.25
A13: 2 | B13: ='РБ15% '!B13*0.9 -> #REF! | C13: ='РБ15% '!C13*0.9 -> #REF! | D13: ='РБ15% '!D13*0.9 -> #REF! | E13: ='РБ15% '!E13*0.9 -> #REF! | F13: ='РБ15% '!F13*0.9 -> #REF! | G13: ='РБ15% '!G13*0.9 -> #REF! | H13: ='РБ15% '!H13*0.9 -> #REF! | I13: ='РБ15% '!I13*0.9 -> #REF! | ... JA13: ='РБ15% '!JA13*0.9 -> 26928
A14: Представительский Люкс - с двуспальной кроватью
A15: 1 | B15: ='РБ15% '!B15*0.9 -> #REF! | C15: ='РБ15% '!C15*0.9 -> #REF! | D15: ='РБ15% '!D15*0.9 -> #REF! | E15: ='РБ15% '!E15*0.9 -> #REF! | F15: ='РБ15% '!F15*0.9 -> #REF! | G15: ='РБ15% '!G15*0.9 -> #REF! | H15: ='РБ15% '!H15*0.9 -> #REF! | I15: ='РБ15% '!I15*0.9 -> #REF! | ... JA15: ='РБ15% '!JA15*0.9 -> 29414.25
A16: 2 | B16: ='РБ15% '!B16*0.9 -> #REF! | C16: ='РБ15% '!C16*0.9 -> #REF! | D16: ='РБ15% '!D16*0.9 -> #REF! | E16: ='РБ15% '!E16*0.9 -> #REF! | F16: ='РБ15% '!F16*0.9 -> #REF! | G16: ='РБ15% '!G16*0.9 -> #REF! | H16: ='РБ15% '!H16*0.9 -> #REF! | I16: ='РБ15% '!I16*0.9 -> #REF! | ... JA16: ='РБ15% '!JA16*0.9 -> 31518
A17: Пентхаус, 2-этажный, с террасой - с 2 спальнями
A18: от 1 до 4 | B18: ='РБ15% '!B18*0.9 -> #REF! | C18: ='РБ15% '!C18*0.9 -> #REF! | D18: ='РБ15% '!D18*0.9 -> #REF! | E18: ='РБ15% '!E18*0.9 -> #REF! | F18: ='РБ15% '!F18*0.9 -> #REF! | G18: ='РБ15% '!G18*0.9 -> #REF! | H18: ='РБ15% '!H18*0.9 -> #REF! | I18: ='РБ15% '!I18*0.9 -> #REF! | ... JA18: ='РБ15% '!JA18*0.9 -> 44714.25
A19: Люкс Красная Поляна, 2-этажный, с террасой - с 3 спальнями
A20: от 1 до 6 | B20: ='РБ15% '!B20*0.9 -> #REF! | C20: ='РБ15% '!C20*0.9 -> #REF! | D20: ='РБ15% '!D20*0.9 -> #REF! | E20: ='РБ15% '!E20*0.9 -> #REF! | F20: ='РБ15% '!F20*0.9 -> #REF! | G20: ='РБ15% '!G20*0.9 -> #REF! | H20: ='РБ15% '!H20*0.9 -> #REF! | I20: ='РБ15% '!I20*0.9 -> #REF! | ... JA20: ='РБ15% '!JA20*0.9 -> 67664.25
A21: ВАЖНО:
A22: Доступен для бронирования от 15 дней до заезда.
A23: Даты тарифа (включительно):
A24: Период продажи: 25.03.2026 - 30.03.2027 Период проживания: 29.12.2026 - 31.03.2027
A25: Закрытые даты (включительно):
A26: 15.07.2026 - 30.11.2026 29.12.2026 - 08.01.2027 19.02.2027 - 27.02.2027
A27: В стоимость включено:
A28: Подъем на канатной дороге с Поляны 540 на Поляну 960; Проживание в номере выбранной категории; Завтрак "Шведский стол" в ресторане "Прагер"; Шоколадный час ежедневно с 17.00 до 17.45; Посещение SPA комплекса отеля; Wi-Fi на территории всего отеля; Комната для хранения горнолыжного оборудования; Услуги консьержа, в том числе мобильный консьерж-сервис; Доставка багажа в номер / из номера; Услуги парковки автомобиля (крытая парковка).
A29: Условия аннуляции:
A30: Для оформления бронирования необходимо внести 100% предоплату в размере полной стоимости проживания. В случае отмены или изменения бронирования после 00:00 часов дня заезда удерживается стоимость первых суток.

Sheet ОиК FIT15
A1: Мовенпик Красная Поляна 5*
A2: тариф ОТДЫХАЙ И КАТАЙ
A3: нетто тарифы
A4: завтраки формата "Шведский стол" | B4: =ОиК!B4 -> 46148 | C4: =ОиК!C4 -> 46149 | D4: =ОиК!D4 -> 46150 | E4: =ОиК!E4 -> 46151
A5: Улучшенный номер - с двуспальной кроватью, с 2 односпальными кроватями
A6: 1 | B6: =ОиК!B6*0.9 -> #REF! | C6: =ОиК!C6*0.9 -> #REF! | D6: =ОиК!D6*0.9 -> #REF! | E6: =ОиК!E6*0.9 -> #REF!
A7: 2 | B7: =ОиК!B7*0.9 -> #REF! | C7: =ОиК!C7*0.9 -> #REF! | D7: =ОиК!D7*0.9 -> #REF! | E7: =ОиК!E7*0.9 -> #REF!
A8: Улучшенный номер, вид на горы - с двуспальной кроватью, с 2 односпальными кроватями
A9: 1 | B9: =ОиК!B9*0.9 -> #REF! | C9: =ОиК!C9*0.9 -> #REF! | D9: =ОиК!D9*0.9 -> #REF! | E9: =ОиК!E9*0.9 -> #REF!
A10: 2 | B10: =ОиК!B10*0.9 -> #REF! | C10: =ОиК!C10*0.9 -> #REF! | D10: =ОиК!D10*0.9 -> #REF! | E10: =ОиК!E10*0.9 -> #REF!
A11: Номер Люкс - с двуспальной кроватью
A12: 1 | B12: =ОиК!B12*0.9 -> #REF! | C12: =ОиК!C12*0.9 -> #REF! | D12: =ОиК!D12*0.9 -> #REF! | E12: =ОиК!E12*0.9 -> #REF!
A13: 2 | B13: =ОиК!B13*0.9 -> #REF! | C13: =ОиК!C13*0.9 -> #REF! | D13: =ОиК!D13*0.9 -> #REF! | E13: =ОиК!E13*0.9 -> #REF!
A14: Представительский Люкс - с двуспальной кроватью
A15: 1 | B15: =ОиК!B15*0.9 -> #REF! | C15: =ОиК!C15*0.9 -> #REF! | D15: =ОиК!D15*0.9 -> #REF! | E15: =ОиК!E15*0.9 -> #REF!
A16: 2 | B16: =ОиК!B16*0.9 -> #REF! | C16: =ОиК!C16*0.9 -> #REF! | D16: =ОиК!D16*0.9 -> #REF! | E16: =ОиК!E16*0.9 -> #REF!
A17: Пентхаус, 2-этажный, с террасой - с 2 спальнями
A18: от 1 до 4 | B18: =ОиК!B18*0.9 -> #REF! | C18: =ОиК!C18*0.9 -> #REF! | D18: =ОиК!D18*0.9 -> #REF! | E18: =ОиК!E18*0.9 -> #REF!
A19: Люкс Красная Поляна, 2-этажный, с террасой - с 3 спальнями
A20: от 1 до 6 | B20: =ОиК!B20*0.9 -> #REF! | C20: =ОиК!C20*0.9 -> #REF! | D20: =ОиК!D20*0.9 -> #REF! | E20: =ОиК!E20*0.9 -> #REF!
A21: ВАЖНО:
A22: Дополнительно на каждый день проживания в стоимость заявки добавляются ски-пассы для каждого взрослого, стоимость: 09.01.2025 - 31.03.2026 включительно - 3500 рублей. 01.04.2026 - 09.05.2026 включительно - 2000 рублей. При размещении дополнительных гостей, также на каждый день проживания добавляются в стоимость заявки ски-пассы на каждого взрослого гостя: 09.01.2025 - 31.03.2026 включительно - 3500 рублей. 01.04.2026 - 09.05.2026 включительно - 2000 рублей.
A23: В Тravelline тариф выгружается с учетом стоимости ски-пассов на каждого взрослого в заявке. В заявки, направляемые вручную по почте, дополнительно на каждый день проживания в стоимость добавляется стоимость ски-пассов для каждого взрослого самостоятельно.
A24: Выдача электронного купона производится при заселении на стойке регистрации. Получить ски-пассы можно в автоматах (пикап-поинтах) у канатных дорог. Возврат средств за неиспользованные ски-пассы не производится. Тариф включает ски-пассы только для взрослых гостей. Детские ски-пассы приобретаются в кассе курорта или на стойке «Чем заняться» за 1 рубль.
A25: Даты тарифа:
A26: Период продажи: 31.10.2025 - 09.05.2026 Период проживания: 09.01.2026 - 10.05.2026
A27: В стоимость включено:
A28: Проживание в номере выбранной категории со скидкой 10%; Ски-пасс "Дневной взрослый" со скидкой 50% на весь период проживания (от открытой стоимости krasnayapolyanaresort.ru);* Завтрак "Шведский стол" в ресторане "Прагер"; Шоколадный час ежедневно с 17.00 до 17.45; Посещение SPA комплекса отеля; Бесплатный Wi-Fi на территории всего отеля; Комната для хранения горнолыжного оборудования; Услуги бизнес-центра (персональный компьютер, принтер, Интернет); Услуги консьержа, в том числе мобильный консьерж-сервис; Доставка багажа в номер / из номера; Услуги парковки автомобиля (крытая парковка). *Количество ски-пассов равно количеству ночей проживания
A29: Дополнительно в стоимость включено с 08.04.2026:
A30: Скидка 15% на все массажи и спа-процедуры во всех СПА Курорта (Mövenpick5*, Novotel Resort&Spa 5*, Rixos 5* и Marriott 5*, с 13.04.26 в отеле Panorama by Mercure 4*); Скидка 30% на меню и напитки ресторана «Вершина» (2200 м); Скидка 25% на разовый визит в СПА Novotel Resort&Spa 5* с открытым бассейном; Аренда малого банного комплекса с 9:00 до 11:00 (не более 5 гостей) - до 5 авторских процедур в подарок «Ритуал Воздуха» или «Сила Стихий»; Разовое посещение большого банного комплекса от 4 000р./взр и детский тариф со скидкой 50% от стоимости тарифа для взрослых (Посещение не входит в стоимость, оплачивается дополнительно). Подробная информация о предоставлении услуг в Службе поддержки Курорта: тел. 8 800 550 20 20 e-mail: infocenter@kpresort.ru. Услуги предложения действуют только в период проживания и предоставляются однократно, согласно условиям в купонной книге. Купонная книга выдается при заселении из расчета: 1 номер = 1 книга. Предложение ограничено и не комбинируется с другими действующими акциями отеля. НАО «Красная поляна» оставляет за собой право изменять услуги в составе пакета. Предоставление услуг может зависеть от высокой загрузки СПА и банного комплекса.
A31: Условия аннуляции:
A32: В случае отмены или изменения бронирования после 00:00 часов дня заезда удерживается стоимость первых суток.
... A34: Ежегодные регламентные работы на канатных дорогах курорта Красная Поляна пройдут с 16 марта по 24 июня 2026 года. С 10 по 31 мая будут закрыты канатные дороги Центрального сектора: («Красная Поляна» 540-960 м, «Реликтовый лес» 960-1460 м, «Вершина» 1460-2200 м, «Аибга» 2200-2050 м, «Черная Пирамида» 2050-2300 м). На время регламентных работ между уровнями 540-960 м будут курсировать шаттлы курорта. С 16 марта по 24 апреля будет закрыта канатная дорога Восточного сектора К‑13 «Водопад Поликаря. С 1 апреля по 24 апреля будут закрыты канатные дороги К‑10 «Восточный лес» и К‑12 «Старт чемпиона». К‑8 «Снежная звезда»: закрыта с 1 по 24 июня.

Sheet КвГ FIT15
A1: Мовенпик Красная Поляна 5*
A2: тариф КАНИКУЛЫ В ГОРАХ. ВЕСНА
A3: нетто тарифы
A4: завтраки формата "Шведский стол" | B4: 46169 | C4: 46170 | D4: 46171 | E4: 46172 | F4: 46173
A5: Улучшенный номер - с двуспальной кроватью Улучшенный номер с 2 односпальными кроватями Улучшенный номер, для маломобильных - с двуспальной кроватью
A6: 1 | B6: =ROUND(КвГ!F6*0.9,) -> #REF! | C6: =ROUND(КвГ!G6*0.9,) -> #REF! | D6: =ROUND(КвГ!H6*0.9,) -> #REF! | E6: =ROUND(КвГ!I6*0.9,) -> #REF! | F6: =ROUND(КвГ!J6*0.9,) -> #REF!
A7: 2 | B7: =ROUND(КвГ!F7*0.9,) -> #REF! | C7: =ROUND(КвГ!G7*0.9,) -> #REF! | D7: =ROUND(КвГ!H7*0.9,) -> #REF! | E7: =ROUND(КвГ!I7*0.9,) -> #REF! | F7: =ROUND(КвГ!J7*0.9,) -> #REF!
A8: Улучшенный номер, вид на горы - с двуспальной кроватью Улучшенный номер, вид на горы с 2 односпальными кроватями
A9: 1 | B9: =ROUND(КвГ!F9*0.9,) -> #REF! | C9: =ROUND(КвГ!G9*0.9,) -> #REF! | D9: =ROUND(КвГ!H9*0.9,) -> #REF! | E9: =ROUND(КвГ!I9*0.9,) -> #REF! | F9: =ROUND(КвГ!J9*0.9,) -> #REF!
A10: 2 | B10: =ROUND(КвГ!F10*0.9,) -> #REF! | C10: =ROUND(КвГ!G10*0.9,) -> #REF! | D10: =ROUND(КвГ!H10*0.9,) -> #REF! | E10: =ROUND(КвГ!I10*0.9,) -> #REF! | F10: =ROUND(КвГ!J10*0.9,) -> #REF!
A11: Номер Люкс - с двуспальной кроватью
A12: 1 | B12: =ROUND(КвГ!F12*0.9,) -> #REF! | C12: =ROUND(КвГ!G12*0.9,) -> #REF! | D12: =ROUND(КвГ!H12*0.9,) -> #REF! | E12: =ROUND(КвГ!I12*0.9,) -> #REF! | F12: =ROUND(КвГ!J12*0.9,) -> #REF!
A13: 2 | B13: =ROUND(КвГ!F13*0.9,) -> #REF! | C13: =ROUND(КвГ!G13*0.9,) -> #REF! | D13: =ROUND(КвГ!H13*0.9,) -> #REF! | E13: =ROUND(КвГ!I13*0.9,) -> #REF! | F13: =ROUND(КвГ!J13*0.9,) -> #REF!
A14: Представительский Люкс - с двуспальной кроватью
A15: 1 | B15: =ROUND(КвГ!F15*0.9,) -> #REF! | C15: =ROUND(КвГ!G15*0.9,) -> #REF! | D15: =ROUND(КвГ!H15*0.9,) -> #REF! | E15: =ROUND(КвГ!I15*0.9,) -> #REF! | F15: =ROUND(КвГ!J15*0.9,) -> #REF!
A16: 2 | B16: =ROUND(КвГ!F16*0.9,) -> #REF! | C16: =ROUND(КвГ!G16*0.9,) -> #REF! | D16: =ROUND(КвГ!H16*0.9,) -> #REF! | E16: =ROUND(КвГ!I16*0.9,) -> #REF! | F16: =ROUND(КвГ!J16*0.9,) -> #REF!
A17: Пентхаус, 2-этажный, с террасой - с 2 спальнями
A18: от 1 до 4 | B18: =ROUND(КвГ!F18*0.9,) -> #REF! | C18: =ROUND(КвГ!G18*0.9,) -> #REF! | D18: =ROUND(КвГ!H18*0.9,) -> #REF! | E18: =ROUND(КвГ!I18*0.9,) -> #REF! | F18: =ROUND(КвГ!J18*0.9,) -> #REF!
A19: Люкс Красная Поляна, 2-этажный, с террасой - с 3 спальнями
A20: от 1 до 6 | B20: =ROUND(КвГ!F20*0.9,) -> #REF! | C20: =ROUND(КвГ!G20*0.9,) -> #REF! | D20: =ROUND(КвГ!H20*0.9,) -> #REF! | E20: =ROUND(КвГ!I20*0.9,) -> #REF! | F20: =ROUND(КвГ!J20*0.9,) -> #REF!
A21: ВАЖНО:
A22: Бесплатное размещение 2-х детей до 11 лет вкл-но. Бесплатно предоставляются завтраки для 2-х детей и одно дополнительное место. Второй ребенок размещается на основных спальных местах. Дополнительно ЕДИНОРАЗОВО в стоимость заявки добавляется стоимость купонной книги для каждого взрослого: 15.03.2026 - 31.05.2026 включительно - 2500 руб/взр. При размещении дополнительных гостей, также ЕДИНОРАЗОВО добавляется стоимость купонной книги для каждого взрослого: 15.03.2026 - 31.05.2026 включительно - 2500 руб/взр.
A23: Даты тарифа:
A24: Период продажи: 20.02.2026 - 30.05.2026 Период проживания: 15.03.2026 - 31.05.2026
A25: В стоимость включено:
A26: Проживание в номере выбранной категории; Завтрак "Шведский стол" в ресторане "Прагер"; Шоколадный час ежедневно с 17.00 до 17.45; Посещение SPA комплекса отеля; Бесплатный Wi-Fi на территории всего отеля; Комната для хранения горнолыжного оборудования; Услуги бизнес-центра (персональный компьютер, принтер, Интернет); Услуги консьержа, в том числе мобильный консьерж-сервис; Доставка багажа в номер / из номера; Услуги парковки автомобиля (крытая парковка). Бесплатное размещение 2-х детей до 11 лет вкл-но. Бесплатно предоставляются завтраки для 2-х детей и одно дополнительное место.Второй ребенок размещается на основных спальных местах.
A27: По купонной книге в предложение "Каникулы в горях.Весна" входят бесплатно:
A28: 1. Прогулочные билеты "Панорама Красной Поляны" (для всех гостей, проживающих в номере); 2. Посещение Хаски центра (для всех гостей, проживающих в номере); 3. Посещение мини-зоопарка «Капибара и друзья» (для всех гостей, проживающих в номере); 4. Один маршрут веревочного парка (для всех гостей, проживающих в номере), услуга доступна при проживании с 01.05.2026; 5. Скидка 20% на занятие с инструктором в школе катания "Три вершины"; 6. Скидка 30% на прокат горнолыжного оборудования. Действует в пунктах проката на уровнях 540 и 960; 7. Спецтариф: Ферма северных оленей + Дача Альпача Прогулка по парку «Лес чудес», знакомство с оленями и альпаками. Входной билет — 800 ₽. Дети до 4 лет — бесплатно.; 8. Скидка 30% на аренду роликов или скейтборда в школе катания «Три вершины» Скидка 30% на 1 час проката для всех проживающих в номере в подарок (С даты открытия школы, ориентировочно с середины апреля) 9. Стикерпак в подарок (1 стикер на номер).
A29: Условия аннуляции:
A30: В случае отмены или изменения бронирования после 00:00 часов дня заезда удерживается стоимость первых суток.
A31: Дополнительная информация:
A32: Услуги и бонусы предложения действуют только в период проживания и предоставляются однократно, согласно условиям в купонной книге. Купонная книга выдается при заселении из расчета: 1 номер = 1 книга. Предложение ограничено и не комбинируется с другими действующими акциями отеля. НАО «Красная поляна» оставляет за собой право изменять услуги в составе пакета. Предоставление услуг может зависеть от погодных условий и графика работы канатных дорог.
... A34: Ежегодные регламентные работы на канатных дорогах курорта Красная Поляна пройдут с 16 марта по 24 июня 2026 года. С 10 по 31 мая будут закрыты канатные дороги Центрального сектора: («Красная Поляна» 540-960 м, «Реликтовый лес» 960-1460 м, «Вершина» 1460-2200 м, «Аибга» 2200-2050 м, «Черная Пирамида» 2050-2300 м). На время регламентных работ между уровнями 540-960 м будут курсировать шаттлы курорта. С 16 марта по 24 апреля будет закрыта канатная дорога Восточного сектора К‑13 «Водопад Поликаря. С 1 апреля по 24 апреля будут закрыты канатные дороги К‑10 «Восточный лес» и К‑12 «Старт чемпиона». К‑8 «Снежная звезда»: закрыта с 1 по 24 июня.

Sheet ТЧК FIT15
A1: Мовенпик Красная Поляна 5*
A2: ТОЧКА ПРИТЯЖЕНИЯ
A3: Нетто тарифы
A4: завтраки формата "Шведский стол" | B4: 46215 | C4: 46216 | D4: 46217 | E4: 46218 | F4: 46219 | G4: 46220 | H4: 46221 | I4: 46222 | J4: 46223 | K4: 46224 | L4: 46225 | M4: 46226 | N4: 46227 | O4: 46228 | P4: 46229 | Q4: 46230 | R4: 46231 | S4: 46232 | T4: 46233 | U4: 46234 | V4: 46235 | W4: 46236 | X4: 46237 | Y4: 46238 | Z4: 46239 | AA4: 46240 | AB4: 46241 | AC4: 46242 | AD4: 46243 | AE4: 46244 | AF4: 46245 | AG4: 46246 | AH4: 46247 | AI4: 46248 | AJ4: 46249 | AK4: 46250 | AL4: 46251 | AM4: 46252 | AN4: 46253 | AO4: 46254 | AP4: 46255 | AQ4: 46256 | AR4: 46257 | AS4: 46258 | AT4: 46259 | AU4: 46260 | AV4: 46261 | AW4: 46262 | AX4: 46263 | AY4: 46264 | AZ4: 46265
A5: Улучшенный номер - с двуспальной кроватью Улучшенный номер с 2 односпальными кроватями Улучшенный номер, для маломобильных - с двуспальной кроватью
A6: 1 | B6: =ТЧК!B6*0.9 -> #REF! | C6: =ТЧК!C6*0.9 -> #REF! | D6: =ТЧК!D6*0.9 -> #REF! | E6: =ТЧК!E6*0.9 -> #REF! | F6: =ТЧК!F6*0.9 -> #REF! | G6: =ТЧК!G6*0.9 -> #REF! | H6: =ТЧК!H6*0.9 -> #REF! | I6: =ТЧК!I6*0.9 -> #REF! | ... AZ6: =ТЧК!AZ6*0.9 -> #REF!
A7: 2 | B7: =ТЧК!B7*0.9 -> #REF! | C7: =ТЧК!C7*0.9 -> #REF! | D7: =ТЧК!D7*0.9 -> #REF! | E7: =ТЧК!E7*0.9 -> #REF! | F7: =ТЧК!F7*0.9 -> #REF! | G7: =ТЧК!G7*0.9 -> #REF! | H7: =ТЧК!H7*0.9 -> #REF! | I7: =ТЧК!I7*0.9 -> #REF! | ... AZ7: =ТЧК!AZ7*0.9 -> #REF!
A8: Улучшенный номер, вид на горы - с двуспальной кроватью Улучшенный номер, вид на горы с 2 односпальными кроватями
A9: 1 | B9: =ТЧК!B9*0.9 -> #REF! | C9: =ТЧК!C9*0.9 -> #REF! | D9: =ТЧК!D9*0.9 -> #REF! | E9: =ТЧК!E9*0.9 -> #REF! | F9: =ТЧК!F9*0.9 -> #REF! | G9: =ТЧК!G9*0.9 -> #REF! | H9: =ТЧК!H9*0.9 -> #REF! | I9: =ТЧК!I9*0.9 -> #REF! | ... AZ9: =ТЧК!AZ9*0.9 -> #REF!
A10: 2 | B10: =ТЧК!B10*0.9 -> #REF! | C10: =ТЧК!C10*0.9 -> #REF! | D10: =ТЧК!D10*0.9 -> #REF! | E10: =ТЧК!E10*0.9 -> #REF! | F10: =ТЧК!F10*0.9 -> #REF! | G10: =ТЧК!G10*0.9 -> #REF! | H10: =ТЧК!H10*0.9 -> #REF! | I10: =ТЧК!I10*0.9 -> #REF! | ... AZ10: =ТЧК!AZ10*0.9 -> #REF!
A11: Номер Люкс - с двуспальной кроватью
A12: 1 | B12: =ТЧК!B12*0.9 -> #REF! | C12: =ТЧК!C12*0.9 -> #REF! | D12: =ТЧК!D12*0.9 -> #REF! | E12: =ТЧК!E12*0.9 -> #REF! | F12: =ТЧК!F12*0.9 -> #REF! | G12: =ТЧК!G12*0.9 -> #REF! | H12: =ТЧК!H12*0.9 -> #REF! | I12: =ТЧК!I12*0.9 -> #REF! | ... AZ12: =ТЧК!AZ12*0.9 -> #REF!
A13: 2 | B13: =ТЧК!B13*0.9 -> #REF! | C13: =ТЧК!C13*0.9 -> #REF! | D13: =ТЧК!D13*0.9 -> #REF! | E13: =ТЧК!E13*0.9 -> #REF! | F13: =ТЧК!F13*0.9 -> #REF! | G13: =ТЧК!G13*0.9 -> #REF! | H13: =ТЧК!H13*0.9 -> #REF! | I13: =ТЧК!I13*0.9 -> #REF! | ... AZ13: =ТЧК!AZ13*0.9 -> #REF!
A14: Представительский Люкс - с двуспальной кроватью
A15: 1 | B15: =ТЧК!B15*0.9 -> #REF! | C15: =ТЧК!C15*0.9 -> #REF! | D15: =ТЧК!D15*0.9 -> #REF! | E15: =ТЧК!E15*0.9 -> #REF! | F15: =ТЧК!F15*0.9 -> #REF! | G15: =ТЧК!G15*0.9 -> #REF! | H15: =ТЧК!H15*0.9 -> #REF! | I15: =ТЧК!I15*0.9 -> #REF! | ... AZ15: =ТЧК!AZ15*0.9 -> #REF!
A16: 2 | B16: =ТЧК!B16*0.9 -> #REF! | C16: =ТЧК!C16*0.9 -> #REF! | D16: =ТЧК!D16*0.9 -> #REF! | E16: =ТЧК!E16*0.9 -> #REF! | F16: =ТЧК!F16*0.9 -> #REF! | G16: =ТЧК!G16*0.9 -> #REF! | H16: =ТЧК!H16*0.9 -> #REF! | I16: =ТЧК!I16*0.9 -> #REF! | ... AZ16: =ТЧК!AZ16*0.9 -> #REF!
A17: Пентхаус, 2-этажный, с террасой - с 2 спальнями
A18: от 1 до 4 | B18: =ТЧК!B18*0.9 -> #REF! | C18: =ТЧК!C18*0.9 -> #REF! | D18: =ТЧК!D18*0.9 -> #REF! | E18: =ТЧК!E18*0.9 -> #REF! | F18: =ТЧК!F18*0.9 -> #REF! | G18: =ТЧК!G18*0.9 -> #REF! | H18: =ТЧК!H18*0.9 -> #REF! | I18: =ТЧК!I18*0.9 -> #REF! | ... AZ18: =ТЧК!AZ18*0.9 -> #REF!
A19: Люкс Красная Поляна, 2-этажный, с террасой - с 3 спальнями
A20: от 1 до 6 | B20: =ТЧК!B20*0.9 -> #REF! | C20: =ТЧК!C20*0.9 -> #REF! | D20: =ТЧК!D20*0.9 -> #REF! | E20: =ТЧК!E20*0.9 -> #REF! | F20: =ТЧК!F20*0.9 -> #REF! | G20: =ТЧК!G20*0.9 -> #REF! | H20: =ТЧК!H20*0.9 -> #REF! | I20: =ТЧК!I20*0.9 -> #REF! | ... AZ20: =ТЧК!AZ20*0.9 -> #REF!
A21: Даты тарифа (включительно):
A22: Период продажи: 17.06.2026 - 29.06.2026 Период проживания: 12.07.2026 - 31.08.2026
A23: Ограничения:
A24: Минимальный срок проживания - 2 ночи
A25: В стоимость включено:
A26: 🔸Скидка 25% на проживание в номере выбранной категории; 🔸Завтрак "Шведский стол" в ресторане "Прагер"; 🔸Шоколадный час ежедневно с 17.00 до 17.45; 🔸Посещение SPA комплекса отеля; 🔸Бесплатный Wi-Fi на территории всего отеля; 🔸Комната для хранения горнолыжного оборудования; 🔸Услуги консьержа, в том числе мобильный консьерж-сервис; 🔸Доставка багажа в номер / из номера; 🔸Услуги парковки автомобиля (крытая парковка); 🔸Прогулочный билет на все открытые канатные дороги для всех гостей в бронировании (предоставляется один раз во время проживания). 🔸Скидка 15% на меню в ресторане (-ах) отеля (на весь чек, на все время проживания)
A27: Условия аннуляции:
A28: В случае отмены или изменения бронирования после 00:00 часов дня заезда удерживается стоимость первых суток.

Sheet RO FIT15 
A1: Мовенпик Красная Поляна 5*
A2: БАЗОВЫЙ БЕЗ ЗАВТРАКА
A3: нетто тарифы
A4: Проживание без питания (Room only) | B4: =RO!#REF! -> #REF! | C4: =RO!#REF! -> #REF! | D4: =RO!#REF! -> #REF! | E4: =RO!#REF! -> #REF! | F4: =RO!#REF! -> #REF! | G4: =RO!#REF! -> #REF! | H4: =RO!#REF! -> #REF! | I4: =RO!#REF! -> #REF! | ... AC4: =RO!#REF! -> #REF! | AD4: =RO!B4 -> 46218 | AE4: =RO!C4 -> 46219 | AF4: =RO!D4 -> 46220 | AG4: =RO!E4 -> 46221 | AH4: =RO!F4 -> 46222 | AI4: =RO!G4 -> 46223 | AJ4: =RO!H4 -> 46224 | AK4: =RO!I4 -> 46225 | ... GJ4: =RO!FH4 -> 46380
A5: Улучшенный номер - с двуспальной кроватью Улучшенный номер с 2 односпальными кроватями Улучшенный номер, для маломобильных - с двуспальной кроватью
A6: от 1 до 2 | B6: =ROUNDUP(RO!#REF!*0.87,) -> #REF! | C6: =ROUNDUP(RO!#REF!*0.87,) -> #REF! | D6: =ROUNDUP(RO!#REF!*0.87,) -> #REF! | E6: =ROUNDUP(RO!#REF!*0.87,) -> #REF! | F6: =ROUNDUP(RO!#REF!*0.87,) -> #REF! | G6: =ROUNDUP(RO!#REF!*0.87,) -> #REF! | H6: =ROUNDUP(RO!#REF!*0.87,) -> #REF! | I6: =ROUNDUP(RO!#REF!*0.87,) -> #REF! | ... AC6: =ROUNDUP(RO!#REF!*0.87,) -> #REF! | AD6: =ROUNDUP(RO!B6*0.87,) -> #REF! | AE6: =ROUNDUP(RO!C6*0.87,) -> #REF! | AF6: =ROUNDUP(RO!D6*0.87,) -> #REF! | AG6: =ROUNDUP(RO!E6*0.87,) -> #REF! | AH6: =ROUNDUP(RO!F6*0.87,) -> #REF! | AI6: =ROUNDUP(RO!G6*0.87,) -> #REF! | AJ6: =ROUNDUP(RO!H6*0.87,) -> #REF! | AK6: =ROUNDUP(RO!I6*0.87,) -> #REF! | ... GJ6: =ROUNDUP(RO!FH6*0.87,) -> 8526
A7: Улучшенный номер, вид на горы - с двуспальной кроватью Улучшенный номер, вид на горы с 2 односпальными кроватями
A8: от 1 до 2 | B8: =ROUNDUP(RO!#REF!*0.87,) -> #REF! | C8: =ROUNDUP(RO!#REF!*0.87,) -> #REF! | D8: =ROUNDUP(RO!#REF!*0.87,) -> #REF! | E8: =ROUNDUP(RO!#REF!*0.87,) -> #REF! | F8: =ROUNDUP(RO!#REF!*0.87,) -> #REF! | G8: =ROUNDUP(RO!#REF!*0.87,) -> #REF! | H8: =ROUNDUP(RO!#REF!*0.87,) -> #REF! | I8: =ROUNDUP(RO!#REF!*0.87,) -> #REF! | ... AC8: =ROUNDUP(RO!#REF!*0.87,) -> #REF! | AD8: =ROUNDUP(RO!B8*0.87,) -> #REF! | AE8: =ROUNDUP(RO!C8*0.87,) -> #REF! | AF8: =ROUNDUP(RO!D8*0.87,) -> #REF! | AG8: =ROUNDUP(RO!E8*0.87,) -> #REF! | AH8: =ROUNDUP(RO!F8*0.87,) -> #REF! | AI8: =ROUNDUP(RO!G8*0.87,) -> #REF! | AJ8: =ROUNDUP(RO!H8*0.87,) -> #REF! | AK8: =ROUNDUP(RO!I8*0.87,) -> #REF! | ... GJ8: =ROUNDUP(RO!FH8*0.87,) -> 11136
A9: Номер Люкс - с двуспальной кроватью
A10: от 1 до 2 | B10: =ROUNDUP(RO!#REF!*0.87,) -> #REF! | C10: =ROUNDUP(RO!#REF!*0.87,) -> #REF! | D10: =ROUNDUP(RO!#REF!*0.87,) -> #REF! | E10: =ROUNDUP(RO!#REF!*0.87,) -> #REF! | F10: =ROUNDUP(RO!#REF!*0.87,) -> #REF! | G10: =ROUNDUP(RO!#REF!*0.87,) -> #REF! | H10: =ROUNDUP(RO!#REF!*0.87,) -> #REF! | I10: =ROUNDUP(RO!#REF!*0.87,) -> #REF! | ... AC10: =ROUNDUP(RO!#REF!*0.87,) -> #REF! | AD10: =ROUNDUP(RO!B10*0.87,) -> #REF! | AE10: =ROUNDUP(RO!C10*0.87,) -> #REF! | AF10: =ROUNDUP(RO!D10*0.87,) -> #REF! | AG10: =ROUNDUP(RO!E10*0.87,) -> #REF! | AH10: =ROUNDUP(RO!F10*0.87,) -> #REF! | AI10: =ROUNDUP(RO!G10*0.87,) -> #REF! | AJ10: =ROUNDUP(RO!H10*0.87,) -> #REF! | AK10: =ROUNDUP(RO!I10*0.87,) -> #REF! | ... GJ10: =ROUNDUP(RO!FH10*0.87,) -> 16356
A11: Представительский Люкс - с двуспальной кроватью
A12: от 1 до 2 | B12: =ROUNDUP(RO!#REF!*0.87,) -> #REF! | C12: =ROUNDUP(RO!#REF!*0.87,) -> #REF! | D12: =ROUNDUP(RO!#REF!*0.87,) -> #REF! | E12: =ROUNDUP(RO!#REF!*0.87,) -> #REF! | F12: =ROUNDUP(RO!#REF!*0.87,) -> #REF! | G12: =ROUNDUP(RO!#REF!*0.87,) -> #REF! | H12: =ROUNDUP(RO!#REF!*0.87,) -> #REF! | I12: =ROUNDUP(RO!#REF!*0.87,) -> #REF! | ... AC12: =ROUNDUP(RO!#REF!*0.87,) -> #REF! | AD12: =ROUNDUP(RO!B12*0.87,) -> #REF! | AE12: =ROUNDUP(RO!C12*0.87,) -> #REF! | AF12: =ROUNDUP(RO!D12*0.87,) -> #REF! | AG12: =ROUNDUP(RO!E12*0.87,) -> #REF! | AH12: =ROUNDUP(RO!F12*0.87,) -> #REF! | AI12: =ROUNDUP(RO!G12*0.87,) -> #REF! | AJ12: =ROUNDUP(RO!H12*0.87,) -> #REF! | AK12: =ROUNDUP(RO!I12*0.87,) -> #REF! | ... GJ12: =ROUNDUP(RO!FH12*0.87,) -> 18966
A13: Даты тарифа (включительно):
A14: Период продажи: 01.04.2026 - 24.12.2026 Период проживания: 01.04.2026 - 24.12.2026
A16: Закрытые даты (включительно):
A17: 15.07.2026 - 30.11.2026
A18: В стоимость включено:
A19: Подъем на канатной дороге с Поляны 540 на Поляну 960; Проживание в номере выбранной категории; Шоколадный час ежедневно с 17.00 до 17.45; Посещение SPA комплекса отеля; Wi-Fi на территории всего отеля; Комната для хранения горнолыжного оборудования; Услуги консьержа, в том числе мобильный консьерж-сервис; Доставка багажа в номер / из номера; Услуги парковки автомобиля (крытая парковка);
A20: Условия аннуляции:
A21: В случае отмены или изменения бронирования после 00:00 часов дня заезда удерживается стоимость первых суток.

Sheet нетто FIT18
A1: Мовенпик Красная Поляна 5*
A2: Тариф "Базовый с завтраком"
A3: нетто тарифы
A4: завтраки формата "Шведский стол" | B4: 46269 | C4: 46270 | D4: 46271 | E4: 46272 | F4: 46273 | G4: 46274 | H4: 46275 | I4: 46276 | J4: 46277 | K4: 46278 | L4: 46279 | M4: 46280 | N4: 46281 | O4: 46282 | P4: 46283 | Q4: 46284 | R4: 46285 | S4: 46286 | T4: 46287 | U4: 46288 | V4: 46289 | W4: 46290 | X4: 46291 | Y4: 46292 | Z4: 46293 | AA4: 46294 | AB4: 46295 | AC4: 46296 | AD4: 46297 | AE4: 46298 | AF4: 46299 | AG4: 46300 | AH4: 46301 | AI4: 46302 | AJ4: 46303 | AK4: 46304 | AL4: 46305 | AM4: 46306 | AN4: 46307 | AO4: 46308 | AP4: 46309 | AQ4: 46310 | AR4: 46311 | AS4: 46312 | AT4: 46313 | AU4: 46314 | AV4: 46315 | AW4: 46316 | AX4: 46317 | AY4: 46318 | AZ4: 46319 | BA4: 46320 | BB4: 46321 | BC4: 46322 | BD4: 46323 | BE4: 46324 | BF4: 46325 | BG4: 46326 | BH4: 46327 | BI4: 46328 | BJ4: 46329 | BK4: 46330 | BL4: 46331 | BM4: 46332 | BN4: 46333 | BO4: 46334 | BP4: 46335 | BQ4: 46336 | BR4: 46337 | BS4: 46338 | BT4: 46339 | BU4: 46340 | BV4: 46341 | BW4: 46342 | BX4: 46343 | BY4: 46344 | BZ4: 46345 | CA4: 46346 | CB4: 46347 | CC4: 46348 | CD4: 46349 | CE4: 46350 | CF4: 46351 | CG4: 46352 | CH4: 46353 | CI4: 46354 | CJ4: 46355 | CK4: 46356 | CL4: 46357 | CM4: 46358 | CN4: 46359 | CO4: 46360 | CP4: 46361 | CQ4: 46362 | CR4: 46363 | CS4: 46364 | CT4: 46365 | CU4: 46366 | CV4: 46367 | CW4: 46368 | CX4: 46369 | CY4: 46370 | CZ4: 46371 | DA4: 46372 | DB4: 46373 | DC4: 46374 | DD4: 46375 | DE4: 46376 | DF4: 46377 | DG4: 46378 | DH4: 46379 | DI4: 46380 | DJ4: 46381 | DK4: 46382 | DL4: 46383 | DM4: 46384 | DN4: 46385 | DO4: 46386 | DP4: 46387 | DQ4: 46388 | DR4: 46389 | DS4: 46390 | DT4: 46391 | DU4: 46392 | DV4: 46393 | DW4: 46394 | DX4: 46395 | DY4: 46396 | DZ4: 46397 | EA4: 46398 | EB4: 46399 | EC4: 46400 | ED4: 46401 | EE4: 46402 | EF4: 46403 | EG4: 46404 | EH4: 46405 | EI4: 46406 | EJ4: 46407 | EK4: 46408 | EL4: 46409 | EM4: 46410 | EN4: 46411 | EO4: 46412 | EP4: 46413 | EQ4: 46414 | ER4: 46415 | ES4: 46416 | ET4: 46417 | EU4: 46418 | EV4: 46419 | EW4: 46420 | EX4: 46421 | EY4: 46422 | EZ4: 46423 | FA4: 46424 | FB4: 46425 | FC4: 46426 | FD4: 46427 | FE4: 46428 | FF4: 46429 | FG4: 46430 | FH4: 46431 | FI4: 46432 | FJ4: 46433 | FK4: 46434 | FL4: 46435 | FM4: 46436 | FN4: 46437 | FO4: 46438 | FP4: 46439 | FQ4: 46440 | FR4: 46441 | FS4: 46442 | FT4: 46443 | FU4: 46444 | FV4: 46445 | FW4: 46446 | FX4: 46447 | FY4: 46448 | FZ4: 46449 | GA4: 46450 | GB4: 46451 | GC4: 46452 | GD4: 46453 | GE4: 46454 | GF4: 46455 | GG4: 46456 | GH4: 46457 | GI4: 46458 | GJ4: 46459 | GK4: 46460 | GL4: 46461 | GM4: 46462 | GN4: 46463 | GO4: 46464 | GP4: 46465 | GQ4: 46466 | GR4: 46467 | GS4: 46468 | GT4: 46469 | GU4: 46470 | GV4: 46471 | GW4: 46472 | GX4: 46473 | GY4: 46474 | GZ4: 46475 | HA4: 46476 | HB4: 46477
A5: Улучшенный номер - с двуспальной кроватью Улучшенный номер с 2 односпальными кроватями Улучшенный номер, для маломобильных - с двуспальной кроватью
A6: 1 | B6: =ROUND(BAR!B6*0.82,) -> 11644 | C6: =ROUND(BAR!C6*0.82,) -> 11644 | D6: =ROUND(BAR!D6*0.82,) -> 11644 | E6: =ROUND(BAR!E6*0.82,) -> 11644 | F6: =ROUND(BAR!F6*0.82,) -> 12054 | G6: =ROUND(BAR!G6*0.82,) -> 12054 | H6: =ROUND(BAR!H6*0.82,) -> 12054 | I6: =ROUND(BAR!I6*0.82,) -> 12054 | ... HB6: =ROUND(BAR!HB6*0.82,) -> 15129
A7: 2 | B7: =ROUND(BAR!B7*0.82,) -> 13448 | C7: =ROUND(BAR!C7*0.82,) -> 13448 | D7: =ROUND(BAR!D7*0.82,) -> 13448 | E7: =ROUND(BAR!E7*0.82,) -> 13448 | F7: =ROUND(BAR!F7*0.82,) -> 13858 | G7: =ROUND(BAR!G7*0.82,) -> 13858 | H7: =ROUND(BAR!H7*0.82,) -> 13858 | I7: =ROUND(BAR!I7*0.82,) -> 13858 | ... HB7: =ROUND(BAR!HB7*0.82,) -> 17384
A8: Улучшенный номер, вид на горы - с двуспальной кроватью Улучшенный номер, вид на горы с 2 односпальными кроватями
A9: 1 | B9: =ROUND(BAR!B9*0.82,) -> 14104 | C9: =ROUND(BAR!C9*0.82,) -> 14104 | D9: =ROUND(BAR!D9*0.82,) -> 14104 | E9: =ROUND(BAR!E9*0.82,) -> 14104 | F9: =ROUND(BAR!F9*0.82,) -> 14514 | G9: =ROUND(BAR!G9*0.82,) -> 14514 | H9: =ROUND(BAR!H9*0.82,) -> 14514 | I9: =ROUND(BAR!I9*0.82,) -> 14514 | ... HB9: =ROUND(BAR!HB9*0.82,) -> 18409
A10: 2 | B10: =ROUND(BAR!B10*0.82,) -> 15908 | C10: =ROUND(BAR!C10*0.82,) -> 15908 | D10: =ROUND(BAR!D10*0.82,) -> 15908 | E10: =ROUND(BAR!E10*0.82,) -> 15908 | F10: =ROUND(BAR!F10*0.82,) -> 16318 | G10: =ROUND(BAR!G10*0.82,) -> 16318 | H10: =ROUND(BAR!H10*0.82,) -> 16318 | I10: =ROUND(BAR!I10*0.82,) -> 16318 | ... HB10: =ROUND(BAR!HB10*0.82,) -> 20664
A11: Номер Люкс - с двуспальной кроватью
A12: 1 | B12: =ROUND(BAR!B12*0.82,) -> 19024 | C12: =ROUND(BAR!C12*0.82,) -> 19024 | D12: =ROUND(BAR!D12*0.82,) -> 19024 | E12: =ROUND(BAR!E12*0.82,) -> 19024 | F12: =ROUND(BAR!F12*0.82,) -> 19434 | G12: =ROUND(BAR!G12*0.82,) -> 19434 | H12: =ROUND(BAR!H12*0.82,) -> 19434 | I12: =ROUND(BAR!I12*0.82,) -> 19434 | ... HB12: =ROUND(BAR!HB12*0.82,) -> 26609
A13: 2 | B13: =ROUND(BAR!B13*0.82,) -> 20828 | C13: =ROUND(BAR!C13*0.82,) -> 20828 | D13: =ROUND(BAR!D13*0.82,) -> 20828 | E13: =ROUND(BAR!E13*0.82,) -> 20828 | F13: =ROUND(BAR!F13*0.82,) -> 21238 | G13: =ROUND(BAR!G13*0.82,) -> 21238 | H13: =ROUND(BAR!H13*0.82,) -> 21238 | I13: =ROUND(BAR!I13*0.82,) -> 21238 | ... HB13: =ROUND(BAR!HB13*0.82,) -> 28864
A14: Представительский Люкс - с двуспальной кроватью
A15: 1 | B15: =ROUND(BAR!B15*0.82,) -> 21484 | C15: =ROUND(BAR!C15*0.82,) -> 21484 | D15: =ROUND(BAR!D15*0.82,) -> 21484 | E15: =ROUND(BAR!E15*0.82,) -> 21484 | F15: =ROUND(BAR!F15*0.82,) -> 21894 | G15: =ROUND(BAR!G15*0.82,) -> 21894 | H15: =ROUND(BAR!H15*0.82,) -> 21894 | I15: =ROUND(BAR!I15*0.82,) -> 21894 | ... HB15: =ROUND(BAR!HB15*0.82,) -> 31529
A16: 2 | B16: =ROUND(BAR!B16*0.82,) -> 23288 | C16: =ROUND(BAR!C16*0.82,) -> 23288 | D16: =ROUND(BAR!D16*0.82,) -> 23288 | E16: =ROUND(BAR!E16*0.82,) -> 23288 | F16: =ROUND(BAR!F16*0.82,) -> 23698 | G16: =ROUND(BAR!G16*0.82,) -> 23698 | H16: =ROUND(BAR!H16*0.82,) -> 23698 | I16: =ROUND(BAR!I16*0.82,) -> 23698 | ... HB16: =ROUND(BAR!HB16*0.82,) -> 33784
A17: Пентхаус, 2-этажный, с террасой - с 2 спальнями
A18: от 1 до 4 | B18: =ROUND(BAR!B18*0.82,) -> 40344 | C18: =ROUND(BAR!C18*0.82,) -> 40344 | D18: =ROUND(BAR!D18*0.82,) -> 40344 | E18: =ROUND(BAR!E18*0.82,) -> 40344 | F18: =ROUND(BAR!F18*0.82,) -> 40754 | G18: =ROUND(BAR!G18*0.82,) -> 40754 | H18: =ROUND(BAR!H18*0.82,) -> 40754 | I18: =ROUND(BAR!I18*0.82,) -> 40754 | ... HB18: =ROUND(BAR!HB18*0.82,) -> 47929
A19: Люкс Красная Поляна, 2-этажный, с террасой - с 3 спальнями
A20: от 1 до 6 | B20: =ROUND(BAR!B20*0.82,) -> 56744 | C20: =ROUND(BAR!C20*0.82,) -> 56744 | D20: =ROUND(BAR!D20*0.82,) -> 56744 | E20: =ROUND(BAR!E20*0.82,) -> 56744 | F20: =ROUND(BAR!F20*0.82,) -> 57154 | G20: =ROUND(BAR!G20*0.82,) -> 57154 | H20: =ROUND(BAR!H20*0.82,) -> 57154 | I20: =ROUND(BAR!I20*0.82,) -> 57154 | ... HB20: =ROUND(BAR!HB20*0.82,) -> 72529
A21: Доп.инфо:
A22: 📌Дополнительное место с завтраком: 01.04.26 - 28.12.26 взр 3700 руб/сут, реб 2600 руб/сут 29.12.26 - 08.01.27 взр 4500 руб/сут, реб 3000 руб/сут 09.01.27 - 31.03.27 взр 4300 руб/сут, реб 2900 руб/сут 📌Дополнительное место без завтрака: 01.04.26 - 28.12.26 взр 1500 руб/сут, реб 1500 руб/сут 29.12.26 - 08.01.27 взр 1550 руб/сут, реб 1550 руб/сут 09.01.27 - 31.03.27 взр 1550 руб/сут, реб 1550 руб/сут 📌Завтраки: 01.04.26 - 28.12.26 взр 2200 руб/сут, реб 1100 руб/сут 29.12.26 - 08.01.27 взр 2950 руб/сут, реб 1450 руб/сут 09.01.27 - 31.03.27 взр 2750 руб/сут, реб 1350 руб/сут 📌Доплата за размещение с животными (до 15 кг и 45 см в холке) – 5000 рублей/единоразово при заселении. Допустимо проживание не более 1-го животного в номере. Обязателен вет.паспорт животного. 📌Услуга "Ранний заезд или Поздний выезд" предоставляется при 100% гарантиии доп. суток размещения по возможности отеля. Негарантированный РЗ/ПВ оформляется в отеле и предоставляется по возможности отеля. Время негарантированных услуг: РЗ с 00:00 до 02:59 - 100%, с 03:00 до 15:00 - 50%; ПВ с 12:00 до 18:00 - 50%, после 18:00 - 100%.
A23: Новогодний тариф (включительно):
A24: Период продажи: 10.07.2026 – 07.01.2027 Период проживания: 29.12.2026 – 08.01.2027 Условия бронирования: При бронировании номера в даты проживания с 30.12.25-08.01.26 необходима предоплата в размере 1-х суток и полная оплата в размере 100% до 01.12.2026. Условия аннуляции: бесплатная отмена до 00:00 дня заезда и при отмене после 00:00 часов дня заезда удерживается стоимость первых суток.
A25: Даты тарифа (включительно):
A26: Период продажи: 20.03.2026 - 30.03.2027 Период проживания: 20.03.2026 - 31.03.2027
A27: В стоимость включено:
A28: Подъем на канатной дороге с Поляны 540 на Поляну 960; Проживание в номере выбранной категории; Завтрак "Шведский стол" в ресторане "Прагер"; Шоколадный час ежедневно с 17.00 до 17.45; Посещение SPA комплекса отеля; Wi-Fi на территории всего отеля; Комната для хранения горнолыжного оборудования; Услуги консьержа, в том числе мобильный консьерж-сервис; Доставка багажа в номер / из номера; Услуги парковки автомобиля (крытая парковка)
A29: Условия аннуляции:
A30: В случае отмены или изменения бронирования после 00:00 часов дня заезда удерживается стоимость первых суток.
A31: Пропуск "Сочинский национальный парк":
A32: Территория Курорта Красная поляна является особо охраняемой природной территорией "Сочинский национальный парк". При подъёме выше отметки +960 и при прогулках по экотропам Курорта, вам необходимо оформить пропуск. *Детям дошкольного и школьного возраста, гостям пенсионного возраста - приобретают льготный билет (0Р) в кассе Сочинского национального парка, на высоте 960 Купить пропуск в национальный парк https://npsochi.ru/tickets/ Ознакомиться с правилами Сочинского национального парка https://npsochi.ru/rules/
... A34: Вопросы и замечения по тарифным сеткам просьба направлять в адрес Супервайзеры отдела бронирования отелей ACCOR <res.supervisor.accor@kpresort.ru>

Sheet 3=4 FIT18
A1: Мовенпик Красная Поляна 5*
A2: Тариф "Три равно четыре!"
A3: Агентский договор 18% (СПО = Нетто тариф - 13%)
A4: завтраки формата "Шведский стол" | B4: 46176 | C4: 46177
A5: Улучшенный номер - с двуспальной кроватью Улучшенный номер с 2 односпальными кроватями Улучшенный номер, для маломобильных - с двуспальной кроватью
A6: 1 | B6: ='3=4'!B6*0.87 -> #REF! | C6: ='3=4'!C6*0.87 -> #REF!
A7: 2 | B7: ='3=4'!B7*0.87 -> #REF! | C7: ='3=4'!C7*0.87 -> #REF!
A8: Улучшенный номер, вид на горы - с двуспальной кроватью Улучшенный номер, вид на горы с 2 односпальными кроватями
A9: 1 | B9: ='3=4'!B9*0.87 -> #REF! | C9: ='3=4'!C9*0.87 -> #REF!
A10: 2 | B10: ='3=4'!B10*0.87 -> #REF! | C10: ='3=4'!C10*0.87 -> #REF!
A11: Номер Люкс - с двуспальной кроватью
A12: 1 | B12: ='3=4'!B12*0.87 -> #REF! | C12: ='3=4'!C12*0.87 -> #REF!
A13: 2 | B13: ='3=4'!B13*0.87 -> #REF! | C13: ='3=4'!C13*0.87 -> #REF!
A14: Представительский Люкс - с двуспальной кроватью
A15: 1 | B15: ='3=4'!B15*0.87 -> #REF! | C15: ='3=4'!C15*0.87 -> #REF!
A16: 2 | B16: ='3=4'!B16*0.87 -> #REF! | C16: ='3=4'!C16*0.87 -> #REF!
A17: Пентхаус, 2-этажный, с террасой - с 2 спальнями
A18: от 1 до 4 | B18: ='3=4'!B18*0.87 -> #REF! | C18: ='3=4'!C18*0.87 -> #REF!
A19: Люкс Красная Поляна, 2-этажный, с террасой - с 3 спальнями
A20: от 1 до 6 | B20: ='3=4'!B20*0.87 -> #REF! | C20: ='3=4'!C20*0.87 -> #REF!
A21: Даты тарифа (включительно):
A22: Период продажи: 06.05.2026 - 03.06.2026 Период проживания: 06.05.2026 - 04.06.2026
A23: Ограничения:
A24: 4 ночи - минимальное количество ночей проживания. Общее количество ночей проживания должно быть кратно 4 ночам.
A25: В стоимость включено:
A26: Подъем на канатной дороге с Поляны 540 на Поляну 960; Проживание в номере выбранной категории; Завтрак "Шведский стол" в ресторане "Прагер"; Шоколадный час ежедневно с 17.00 до 17.45; Посещение SPA комплекса отеля; Wi-Fi на территории всего отеля; Комната для хранения горнолыжного оборудования; Услуги бизнес-центра (персональный компьютер, принтер, Интернет); Услуги консьержа, в том числе мобильный консьерж-сервис; Доставка багажа в номер / из номера; Услуги парковки автомобиля (крытая парковка).
A27: Условия аннуляции:
A28: В случае отмены или изменения бронирования после 00:00 часов дня заезда удерживается стоимость первых суток.
A29: Регламентные работы:
A30: Ежегодные регламентные работы на канатных дорогах курорта Красная Поляна пройдут с 16 марта по 24 июня 2026 года. С 10 по 31 мая будут закрыты канатные дороги Центрального сектора: («Красная Поляна» 540-960 м, «Реликтовый лес» 960-1460 м, «Вершина» 1460-2200 м, «Аибга» 2200-2050 м, «Черная Пирамида» 2050-2300 м). На время регламентных работ между уровнями 540-960 м будут курсировать шаттлы курорта. С 16 марта по 24 апреля будет закрыта канатная дорога Восточного сектора К‑13 «Водопад Поликаря. С 1 апреля по 24 апреля будут закрыты канатные дороги К‑10 «Восточный лес» и К‑12 «Старт чемпиона». К‑8 «Снежная звезда»: закрыта с 1 по 24 июня.

Sheet НсЛ FIT18
A1: Мовенпик Красная Поляна 5*
A2: НАПОЛНИ СВОЕ ЛЕТО
A3: нетто тарифы
A4: завтраки формата "Шведский стол" | B4: 46269 | C4: 46270 | D4: 46271 | E4: 46272 | F4: 46273 | G4: 46274 | H4: 46275 | I4: 46276 | J4: 46277 | K4: 46278 | L4: 46279 | M4: 46280 | N4: 46281 | O4: 46282 | P4: 46283 | Q4: 46284 | R4: 46285 | S4: 46286 | T4: 46287 | U4: 46288 | V4: 46289 | W4: 46290 | X4: 46291 | Y4: 46292 | Z4: 46293 | AA4: 46294 | AB4: 46295
A5: Улучшенный номер - с двуспальной кроватью Улучшенный номер с 2 односпальными кроватями Улучшенный номер, для маломобильных - с двуспальной кроватью
A6: 1 | B6: =НсЛ!B6*0.87 -> 11118.6 | C6: =НсЛ!C6*0.87 -> 11118.6 | D6: =НсЛ!D6*0.87 -> 11118.6 | E6: =НсЛ!E6*0.87 -> 11118.6 | F6: =НсЛ!F6*0.87 -> 11510.1 | G6: =НсЛ!G6*0.87 -> 11510.1 | H6: =НсЛ!H6*0.87 -> 11510.1 | I6: =НсЛ!I6*0.87 -> 11510.1 | ... AB6: =НсЛ!AB6*0.87 -> 9396
A7: 2 | B7: =НсЛ!B7*0.87 -> 12841.2 | C7: =НсЛ!C7*0.87 -> 12841.2 | D7: =НсЛ!D7*0.87 -> 12841.2 | E7: =НсЛ!E7*0.87 -> 12841.2 | F7: =НсЛ!F7*0.87 -> 13232.7 | G7: =НсЛ!G7*0.87 -> 13232.7 | H7: =НсЛ!H7*0.87 -> 13232.7 | I7: =НсЛ!I7*0.87 -> 13232.7 | ... AB7: =НсЛ!AB7*0.87 -> 11118.6
A8: Улучшенный номер, вид на горы - с двуспальной кроватью Улучшенный номер, вид на горы с 2 односпальными кроватями
A9: 1 | B9: =НсЛ!B9*0.87 -> 13467.6 | C9: =НсЛ!C9*0.87 -> 13467.6 | D9: =НсЛ!D9*0.87 -> 13467.6 | E9: =НсЛ!E9*0.87 -> 13467.6 | F9: =НсЛ!F9*0.87 -> 13859.1 | G9: =НсЛ!G9*0.87 -> 13859.1 | H9: =НсЛ!H9*0.87 -> 13859.1 | I9: =НсЛ!I9*0.87 -> 13859.1 | ... AB9: =НсЛ!AB9*0.87 -> 11745
A10: 2 | B10: =НсЛ!B10*0.87 -> 15190.2 | C10: =НсЛ!C10*0.87 -> 15190.2 | D10: =НсЛ!D10*0.87 -> 15190.2 | E10: =НсЛ!E10*0.87 -> 15190.2 | F10: =НсЛ!F10*0.87 -> 15581.7 | G10: =НсЛ!G10*0.87 -> 15581.7 | H10: =НсЛ!H10*0.87 -> 15581.7 | I10: =НсЛ!I10*0.87 -> 15581.7 | ... AB10: =НсЛ!AB10*0.87 -> 13467.6
A11: Номер Люкс - с двуспальной кроватью
A12: 1 | B12: =НсЛ!B12*0.87 -> 18165.6 | C12: =НсЛ!C12*0.87 -> 18165.6 | D12: =НсЛ!D12*0.87 -> 18165.6 | E12: =НсЛ!E12*0.87 -> 18165.6 | F12: =НсЛ!F12*0.87 -> 18557.1 | G12: =НсЛ!G12*0.87 -> 18557.1 | H12: =НсЛ!H12*0.87 -> 18557.1 | I12: =НсЛ!I12*0.87 -> 18557.1 | ... AB12: =НсЛ!AB12*0.87 -> 16443
A13: 2 | B13: =НсЛ!B13*0.87 -> 19888.2 | C13: =НсЛ!C13*0.87 -> 19888.2 | D13: =НсЛ!D13*0.87 -> 19888.2 | E13: =НсЛ!E13*0.87 -> 19888.2 | F13: =НсЛ!F13*0.87 -> 20279.7 | G13: =НсЛ!G13*0.87 -> 20279.7 | H13: =НсЛ!H13*0.87 -> 20279.7 | I13: =НсЛ!I13*0.87 -> 20279.7 | ... AB13: =НсЛ!AB13*0.87 -> 18165.6
A14: Представительский Люкс - с двуспальной кроватью
A15: 1 | B15: =НсЛ!B15*0.87 -> 20514.6 | C15: =НсЛ!C15*0.87 -> 20514.6 | D15: =НсЛ!D15*0.87 -> 20514.6 | E15: =НсЛ!E15*0.87 -> 20514.6 | F15: =НсЛ!F15*0.87 -> 20906.1 | G15: =НсЛ!G15*0.87 -> 20906.1 | H15: =НсЛ!H15*0.87 -> 20906.1 | I15: =НсЛ!I15*0.87 -> 20906.1 | ... AB15: =НсЛ!AB15*0.87 -> 18792
A16: 2 | B16: =НсЛ!B16*0.87 -> 22237.2 | C16: =НсЛ!C16*0.87 -> 22237.2 | D16: =НсЛ!D16*0.87 -> 22237.2 | E16: =НсЛ!E16*0.87 -> 22237.2 | F16: =НсЛ!F16*0.87 -> 22628.7 | G16: =НсЛ!G16*0.87 -> 22628.7 | H16: =НсЛ!H16*0.87 -> 22628.7 | I16: =НсЛ!I16*0.87 -> 22628.7 | ... AB16: =НсЛ!AB16*0.87 -> 20514.6
A17: Пентхаус, 2-этажный, с террасой - с 2 спальнями
A18: от 1 до 4 | B18: =НсЛ!B18*0.87 -> 38523.6 | C18: =НсЛ!C18*0.87 -> 38523.6 | D18: =НсЛ!D18*0.87 -> 38523.6 | E18: =НсЛ!E18*0.87 -> 38523.6 | F18: =НсЛ!F18*0.87 -> 38915.1 | G18: =НсЛ!G18*0.87 -> 38915.1 | H18: =НсЛ!H18*0.87 -> 38915.1 | I18: =НсЛ!I18*0.87 -> 38915.1 | ... AB18: =НсЛ!AB18*0.87 -> 36801
A19: Люкс Красная Поляна, 2-этажный, с террасой - с 3 спальнями
A20: от 1 до 6 | B20: =НсЛ!B20*0.87 -> 54183.6 | C20: =НсЛ!C20*0.87 -> 54183.6 | D20: =НсЛ!D20*0.87 -> 54183.6 | E20: =НсЛ!E20*0.87 -> 54183.6 | F20: =НсЛ!F20*0.87 -> 54575.1 | G20: =НсЛ!G20*0.87 -> 54575.1 | H20: =НсЛ!H20*0.87 -> 54575.1 | I20: =НсЛ!I20*0.87 -> 54575.1 | ... AB20: =НсЛ!AB20*0.87 -> 52461
A21: ВАЖНО:
A22: Дополнительно ЕДИНОРАЗОВО в стоимость заявки добавляется стоимость за купонную книгу за каждого взрослого гостя (возраст от 12 лет), стоимость - 2650 руб. за гостя и за каждого ребенка от 0-11 лет включительно -1000 рублей за ребенка. При размещении дополнительных взрослых гостей, также ЕДИНОРАЗОВО добавляется в стоимость заявки купонная книга на каждого взрослого гостя - 2650 руб. (возраст от 12 лет) и за каждого ребенка от 0-11 лет включительно -1000 руб. Стоимость купонной книги на всех взрослых и детей просим сразу добавлять в заявку. В системе трэвэллайн тариф указан без учета стоимости купонной книги на взрослых и детей, необходимо добавлять стоимость вручную.
A23: В Тravelline тариф выгружается БЕЗ учета стоимости Купонных книг на каждого взрослого в заявке. В заявки, направляемые вручную по почте, дополнительно на каждый день проживания в стоимость добавляется стоимость Купонных книг для каждого взрослого (с 12 лет) самостоятельно.
A24: Даты тарифа (включительно):
A25: Период продажи: 17.04.2025 - 29.09.2026 Период проживания: 01.06.2026 - 30.09.2026
A26: В стоимость включено:
A27: Проживание в номере выбранной категории со скидкой 10%; Завтрак "Шведский стол" в ресторане "Прагер"; Шоколадный час ежедневно с 17.00 до 17.45; Посещение SPA комплекса отеля; Бесплатный Wi-Fi на территории всего отеля; Услуги консьержа, в том числе мобильный консьерж-сервис; Доставка багажа в номер / из номера; Услуги парковки автомобиля (крытая парковка); Комната для хранения горнолыжного оборудования.
A28: В предложение «Наполни свое лето» входят бесплатно (условия предоставления услуг подробно представлены в купонной книге):
A29: ✔Трансфер на побережье Черного моря Пляж Сочи Парк Отеля - по предварительной записи для всех гостей, проживающих в номере. ✔Прогулочные билеты "Панорама Красной Поляны" Для всех гостей с 7 лет, проживающих в номере. Для детей до 6 лет вкл-но билет приобретается в кассе за 1 ₽. ✔Верёвочный парк Прохождение маршрута "Воздушный сноуборд" для взрослых (рост от 140 см) либо маршрута "Маугли" для детей (рост от 110 см до 140 см). Единоразовое посещение во время проживания для всех гостей в номере с 7 лет; ✔Хаски центр Единоразовое посещение для всех гостей, проживающих в номере; ✔Капибары и друзья Единоразовое посещение для всех гостей, проживающих в номере; ✔Скидка 30% на аренду роликов или скейтборда на 1 час. Единоразовое использование для всех гостей, проживающих в номере. Количество оборудования ограничено. Действует в пункте проката на уровне 540.
A30: Дополнительная информация:
A31: Подробная информация о предоставлении услуг в Службе поддержки Курорта: тел. 8 800 550 20 20 e-mail: infocenter@kpresort.ru 🔸 В случае размещения дополнительных гостей, не указанных в бронировании, все услуги для них приобретаются отдельно в отеле. 🔸 Пляжные полотенца предоставляются по предъявлению towel card для всех проживающих гостей. Пляжное оборудование (шезлонг, зонт) предоставляется за дополнительную плату. Количество мест ограничено. 🔸 Пляж функционирует с 01.06.2026-30.09.2026, в график могут быть внесены изменения в зависимости от погодных условий. Трансфер предоставляется ежедневно для всех гостей, проживающих в номере. 🔸 Предварительная запись на трансфер обязательна. Расписание трансфера необходимо уточнять на ресепшн отеля. 🔸Услуги предложения действуют только в период проживания и предоставляются однократно, согласно условиям в Купонной книге. Купонная книга выдается при заселении из расчета: 1 номер = 1 книга. Предложение ограничено и не комбинируется с другими действующими акциями отеля. 🔸 Возврат средств за неиспользованные услуги Купонных книг не производится. НАО «Красная поляна» оставляет за собой право изменять услуги в составе пакета. Предоставление услуг может зависеть от погодных условий и графика работы канатных дорог. 🔸 Согласно приказу МЧС от 1.09.25 г. нахождение на пляжах Федеральной территории Сириус с животными запрещено (за исключением собак-поводырей). Для трансфера -питомцы в переноске разрешены к провозу (если поездка не на пляж).
A32: Условия аннуляции:
A33: В случае отмены или изменения бронирования после 00:00 часов дня заезда удерживается стоимость первых суток.

Sheet РБ10%FIT18
A1: Мовенпик Красная Поляна 5*
A2: Тариф "Раннее бронирование со скидкой 10%, завтрак включен"
A3: нетто тарифы
A4: завтраки формата "Шведский стол" | B4: 46218 | C4: 46219 | D4: 46220 | E4: 46221 | F4: 46222 | G4: 46223 | H4: 46224 | I4: 46225 | J4: 46226 | K4: 46227 | L4: 46228 | M4: 46229 | N4: 46230 | O4: 46231 | P4: 46232 | Q4: 46233 | R4: 46234 | S4: 46235 | T4: 46236 | U4: 46237 | V4: 46238 | W4: 46239 | X4: 46240 | Y4: 46241 | Z4: 46242 | AA4: 46243 | AB4: 46244 | AC4: 46245 | AD4: 46246 | AE4: 46247 | AF4: 46248 | AG4: 46249 | AH4: 46250 | AI4: 46251 | AJ4: 46252 | AK4: 46253 | AL4: 46254 | AM4: 46255 | AN4: 46256 | AO4: 46257 | AP4: 46258 | AQ4: 46259 | AR4: 46260 | AS4: 46261 | AT4: 46262 | AU4: 46263 | AV4: 46264 | AW4: 46265 | AX4: 46266 | AY4: 46267 | AZ4: 46268 | BA4: 46269 | BB4: 46270 | BC4: 46271 | BD4: 46272 | BE4: 46273 | BF4: 46274 | BG4: 46275 | BH4: 46276 | BI4: 46277 | BJ4: 46278 | BK4: 46279 | BL4: 46280 | BM4: 46281 | BN4: 46282 | BO4: 46283 | BP4: 46284 | BQ4: 46285 | BR4: 46286 | BS4: 46287 | BT4: 46288 | BU4: 46289 | BV4: 46290 | BW4: 46291 | BX4: 46292 | BY4: 46293 | BZ4: 46294 | CA4: 46295 | CB4: 46296 | CC4: 46297 | CD4: 46298 | CE4: 46299 | CF4: 46300 | CG4: 46301 | CH4: 46302 | CI4: 46303 | CJ4: 46304 | CK4: 46305 | CL4: 46306 | CM4: 46307 | CN4: 46308 | CO4: 46309 | CP4: 46310 | CQ4: 46311 | CR4: 46312 | CS4: 46313 | CT4: 46314 | CU4: 46315 | CV4: 46316 | CW4: 46317 | CX4: 46318 | CY4: 46319 | CZ4: 46320 | DA4: 46321 | DB4: 46322 | DC4: 46323 | DD4: 46324 | DE4: 46325 | DF4: 46326 | DG4: 46327 | DH4: 46328 | DI4: 46329 | DJ4: 46330 | DK4: 46331 | DL4: 46332 | DM4: 46333 | DN4: 46334 | DO4: 46335 | DP4: 46336 | DQ4: 46337 | DR4: 46338 | DS4: 46339 | DT4: 46340 | DU4: 46341 | DV4: 46342 | DW4: 46343 | DX4: 46344 | DY4: 46345 | DZ4: 46346 | EA4: 46347 | EB4: 46348 | EC4: 46349 | ED4: 46350 | EE4: 46351 | EF4: 46352 | EG4: 46353 | EH4: 46354 | EI4: 46355 | EJ4: 46356 | EK4: 46357 | EL4: 46358 | EM4: 46359 | EN4: 46360 | EO4: 46361 | EP4: 46362 | EQ4: 46363 | ER4: 46364 | ES4: 46365 | ET4: 46366 | EU4: 46367 | EV4: 46368 | EW4: 46369 | EX4: 46370 | EY4: 46371 | EZ4: 46372 | FA4: 46373 | FB4: 46374 | FC4: 46375 | FD4: 46376 | FE4: 46377 | FF4: 46378 | FG4: 46379 | FH4: 46380 | FI4: 46381 | FJ4: 46382 | FK4: 46383 | FL4: 46384 | FM4: 46385 | FN4: 46386 | FO4: 46387 | FP4: 46388 | FQ4: 46389 | FR4: 46390 | FS4: 46391 | FT4: 46392 | FU4: 46393 | FV4: 46394 | FW4: 46395 | FX4: 46396 | FY4: 46397 | FZ4: 46398 | GA4: 46399 | GB4: 46400 | GC4: 46401 | GD4: 46402 | GE4: 46403 | GF4: 46404 | GG4: 46405 | GH4: 46406 | GI4: 46407 | GJ4: 46408 | GK4: 46409 | GL4: 46410 | GM4: 46411 | GN4: 46412 | GO4: 46413 | GP4: 46414 | GQ4: 46415 | GR4: 46416 | GS4: 46417 | GT4: 46418 | GU4: 46419 | GV4: 46420 | GW4: 46421 | GX4: 46422 | GY4: 46423 | GZ4: 46424 | HA4: 46425 | HB4: 46426 | HC4: 46427 | HD4: 46428 | HE4: 46429 | HF4: 46430 | HG4: 46431 | HH4: 46432 | HI4: 46433 | HJ4: 46434 | HK4: 46435 | HL4: 46436 | HM4: 46437 | HN4: 46438 | HO4: 46439 | HP4: 46440 | HQ4: 46441 | HR4: 46442 | HS4: 46443 | HT4: 46444 | HU4: 46445 | HV4: 46446 | HW4: 46447 | HX4: 46448 | HY4: 46449 | HZ4: 46450 | IA4: 46451 | IB4: 46452 | IC4: 46453 | ID4: 46454 | IE4: 46455 | IF4: 46456 | IG4: 46457 | IH4: 46458 | II4: 46459 | IJ4: 46460 | IK4: 46461 | IL4: 46462 | IM4: 46463 | IN4: 46464 | IO4: 46465 | IP4: 46466 | IQ4: 46467 | IR4: 46468 | IS4: 46469 | IT4: 46470 | IU4: 46471 | IV4: 46472 | IW4: 46473 | IX4: 46474 | IY4: 46475 | IZ4: 46476 | JA4: 46477
A5: Улучшенный номер - с двуспальной кроватью Улучшенный номер с 2 односпальными кроватями Улучшенный номер, для маломобильных - с двуспальной кроватью
A6: 1 | B6: =BAR!#REF!*0.9*0.87 -> #REF! | C6: =BAR!#REF!*0.9*0.87 -> #REF! | D6: =BAR!#REF!*0.9*0.87 -> #REF! | E6: =BAR!#REF!*0.9*0.87 -> #REF! | F6: =BAR!#REF!*0.9*0.87 -> #REF! | G6: =BAR!#REF!*0.9*0.87 -> #REF! | H6: =BAR!#REF!*0.9*0.87 -> #REF! | I6: =BAR!#REF!*0.9*0.87 -> #REF! | ... AZ6: =BAR!#REF!*0.9*0.87 -> #REF! | BA6: =BAR!B6*0.9*0.87 -> 11118.6 | BB6: =BAR!C6*0.9*0.87 -> 11118.6 | BC6: =BAR!D6*0.9*0.87 -> 11118.6 | BD6: =BAR!E6*0.9*0.87 -> 11118.6 | BE6: =BAR!F6*0.9*0.87 -> 11510.1 | BF6: =BAR!G6*0.9*0.87 -> 11510.1 | BG6: =BAR!H6*0.9*0.87 -> 11510.1 | BH6: =BAR!I6*0.9*0.87 -> 11510.1 | ... JA6: =BAR!HB6*0.9*0.87 -> 14446.35
A7: 2 | B7: =BAR!#REF!*0.9*0.87 -> #REF! | C7: =BAR!#REF!*0.9*0.87 -> #REF! | D7: =BAR!#REF!*0.9*0.87 -> #REF! | E7: =BAR!#REF!*0.9*0.87 -> #REF! | F7: =BAR!#REF!*0.9*0.87 -> #REF! | G7: =BAR!#REF!*0.9*0.87 -> #REF! | H7: =BAR!#REF!*0.9*0.87 -> #REF! | I7: =BAR!#REF!*0.9*0.87 -> #REF! | ... AZ7: =BAR!#REF!*0.9*0.87 -> #REF! | BA7: =BAR!B7*0.9*0.87 -> 12841.2 | BB7: =BAR!C7*0.9*0.87 -> 12841.2 | BC7: =BAR!D7*0.9*0.87 -> 12841.2 | BD7: =BAR!E7*0.9*0.87 -> 12841.2 | BE7: =BAR!F7*0.9*0.87 -> 13232.7 | BF7: =BAR!G7*0.9*0.87 -> 13232.7 | BG7: =BAR!H7*0.9*0.87 -> 13232.7 | BH7: =BAR!I7*0.9*0.87 -> 13232.7 | ... JA7: =BAR!HB7*0.9*0.87 -> 16599.6
A8: Улучшенный номер, вид на горы - с двуспальной кроватью Улучшенный номер, вид на горы с 2 односпальными кроватями
A9: 1 | B9: =BAR!#REF!*0.9*0.87 -> #REF! | C9: =BAR!#REF!*0.9*0.87 -> #REF! | D9: =BAR!#REF!*0.9*0.87 -> #REF! | E9: =BAR!#REF!*0.9*0.87 -> #REF! | F9: =BAR!#REF!*0.9*0.87 -> #REF! | G9: =BAR!#REF!*0.9*0.87 -> #REF! | H9: =BAR!#REF!*0.9*0.87 -> #REF! | I9: =BAR!#REF!*0.9*0.87 -> #REF! | ... AZ9: =BAR!#REF!*0.9*0.87 -> #REF! | BA9: =BAR!B9*0.9*0.87 -> 13467.6 | BB9: =BAR!C9*0.9*0.87 -> 13467.6 | BC9: =BAR!D9*0.9*0.87 -> 13467.6 | BD9: =BAR!E9*0.9*0.87 -> 13467.6 | BE9: =BAR!F9*0.9*0.87 -> 13859.1 | BF9: =BAR!G9*0.9*0.87 -> 13859.1 | BG9: =BAR!H9*0.9*0.87 -> 13859.1 | BH9: =BAR!I9*0.9*0.87 -> 13859.1 | ... JA9: =BAR!HB9*0.9*0.87 -> 17578.35
A10: 2 | B10: =BAR!#REF!*0.9*0.87 -> #REF! | C10: =BAR!#REF!*0.9*0.87 -> #REF! | D10: =BAR!#REF!*0.9*0.87 -> #REF! | E10: =BAR!#REF!*0.9*0.87 -> #REF! | F10: =BAR!#REF!*0.9*0.87 -> #REF! | G10: =BAR!#REF!*0.9*0.87 -> #REF! | H10: =BAR!#REF!*0.9*0.87 -> #REF! | I10: =BAR!#REF!*0.9*0.87 -> #REF! | ... AZ10: =BAR!#REF!*0.9*0.87 -> #REF! | BA10: =BAR!B10*0.9*0.87 -> 15190.2 | BB10: =BAR!C10*0.9*0.87 -> 15190.2 | BC10: =BAR!D10*0.9*0.87 -> 15190.2 | BD10: =BAR!E10*0.9*0.87 -> 15190.2 | BE10: =BAR!F10*0.9*0.87 -> 15581.7 | BF10: =BAR!G10*0.9*0.87 -> 15581.7 | BG10: =BAR!H10*0.9*0.87 -> 15581.7 | BH10: =BAR!I10*0.9*0.87 -> 15581.7 | ... JA10: =BAR!HB10*0.9*0.87 -> 19731.6
A11: Номер Люкс - с двуспальной кроватью
A12: 1 | B12: =BAR!#REF!*0.9*0.87 -> #REF! | C12: =BAR!#REF!*0.9*0.87 -> #REF! | D12: =BAR!#REF!*0.9*0.87 -> #REF! | E12: =BAR!#REF!*0.9*0.87 -> #REF! | F12: =BAR!#REF!*0.9*0.87 -> #REF! | G12: =BAR!#REF!*0.9*0.87 -> #REF! | H12: =BAR!#REF!*0.9*0.87 -> #REF! | I12: =BAR!#REF!*0.9*0.87 -> #REF! | ... AZ12: =BAR!#REF!*0.9*0.87 -> #REF! | BA12: =BAR!B12*0.9*0.87 -> 18165.6 | BB12: =BAR!C12*0.9*0.87 -> 18165.6 | BC12: =BAR!D12*0.9*0.87 -> 18165.6 | BD12: =BAR!E12*0.9*0.87 -> 18165.6 | BE12: =BAR!F12*0.9*0.87 -> 18557.1 | BF12: =BAR!G12*0.9*0.87 -> 18557.1 | BG12: =BAR!H12*0.9*0.87 -> 18557.1 | BH12: =BAR!I12*0.9*0.87 -> 18557.1 | ... JA12: =BAR!HB12*0.9*0.87 -> 25408.35
A13: 2 | B13: =BAR!#REF!*0.9*0.87 -> #REF! | C13: =BAR!#REF!*0.9*0.87 -> #REF! | D13: =BAR!#REF!*0.9*0.87 -> #REF! | E13: =BAR!#REF!*0.9*0.87 -> #REF! | F13: =BAR!#REF!*0.9*0.87 -> #REF! | G13: =BAR!#REF!*0.9*0.87 -> #REF! | H13: =BAR!#REF!*0.9*0.87 -> #REF! | I13: =BAR!#REF!*0.9*0.87 -> #REF! | ... AZ13: =BAR!#REF!*0.9*0.87 -> #REF! | BA13: =BAR!B13*0.9*0.87 -> 19888.2 | BB13: =BAR!C13*0.9*0.87 -> 19888.2 | BC13: =BAR!D13*0.9*0.87 -> 19888.2 | BD13: =BAR!E13*0.9*0.87 -> 19888.2 | BE13: =BAR!F13*0.9*0.87 -> 20279.7 | BF13: =BAR!G13*0.9*0.87 -> 20279.7 | BG13: =BAR!H13*0.9*0.87 -> 20279.7 | BH13: =BAR!I13*0.9*0.87 -> 20279.7 | ... JA13: =BAR!HB13*0.9*0.87 -> 27561.6
A14: Представительский Люкс - с двуспальной кроватью
A15: 1 | B15: =BAR!#REF!*0.9*0.87 -> #REF! | C15: =BAR!#REF!*0.9*0.87 -> #REF! | D15: =BAR!#REF!*0.9*0.87 -> #REF! | E15: =BAR!#REF!*0.9*0.87 -> #REF! | F15: =BAR!#REF!*0.9*0.87 -> #REF! | G15: =BAR!#REF!*0.9*0.87 -> #REF! | H15: =BAR!#REF!*0.9*0.87 -> #REF! | I15: =BAR!#REF!*0.9*0.87 -> #REF! | ... AZ15: =BAR!#REF!*0.9*0.87 -> #REF! | BA15: =BAR!B15*0.9*0.87 -> 20514.6 | BB15: =BAR!C15*0.9*0.87 -> 20514.6 | BC15: =BAR!D15*0.9*0.87 -> 20514.6 | BD15: =BAR!E15*0.9*0.87 -> 20514.6 | BE15: =BAR!F15*0.9*0.87 -> 20906.1 | BF15: =BAR!G15*0.9*0.87 -> 20906.1 | BG15: =BAR!H15*0.9*0.87 -> 20906.1 | BH15: =BAR!I15*0.9*0.87 -> 20906.1 | ... JA15: =BAR!HB15*0.9*0.87 -> 30106.35
A16: 2 | B16: =BAR!#REF!*0.9*0.87 -> #REF! | C16: =BAR!#REF!*0.9*0.87 -> #REF! | D16: =BAR!#REF!*0.9*0.87 -> #REF! | E16: =BAR!#REF!*0.9*0.87 -> #REF! | F16: =BAR!#REF!*0.9*0.87 -> #REF! | G16: =BAR!#REF!*0.9*0.87 -> #REF! | H16: =BAR!#REF!*0.9*0.87 -> #REF! | I16: =BAR!#REF!*0.9*0.87 -> #REF! | ... AZ16: =BAR!#REF!*0.9*0.87 -> #REF! | BA16: =BAR!B16*0.9*0.87 -> 22237.2 | BB16: =BAR!C16*0.9*0.87 -> 22237.2 | BC16: =BAR!D16*0.9*0.87 -> 22237.2 | BD16: =BAR!E16*0.9*0.87 -> 22237.2 | BE16: =BAR!F16*0.9*0.87 -> 22628.7 | BF16: =BAR!G16*0.9*0.87 -> 22628.7 | BG16: =BAR!H16*0.9*0.87 -> 22628.7 | BH16: =BAR!I16*0.9*0.87 -> 22628.7 | ... JA16: =BAR!HB16*0.9*0.87 -> 32259.6
A17: Пентхаус, 2-этажный, с террасой - с 2 спальнями
A18: от 1 до 4 | B18: =BAR!#REF!*0.9*0.87 -> #REF! | C18: =BAR!#REF!*0.9*0.87 -> #REF! | D18: =BAR!#REF!*0.9*0.87 -> #REF! | E18: =BAR!#REF!*0.9*0.87 -> #REF! | F18: =BAR!#REF!*0.9*0.87 -> #REF! | G18: =BAR!#REF!*0.9*0.87 -> #REF! | H18: =BAR!#REF!*0.9*0.87 -> #REF! | I18: =BAR!#REF!*0.9*0.87 -> #REF! | ... AZ18: =BAR!#REF!*0.9*0.87 -> #REF! | BA18: =BAR!B18*0.9*0.87 -> 38523.6 | BB18: =BAR!C18*0.9*0.87 -> 38523.6 | BC18: =BAR!D18*0.9*0.87 -> 38523.6 | BD18: =BAR!E18*0.9*0.87 -> 38523.6 | BE18: =BAR!F18*0.9*0.87 -> 38915.1 | BF18: =BAR!G18*0.9*0.87 -> 38915.1 | BG18: =BAR!H18*0.9*0.87 -> 38915.1 | BH18: =BAR!I18*0.9*0.87 -> 38915.1 | ... JA18: =BAR!HB18*0.9*0.87 -> 45766.35
A19: Люкс Красная Поляна, 2-этажный, с террасой - с 3 спальнями
A20: от 1 до 6 | B20: =BAR!#REF!*0.9*0.87 -> #REF! | C20: =BAR!#REF!*0.9*0.87 -> #REF! | D20: =BAR!#REF!*0.9*0.87 -> #REF! | E20: =BAR!#REF!*0.9*0.87 -> #REF! | F20: =BAR!#REF!*0.9*0.87 -> #REF! | G20: =BAR!#REF!*0.9*0.87 -> #REF! | H20: =BAR!#REF!*0.9*0.87 -> #REF! | I20: =BAR!#REF!*0.9*0.87 -> #REF! | ... AZ20: =BAR!#REF!*0.9*0.87 -> #REF! | BA20: =BAR!B20*0.9*0.87 -> 54183.6 | BB20: =BAR!C20*0.9*0.87 -> 54183.6 | BC20: =BAR!D20*0.9*0.87 -> 54183.6 | BD20: =BAR!E20*0.9*0.87 -> 54183.6 | BE20: =BAR!F20*0.9*0.87 -> 54575.1 | BF20: =BAR!G20*0.9*0.87 -> 54575.1 | BG20: =BAR!H20*0.9*0.87 -> 54575.1 | BH20: =BAR!I20*0.9*0.87 -> 54575.1 | ... JA20: =BAR!HB20*0.9*0.87 -> 69256.35
A21: ВАЖНО:
A22: Доступен для бронирования от 7 до 14 дней до заезда.
A23: Даты тарифа (включительно):
A24: Период продажи: 25.03.2026 - 30.03.2027 Период проживания: 29.12.2026 - 31.03.2027
A25: Закрытые даты (включительно):
A26: 15.07.2026 - 30.11.2026 29.12.2026 - 08.01.2027 19.02.2027 - 27.02.2027
A27: В стоимость включено:
A28: Подъем на канатной дороге с Поляны 540 на Поляну 960; Проживание в номере выбранной категории; Завтрак "Шведский стол" в ресторане "Прагер"; Шоколадный час ежедневно с 17.00 до 17.45; Посещение SPA комплекса отеля; Wi-Fi на территории всего отеля; Комната для хранения горнолыжного оборудования; Услуги консьержа, в том числе мобильный консьерж-сервис; Доставка багажа в номер / из номера; Услуги парковки автомобиля (крытая парковка);
A29: Условия аннуляции:
A30: Для оформления бронирования необходимо внести 100% предоплату в размере полной стоимости проживания. В случае отмены или изменения бронирования после 00:00 часов дня заезда удерживается стоимость первых суток.

Sheet РБ15%FIT18
A1: Мовенпик Красная Поляна 5*
A2: Тариф "Раннее бронирование со скидкой 15%, завтрак включен"
A3: нетто тарифы
A4: завтраки формата "Шведский стол" | B4: 46218 | C4: 46219 | D4: 46220 | E4: 46221 | F4: 46222 | G4: 46223 | H4: 46224 | I4: 46225 | J4: 46226 | K4: 46227 | L4: 46228 | M4: 46229 | N4: 46230 | O4: 46231 | P4: 46232 | Q4: 46233 | R4: 46234 | S4: 46235 | T4: 46236 | U4: 46237 | V4: 46238 | W4: 46239 | X4: 46240 | Y4: 46241 | Z4: 46242 | AA4: 46243 | AB4: 46244 | AC4: 46245 | AD4: 46246 | AE4: 46247 | AF4: 46248 | AG4: 46249 | AH4: 46250 | AI4: 46251 | AJ4: 46252 | AK4: 46253 | AL4: 46254 | AM4: 46255 | AN4: 46256 | AO4: 46257 | AP4: 46258 | AQ4: 46259 | AR4: 46260 | AS4: 46261 | AT4: 46262 | AU4: 46263 | AV4: 46264 | AW4: 46265 | AX4: 46266 | AY4: 46267 | AZ4: 46268 | BA4: 46269 | BB4: 46270 | BC4: 46271 | BD4: 46272 | BE4: 46273 | BF4: 46274 | BG4: 46275 | BH4: 46276 | BI4: 46277 | BJ4: 46278 | BK4: 46279 | BL4: 46280 | BM4: 46281 | BN4: 46282 | BO4: 46283 | BP4: 46284 | BQ4: 46285 | BR4: 46286 | BS4: 46287 | BT4: 46288 | BU4: 46289 | BV4: 46290 | BW4: 46291 | BX4: 46292 | BY4: 46293 | BZ4: 46294 | CA4: 46295 | CB4: 46296 | CC4: 46297 | CD4: 46298 | CE4: 46299 | CF4: 46300 | CG4: 46301 | CH4: 46302 | CI4: 46303 | CJ4: 46304 | CK4: 46305 | CL4: 46306 | CM4: 46307 | CN4: 46308 | CO4: 46309 | CP4: 46310 | CQ4: 46311 | CR4: 46312 | CS4: 46313 | CT4: 46314 | CU4: 46315 | CV4: 46316 | CW4: 46317 | CX4: 46318 | CY4: 46319 | CZ4: 46320 | DA4: 46321 | DB4: 46322 | DC4: 46323 | DD4: 46324 | DE4: 46325 | DF4: 46326 | DG4: 46327 | DH4: 46328 | DI4: 46329 | DJ4: 46330 | DK4: 46331 | DL4: 46332 | DM4: 46333 | DN4: 46334 | DO4: 46335 | DP4: 46336 | DQ4: 46337 | DR4: 46338 | DS4: 46339 | DT4: 46340 | DU4: 46341 | DV4: 46342 | DW4: 46343 | DX4: 46344 | DY4: 46345 | DZ4: 46346 | EA4: 46347 | EB4: 46348 | EC4: 46349 | ED4: 46350 | EE4: 46351 | EF4: 46352 | EG4: 46353 | EH4: 46354 | EI4: 46355 | EJ4: 46356 | EK4: 46357 | EL4: 46358 | EM4: 46359 | EN4: 46360 | EO4: 46361 | EP4: 46362 | EQ4: 46363 | ER4: 46364 | ES4: 46365 | ET4: 46366 | EU4: 46367 | EV4: 46368 | EW4: 46369 | EX4: 46370 | EY4: 46371 | EZ4: 46372 | FA4: 46373 | FB4: 46374 | FC4: 46375 | FD4: 46376 | FE4: 46377 | FF4: 46378 | FG4: 46379 | FH4: 46380 | FI4: 46381 | FJ4: 46382 | FK4: 46383 | FL4: 46384 | FM4: 46385 | FN4: 46386 | FO4: 46387 | FP4: 46388 | FQ4: 46389 | FR4: 46390 | FS4: 46391 | FT4: 46392 | FU4: 46393 | FV4: 46394 | FW4: 46395 | FX4: 46396 | FY4: 46397 | FZ4: 46398 | GA4: 46399 | GB4: 46400 | GC4: 46401 | GD4: 46402 | GE4: 46403 | GF4: 46404 | GG4: 46405 | GH4: 46406 | GI4: 46407 | GJ4: 46408 | GK4: 46409 | GL4: 46410 | GM4: 46411 | GN4: 46412 | GO4: 46413 | GP4: 46414 | GQ4: 46415 | GR4: 46416 | GS4: 46417 | GT4: 46418 | GU4: 46419 | GV4: 46420 | GW4: 46421 | GX4: 46422 | GY4: 46423 | GZ4: 46424 | HA4: 46425 | HB4: 46426 | HC4: 46427 | HD4: 46428 | HE4: 46429 | HF4: 46430 | HG4: 46431 | HH4: 46432 | HI4: 46433 | HJ4: 46434 | HK4: 46435 | HL4: 46436 | HM4: 46437 | HN4: 46438 | HO4: 46439 | HP4: 46440 | HQ4: 46441 | HR4: 46442 | HS4: 46443 | HT4: 46444 | HU4: 46445 | HV4: 46446 | HW4: 46447 | HX4: 46448 | HY4: 46449 | HZ4: 46450 | IA4: 46451 | IB4: 46452 | IC4: 46453 | ID4: 46454 | IE4: 46455 | IF4: 46456 | IG4: 46457 | IH4: 46458 | II4: 46459 | IJ4: 46460 | IK4: 46461 | IL4: 46462 | IM4: 46463 | IN4: 46464 | IO4: 46465 | IP4: 46466 | IQ4: 46467 | IR4: 46468 | IS4: 46469 | IT4: 46470 | IU4: 46471 | IV4: 46472 | IW4: 46473 | IX4: 46474 | IY4: 46475 | IZ4: 46476 | JA4: 46477
A5: Улучшенный номер - с двуспальной кроватью Улучшенный номер с 2 односпальными кроватями Улучшенный номер, для маломобильных - с двуспальной кроватью
A6: 1 | B6: ='РБ15% '!B6*0.87 -> #REF! | C6: ='РБ15% '!C6*0.87 -> #REF! | D6: ='РБ15% '!D6*0.87 -> #REF! | E6: ='РБ15% '!E6*0.87 -> #REF! | F6: ='РБ15% '!F6*0.87 -> #REF! | G6: ='РБ15% '!G6*0.87 -> #REF! | H6: ='РБ15% '!H6*0.87 -> #REF! | I6: ='РБ15% '!I6*0.87 -> #REF! | ... JA6: ='РБ15% '!JA6*0.87 -> 13643.775
A7: 2 | B7: ='РБ15% '!B7*0.87 -> #REF! | C7: ='РБ15% '!C7*0.87 -> #REF! | D7: ='РБ15% '!D7*0.87 -> #REF! | E7: ='РБ15% '!E7*0.87 -> #REF! | F7: ='РБ15% '!F7*0.87 -> #REF! | G7: ='РБ15% '!G7*0.87 -> #REF! | H7: ='РБ15% '!H7*0.87 -> #REF! | I7: ='РБ15% '!I7*0.87 -> #REF! | ... JA7: ='РБ15% '!JA7*0.87 -> 15677.4
A8: Улучшенный номер, вид на горы - с двуспальной кроватью Улучшенный номер, вид на горы с 2 односпальными кроватями
A9: 1 | B9: ='РБ15% '!B9*0.87 -> #REF! | C9: ='РБ15% '!C9*0.87 -> #REF! | D9: ='РБ15% '!D9*0.87 -> #REF! | E9: ='РБ15% '!E9*0.87 -> #REF! | F9: ='РБ15% '!F9*0.87 -> #REF! | G9: ='РБ15% '!G9*0.87 -> #REF! | H9: ='РБ15% '!H9*0.87 -> #REF! | I9: ='РБ15% '!I9*0.87 -> #REF! | ... JA9: ='РБ15% '!JA9*0.87 -> 16601.775
A10: 2 | B10: ='РБ15% '!B10*0.87 -> #REF! | C10: ='РБ15% '!C10*0.87 -> #REF! | D10: ='РБ15% '!D10*0.87 -> #REF! | E10: ='РБ15% '!E10*0.87 -> #REF! | F10: ='РБ15% '!F10*0.87 -> #REF! | G10: ='РБ15% '!G10*0.87 -> #REF! | H10: ='РБ15% '!H10*0.87 -> #REF! | I10: ='РБ15% '!I10*0.87 -> #REF! | ... JA10: ='РБ15% '!JA10*0.87 -> 18635.4
A11: Номер Люкс - с двуспальной кроватью
A12: 1 | B12: ='РБ15% '!B12*0.87 -> #REF! | C12: ='РБ15% '!C12*0.87 -> #REF! | D12: ='РБ15% '!D12*0.87 -> #REF! | E12: ='РБ15% '!E12*0.87 -> #REF! | F12: ='РБ15% '!F12*0.87 -> #REF! | G12: ='РБ15% '!G12*0.87 -> #REF! | H12: ='РБ15% '!H12*0.87 -> #REF! | I12: ='РБ15% '!I12*0.87 -> #REF! | ... JA12: ='РБ15% '!JA12*0.87 -> 23996.775
A13: 2 | B13: ='РБ15% '!B13*0.87 -> #REF! | C13: ='РБ15% '!C13*0.87 -> #REF! | D13: ='РБ15% '!D13*0.87 -> #REF! | E13: ='РБ15% '!E13*0.87 -> #REF! | F13: ='РБ15% '!F13*0.87 -> #REF! | G13: ='РБ15% '!G13*0.87 -> #REF! | H13: ='РБ15% '!H13*0.87 -> #REF! | I13: ='РБ15% '!I13*0.87 -> #REF! | ... JA13: ='РБ15% '!JA13*0.87 -> 26030.4
A14: Представительский Люкс - с двуспальной кроватью
A15: 1 | B15: ='РБ15% '!B15*0.87 -> #REF! | C15: ='РБ15% '!C15*0.87 -> #REF! | D15: ='РБ15% '!D15*0.87 -> #REF! | E15: ='РБ15% '!E15*0.87 -> #REF! | F15: ='РБ15% '!F15*0.87 -> #REF! | G15: ='РБ15% '!G15*0.87 -> #REF! | H15: ='РБ15% '!H15*0.87 -> #REF! | I15: ='РБ15% '!I15*0.87 -> #REF! | ... JA15: ='РБ15% '!JA15*0.87 -> 28433.775
A16: 2 | B16: ='РБ15% '!B16*0.87 -> #REF! | C16: ='РБ15% '!C16*0.87 -> #REF! | D16: ='РБ15% '!D16*0.87 -> #REF! | E16: ='РБ15% '!E16*0.87 -> #REF! | F16: ='РБ15% '!F16*0.87 -> #REF! | G16: ='РБ15% '!G16*0.87 -> #REF! | H16: ='РБ15% '!H16*0.87 -> #REF! | I16: ='РБ15% '!I16*0.87 -> #REF! | ... JA16: ='РБ15% '!JA16*0.87 -> 30467.4
A17: Пентхаус, 2-этажный, с террасой - с 2 спальнями
A18: от 1 до 4 | B18: ='РБ15% '!B18*0.87 -> #REF! | C18: ='РБ15% '!C18*0.87 -> #REF! | D18: ='РБ15% '!D18*0.87 -> #REF! | E18: ='РБ15% '!E18*0.87 -> #REF! | F18: ='РБ15% '!F18*0.87 -> #REF! | G18: ='РБ15% '!G18*0.87 -> #REF! | H18: ='РБ15% '!H18*0.87 -> #REF! | I18: ='РБ15% '!I18*0.87 -> #REF! | ... JA18: ='РБ15% '!JA18*0.87 -> 43223.775
A19: Люкс Красная Поляна, 2-этажный, с террасой - с 3 спальнями
A20: от 1 до 6 | B20: ='РБ15% '!B20*0.87 -> #REF! | C20: ='РБ15% '!C20*0.87 -> #REF! | D20: ='РБ15% '!D20*0.87 -> #REF! | E20: ='РБ15% '!E20*0.87 -> #REF! | F20: ='РБ15% '!F20*0.87 -> #REF! | G20: ='РБ15% '!G20*0.87 -> #REF! | H20: ='РБ15% '!H20*0.87 -> #REF! | I20: ='РБ15% '!I20*0.87 -> #REF! | ... JA20: ='РБ15% '!JA20*0.87 -> 65408.775
A21: ВАЖНО:
A22: Доступен для бронирования от 15 дней до заезда.
A23: Даты тарифа (включительно):
A24: Период продажи: 25.03.2026 - 30.03.2027 Период проживания: 29.12.2026 - 31.03.2027
A25: Закрытые даты (включительно):
A26: 15.07.2026 - 30.11.2026 29.12.2026 - 08.01.2027 19.02.2027 - 27.02.2027
A27: В стоимость включено:
A28: Подъем на канатной дороге с Поляны 540 на Поляну 960; Проживание в номере выбранной категории; Завтрак "Шведский стол" в ресторане "Прагер"; Шоколадный час ежедневно с 17.00 до 17.45; Посещение SPA комплекса отеля; Wi-Fi на территории всего отеля; Комната для хранения горнолыжного оборудования; Услуги консьержа, в том числе мобильный консьерж-сервис; Доставка багажа в номер / из номера; Услуги парковки автомобиля (крытая парковка).
A29: Условия аннуляции:
A30: Для оформления бронирования необходимо внести 100% предоплату в размере полной стоимости проживания. В случае отмены или изменения бронирования после 00:00 часов дня заезда удерживается стоимость первых суток.

Sheet ОиК FIT18
A1: Мовенпик Красная Поляна 5*
A2: тариф ОТДЫХАЙ И КАТАЙ
A3: нетто тарифы
A4: завтраки формата "Шведский стол" | B4: =ОиК!B4 -> 46148 | C4: =ОиК!C4 -> 46149 | D4: =ОиК!D4 -> 46150 | E4: =ОиК!E4 -> 46151
A5: Улучшенный номер - с двуспальной кроватью, с 2 односпальными кроватями
A6: 1 | B6: =ОиК!B6*0.87 -> #REF! | C6: =ОиК!C6*0.87 -> #REF! | D6: =ОиК!D6*0.87 -> #REF! | E6: =ОиК!E6*0.87 -> #REF!
A7: 2 | B7: =ОиК!B7*0.87 -> #REF! | C7: =ОиК!C7*0.87 -> #REF! | D7: =ОиК!D7*0.87 -> #REF! | E7: =ОиК!E7*0.87 -> #REF!
A8: Улучшенный номер, вид на горы - с двуспальной кроватью, с 2 односпальными кроватями
A9: 1 | B9: =ОиК!B9*0.87 -> #REF! | C9: =ОиК!C9*0.87 -> #REF! | D9: =ОиК!D9*0.87 -> #REF! | E9: =ОиК!E9*0.87 -> #REF!
A10: 2 | B10: =ОиК!B10*0.87 -> #REF! | C10: =ОиК!C10*0.87 -> #REF! | D10: =ОиК!D10*0.87 -> #REF! | E10: =ОиК!E10*0.87 -> #REF!
A11: Номер Люкс - с двуспальной кроватью
A12: 1 | B12: =ОиК!B12*0.87 -> #REF! | C12: =ОиК!C12*0.87 -> #REF! | D12: =ОиК!D12*0.87 -> #REF! | E12: =ОиК!E12*0.87 -> #REF!
A13: 2 | B13: =ОиК!B13*0.87 -> #REF! | C13: =ОиК!C13*0.87 -> #REF! | D13: =ОиК!D13*0.87 -> #REF! | E13: =ОиК!E13*0.87 -> #REF!
A14: Представительский Люкс - с двуспальной кроватью
A15: 1 | B15: =ОиК!B15*0.87 -> #REF! | C15: =ОиК!C15*0.87 -> #REF! | D15: =ОиК!D15*0.87 -> #REF! | E15: =ОиК!E15*0.87 -> #REF!
A16: 2 | B16: =ОиК!B16*0.87 -> #REF! | C16: =ОиК!C16*0.87 -> #REF! | D16: =ОиК!D16*0.87 -> #REF! | E16: =ОиК!E16*0.87 -> #REF!
A17: Пентхаус, 2-этажный, с террасой - с 2 спальнями
A18: от 1 до 4 | B18: =ОиК!B18*0.87 -> #REF! | C18: =ОиК!C18*0.87 -> #REF! | D18: =ОиК!D18*0.87 -> #REF! | E18: =ОиК!E18*0.87 -> #REF!
A19: Люкс Красная Поляна, 2-этажный, с террасой - с 3 спальнями
A20: от 1 до 6 | B20: =ОиК!B20*0.87 -> #REF! | C20: =ОиК!C20*0.87 -> #REF! | D20: =ОиК!D20*0.87 -> #REF! | E20: =ОиК!E20*0.87 -> #REF!
A21: ВАЖНО:
A22: Дополнительно на каждый день проживания в стоимость заявки добавляются ски-пассы для каждого взрослого, стоимость: 09.01.2025 - 31.03.2026 включительно - 3500 рублей. 01.04.2026 - 09.05.2026 включительно - 2000 рублей. При размещении дополнительных гостей, также на каждый день проживания добавляются в стоимость заявки ски-пассы на каждого взрослого гостя: 09.01.2025 - 31.03.2026 включительно - 3500 рублей. 01.04.2026 - 09.05.2026 включительно - 2000 рублей.
A23: В Тravelline тариф выгружается с учетом стоимости ски-пассов на каждого взрослого в заявке. В заявки, направляемые вручную по почте, дополнительно на каждый день проживания в стоимость добавляется стоимость ски-пассов для каждого взрослого самостоятельно.
A24: Выдача электронного купона производится при заселении на стойке регистрации. Получить ски-пассы можно в автоматах (пикап-поинтах) у канатных дорог. Возврат средств за неиспользованные ски-пассы не производится. Тариф включает ски-пассы только для взрослых гостей. Детские ски-пассы приобретаются в кассе курорта или на стойке «Чем заняться» за 1 рубль.
A25: Даты тарифа:
A26: Период продажи: 31.10.2025 - 09.05.2026 Период проживания: 09.01.2026 - 10.05.2026
A27: В стоимость включено:
A28: Проживание в номере выбранной категории со скидкой 10%; Ски-пасс "Дневной взрослый" со скидкой 50% на весь период проживания (от открытой стоимости krasnayapolyanaresort.ru);* Завтрак "Шведский стол" в ресторане "Прагер"; Шоколадный час ежедневно с 17.00 до 17.45; Посещение SPA комплекса отеля; Бесплатный Wi-Fi на территории всего отеля; Комната для хранения горнолыжного оборудования; Услуги бизнес-центра (персональный компьютер, принтер, Интернет); Услуги консьержа, в том числе мобильный консьерж-сервис; Доставка багажа в номер / из номера; Услуги парковки автомобиля (крытая парковка). *Количество ски-пассов равно количеству ночей проживания
A29: Дополнительно в стоимость включено с 08.04.2026:
A30: Скидка 15% на все массажи и спа-процедуры во всех СПА Курорта (Mövenpick5*, Novotel Resort&Spa 5*, Rixos 5* и Marriott 5*, с 13.04.26 в отеле Panorama by Mercure 4*); Скидка 30% на меню и напитки ресторана «Вершина» (2200 м); Скидка 25% на разовый визит в СПА Novotel Resort&Spa 5* с открытым бассейном; Аренда малого банного комплекса с 9:00 до 11:00 (не более 5 гостей) - до 5 авторских процедур в подарок «Ритуал Воздуха» или «Сила Стихий»; Разовое посещение большого банного комплекса от 4 000р./взр и детский тариф со скидкой 50% от стоимости тарифа для взрослых (Посещение не входит в стоимость, оплачивается дополнительно). Подробная информация о предоставлении услуг в Службе поддержки Курорта: тел. 8 800 550 20 20 e-mail: infocenter@kpresort.ru. Услуги предложения действуют только в период проживания и предоставляются однократно, согласно условиям в купонной книге. Купонная книга выдается при заселении из расчета: 1 номер = 1 книга. Предложение ограничено и не комбинируется с другими действующими акциями отеля. НАО «Красная поляна» оставляет за собой право изменять услуги в составе пакета. Предоставление услуг может зависеть от высокой загрузки СПА и банного комплекса.
A31: Условия аннуляции:
A32: В случае отмены или изменения бронирования после 00:00 часов дня заезда удерживается стоимость первых суток.
... A34: Ежегодные регламентные работы на канатных дорогах курорта Красная Поляна пройдут с 16 марта по 24 июня 2026 года. С 10 по 31 мая будут закрыты канатные дороги Центрального сектора: («Красная Поляна» 540-960 м, «Реликтовый лес» 960-1460 м, «Вершина» 1460-2200 м, «Аибга» 2200-2050 м, «Черная Пирамида» 2050-2300 м). На время регламентных работ между уровнями 540-960 м будут курсировать шаттлы курорта. С 16 марта по 24 апреля будет закрыта канатная дорога Восточного сектора К‑13 «Водопад Поликаря. С 1 апреля по 24 апреля будут закрыты канатные дороги К‑10 «Восточный лес» и К‑12 «Старт чемпиона». К‑8 «Снежная звезда»: закрыта с 1 по 24 июня.

Sheet КвГ FIT18
A1: Мовенпик Красная Поляна 5*
A2: тариф КАНИКУЛЫ В ГОРАХ. ВЕСНА
A3: нетто тарифы
A4: завтраки формата "Шведский стол" | B4: 46169 | C4: 46170 | D4: 46171 | E4: 46172 | F4: 46173
A5: Улучшенный номер - с двуспальной кроватью Улучшенный номер с 2 односпальными кроватями Улучшенный номер, для маломобильных - с двуспальной кроватью
A6: 1 | B6: =ROUND(КвГ!F6*0.87,) -> #REF! | C6: =ROUND(КвГ!G6*0.87,) -> #REF! | D6: =ROUND(КвГ!H6*0.87,) -> #REF! | E6: =ROUND(КвГ!I6*0.87,) -> #REF! | F6: =ROUND(КвГ!J6*0.87,) -> #REF!
A7: 2 | B7: =ROUND(КвГ!F7*0.87,) -> #REF! | C7: =ROUND(КвГ!G7*0.87,) -> #REF! | D7: =ROUND(КвГ!H7*0.87,) -> #REF! | E7: =ROUND(КвГ!I7*0.87,) -> #REF! | F7: =ROUND(КвГ!J7*0.87,) -> #REF!
A8: Улучшенный номер, вид на горы - с двуспальной кроватью Улучшенный номер, вид на горы с 2 односпальными кроватями
A9: 1 | B9: =ROUND(КвГ!F9*0.87,) -> #REF! | C9: =ROUND(КвГ!G9*0.87,) -> #REF! | D9: =ROUND(КвГ!H9*0.87,) -> #REF! | E9: =ROUND(КвГ!I9*0.87,) -> #REF! | F9: =ROUND(КвГ!J9*0.87,) -> #REF!
A10: 2 | B10: =ROUND(КвГ!F10*0.87,) -> #REF! | C10: =ROUND(КвГ!G10*0.87,) -> #REF! | D10: =ROUND(КвГ!H10*0.87,) -> #REF! | E10: =ROUND(КвГ!I10*0.87,) -> #REF! | F10: =ROUND(КвГ!J10*0.87,) -> #REF!
A11: Номер Люкс - с двуспальной кроватью
A12: 1 | B12: =ROUND(КвГ!F12*0.87,) -> #REF! | C12: =ROUND(КвГ!G12*0.87,) -> #REF! | D12: =ROUND(КвГ!H12*0.87,) -> #REF! | E12: =ROUND(КвГ!I12*0.87,) -> #REF! | F12: =ROUND(КвГ!J12*0.87,) -> #REF!
A13: 2 | B13: =ROUND(КвГ!F13*0.87,) -> #REF! | C13: =ROUND(КвГ!G13*0.87,) -> #REF! | D13: =ROUND(КвГ!H13*0.87,) -> #REF! | E13: =ROUND(КвГ!I13*0.87,) -> #REF! | F13: =ROUND(КвГ!J13*0.87,) -> #REF!
A14: Представительский Люкс - с двуспальной кроватью
A15: 1 | B15: =ROUND(КвГ!F15*0.87,) -> #REF! | C15: =ROUND(КвГ!G15*0.87,) -> #REF! | D15: =ROUND(КвГ!H15*0.87,) -> #REF! | E15: =ROUND(КвГ!I15*0.87,) -> #REF! | F15: =ROUND(КвГ!J15*0.87,) -> #REF!
A16: 2 | B16: =ROUND(КвГ!F16*0.87,) -> #REF! | C16: =ROUND(КвГ!G16*0.87,) -> #REF! | D16: =ROUND(КвГ!H16*0.87,) -> #REF! | E16: =ROUND(КвГ!I16*0.87,) -> #REF! | F16: =ROUND(КвГ!J16*0.87,) -> #REF!
A17: Пентхаус, 2-этажный, с террасой - с 2 спальнями
A18: от 1 до 4 | B18: =ROUND(КвГ!F18*0.87,) -> #REF! | C18: =ROUND(КвГ!G18*0.87,) -> #REF! | D18: =ROUND(КвГ!H18*0.87,) -> #REF! | E18: =ROUND(КвГ!I18*0.87,) -> #REF! | F18: =ROUND(КвГ!J18*0.87,) -> #REF!
A19: Люкс Красная Поляна, 2-этажный, с террасой - с 3 спальнями
A20: от 1 до 6 | B20: =ROUND(КвГ!F20*0.87,) -> #REF! | C20: =ROUND(КвГ!G20*0.87,) -> #REF! | D20: =ROUND(КвГ!H20*0.87,) -> #REF! | E20: =ROUND(КвГ!I20*0.87,) -> #REF! | F20: =ROUND(КвГ!J20*0.87,) -> #REF!
A21: ВАЖНО:
A22: Бесплатное размещение 2-х детей до 11 лет вкл-но. Бесплатно предоставляются завтраки для 2-х детей и одно дополнительное место. Второй ребенок размещается на основных спальных местах. Дополнительно ЕДИНОРАЗОВО в стоимость заявки добавляется стоимость купонной книги для каждого взрослого: 15.03.2026 - 31.05.2026 включительно - 2500 руб/взр. При размещении дополнительных гостей, также ЕДИНОРАЗОВО добавляется стоимость купонной книги для каждого взрослого: 15.03.2026 - 31.05.2026 включительно - 2500 руб/взр.
A23: Даты тарифа:
A24: Период продажи: 20.02.2026 - 30.05.2026 Период проживания: 15.03.2026 - 31.05.2026
A25: В стоимость включено:
A26: Проживание в номере выбранной категории; Завтрак "Шведский стол" в ресторане "Прагер"; Шоколадный час ежедневно с 17.00 до 17.45; Посещение SPA комплекса отеля; Бесплатный Wi-Fi на территории всего отеля; Комната для хранения горнолыжного оборудования; Услуги бизнес-центра (персональный компьютер, принтер, Интернет); Услуги консьержа, в том числе мобильный консьерж-сервис; Доставка багажа в номер / из номера; Услуги парковки автомобиля (крытая парковка). Бесплатное размещение 2-х детей до 11 лет вкл-но. Бесплатно предоставляются завтраки для 2-х детей и одно дополнительное место.Второй ребенок размещается на основных спальных местах.
A27: По купонной книге в предложение "Каникулы в горях.Весна" входят бесплатно:
A28: 1. Прогулочные билеты "Панорама Красной Поляны" (для всех гостей, проживающих в номере); 2. Посещение Хаски центра (для всех гостей, проживающих в номере); 3. Посещение мини-зоопарка «Капибара и друзья» (для всех гостей, проживающих в номере); 4. Один маршрут веревочного парка (для всех гостей, проживающих в номере), услуга доступна при проживании с 01.05.2026; 5. Скидка 20% на занятие с инструктором в школе катания "Три вершины"; 6. Скидка 30% на прокат горнолыжного оборудования. Действует в пунктах проката на уровнях 540 и 960; 7. Спецтариф: Ферма северных оленей + Дача Альпача Прогулка по парку «Лес чудес», знакомство с оленями и альпаками. Входной билет — 800 ₽. Дети до 4 лет — бесплатно.; 8. Скидка 30% на аренду роликов или скейтборда в школе катания «Три вершины» Скидка 30% на 1 час проката для всех проживающих в номере в подарок (С даты открытия школы, ориентировочно с середины апреля) 9. Стикерпак в подарок (1 стикер на номер).
A29: Условия аннуляции:
A30: В случае отмены или изменения бронирования после 00:00 часов дня заезда удерживается стоимость первых суток.
A31: Дополнительная информация:
A32: Услуги и бонусы предложения действуют только в период проживания и предоставляются однократно, согласно условиям в купонной книге. Купонная книга выдается при заселении из расчета: 1 номер = 1 книга. Предложение ограничено и не комбинируется с другими действующими акциями отеля. НАО «Красная поляна» оставляет за собой право изменять услуги в составе пакета. Предоставление услуг может зависеть от погодных условий и графика работы канатных дорог.
... A34: Ежегодные регламентные работы на канатных дорогах курорта Красная Поляна пройдут с 16 марта по 24 июня 2026 года. С 10 по 31 мая будут закрыты канатные дороги Центрального сектора: («Красная Поляна» 540-960 м, «Реликтовый лес» 960-1460 м, «Вершина» 1460-2200 м, «Аибга» 2200-2050 м, «Черная Пирамида» 2050-2300 м). На время регламентных работ между уровнями 540-960 м будут курсировать шаттлы курорта. С 16 марта по 24 апреля будет закрыта канатная дорога Восточного сектора К‑13 «Водопад Поликаря. С 1 апреля по 24 апреля будут закрыты канатные дороги К‑10 «Восточный лес» и К‑12 «Старт чемпиона». К‑8 «Снежная звезда»: закрыта с 1 по 24 июня.

Sheet ТЧК FIT18
A1: Мовенпик Красная Поляна 5*
A2: ТОЧКА ПРИТЯЖЕНИЯ
A3: Нетто тарифы
A4: завтраки формата "Шведский стол" | B4: 46215 | C4: 46216 | D4: 46217 | E4: 46218 | F4: 46219 | G4: 46220 | H4: 46221 | I4: 46222 | J4: 46223 | K4: 46224 | L4: 46225 | M4: 46226 | N4: 46227 | O4: 46228 | P4: 46229 | Q4: 46230 | R4: 46231 | S4: 46232 | T4: 46233 | U4: 46234 | V4: 46235 | W4: 46236 | X4: 46237 | Y4: 46238 | Z4: 46239 | AA4: 46240 | AB4: 46241 | AC4: 46242 | AD4: 46243 | AE4: 46244 | AF4: 46245 | AG4: 46246 | AH4: 46247 | AI4: 46248 | AJ4: 46249 | AK4: 46250 | AL4: 46251 | AM4: 46252 | AN4: 46253 | AO4: 46254 | AP4: 46255 | AQ4: 46256 | AR4: 46257 | AS4: 46258 | AT4: 46259 | AU4: 46260 | AV4: 46261 | AW4: 46262 | AX4: 46263 | AY4: 46264 | AZ4: 46265
A5: Улучшенный номер - с двуспальной кроватью Улучшенный номер с 2 односпальными кроватями Улучшенный номер, для маломобильных - с двуспальной кроватью
A6: 1 | B6: =ТЧК!B6*0.87 -> #REF! | C6: =ТЧК!C6*0.87 -> #REF! | D6: =ТЧК!D6*0.87 -> #REF! | E6: =ТЧК!E6*0.87 -> #REF! | F6: =ТЧК!F6*0.87 -> #REF! | G6: =ТЧК!G6*0.87 -> #REF! | H6: =ТЧК!H6*0.87 -> #REF! | I6: =ТЧК!I6*0.87 -> #REF! | ... AZ6: =ТЧК!AZ6*0.87 -> #REF!
A7: 2 | B7: =ТЧК!B7*0.87 -> #REF! | C7: =ТЧК!C7*0.87 -> #REF! | D7: =ТЧК!D7*0.87 -> #REF! | E7: =ТЧК!E7*0.87 -> #REF! | F7: =ТЧК!F7*0.87 -> #REF! | G7: =ТЧК!G7*0.87 -> #REF! | H7: =ТЧК!H7*0.87 -> #REF! | I7: =ТЧК!I7*0.87 -> #REF! | ... AZ7: =ТЧК!AZ7*0.87 -> #REF!
A8: Улучшенный номер, вид на горы - с двуспальной кроватью Улучшенный номер, вид на горы с 2 односпальными кроватями
A9: 1 | B9: =ТЧК!B9*0.87 -> #REF! | C9: =ТЧК!C9*0.87 -> #REF! | D9: =ТЧК!D9*0.87 -> #REF! | E9: =ТЧК!E9*0.87 -> #REF! | F9: =ТЧК!F9*0.87 -> #REF! | G9: =ТЧК!G9*0.87 -> #REF! | H9: =ТЧК!H9*0.87 -> #REF! | I9: =ТЧК!I9*0.87 -> #REF! | ... AZ9: =ТЧК!AZ9*0.87 -> #REF!
A10: 2 | B10: =ТЧК!B10*0.87 -> #REF! | C10: =ТЧК!C10*0.87 -> #REF! | D10: =ТЧК!D10*0.87 -> #REF! | E10: =ТЧК!E10*0.87 -> #REF! | F10: =ТЧК!F10*0.87 -> #REF! | G10: =ТЧК!G10*0.87 -> #REF! | H10: =ТЧК!H10*0.87 -> #REF! | I10: =ТЧК!I10*0.87 -> #REF! | ... AZ10: =ТЧК!AZ10*0.87 -> #REF!
A11: Номер Люкс - с двуспальной кроватью
A12: 1 | B12: =ТЧК!B12*0.87 -> #REF! | C12: =ТЧК!C12*0.87 -> #REF! | D12: =ТЧК!D12*0.87 -> #REF! | E12: =ТЧК!E12*0.87 -> #REF! | F12: =ТЧК!F12*0.87 -> #REF! | G12: =ТЧК!G12*0.87 -> #REF! | H12: =ТЧК!H12*0.87 -> #REF! | I12: =ТЧК!I12*0.87 -> #REF! | ... AZ12: =ТЧК!AZ12*0.87 -> #REF!
A13: 2 | B13: =ТЧК!B13*0.87 -> #REF! | C13: =ТЧК!C13*0.87 -> #REF! | D13: =ТЧК!D13*0.87 -> #REF! | E13: =ТЧК!E13*0.87 -> #REF! | F13: =ТЧК!F13*0.87 -> #REF! | G13: =ТЧК!G13*0.87 -> #REF! | H13: =ТЧК!H13*0.87 -> #REF! | I13: =ТЧК!I13*0.87 -> #REF! | ... AZ13: =ТЧК!AZ13*0.87 -> #REF!
A14: Представительский Люкс - с двуспальной кроватью
A15: 1 | B15: =ТЧК!B15*0.87 -> #REF! | C15: =ТЧК!C15*0.87 -> #REF! | D15: =ТЧК!D15*0.87 -> #REF! | E15: =ТЧК!E15*0.87 -> #REF! | F15: =ТЧК!F15*0.87 -> #REF! | G15: =ТЧК!G15*0.87 -> #REF! | H15: =ТЧК!H15*0.87 -> #REF! | I15: =ТЧК!I15*0.87 -> #REF! | ... AZ15: =ТЧК!AZ15*0.87 -> #REF!
A16: 2 | B16: =ТЧК!B16*0.87 -> #REF! | C16: =ТЧК!C16*0.87 -> #REF! | D16: =ТЧК!D16*0.87 -> #REF! | E16: =ТЧК!E16*0.87 -> #REF! | F16: =ТЧК!F16*0.87 -> #REF! | G16: =ТЧК!G16*0.87 -> #REF! | H16: =ТЧК!H16*0.87 -> #REF! | I16: =ТЧК!I16*0.87 -> #REF! | ... AZ16: =ТЧК!AZ16*0.87 -> #REF!
A17: Пентхаус, 2-этажный, с террасой - с 2 спальнями
A18: от 1 до 4 | B18: =ТЧК!B18*0.87 -> #REF! | C18: =ТЧК!C18*0.87 -> #REF! | D18: =ТЧК!D18*0.87 -> #REF! | E18: =ТЧК!E18*0.87 -> #REF! | F18: =ТЧК!F18*0.87 -> #REF! | G18: =ТЧК!G18*0.87 -> #REF! | H18: =ТЧК!H18*0.87 -> #REF! | I18: =ТЧК!I18*0.87 -> #REF! | ... AZ18: =ТЧК!AZ18*0.87 -> #REF!
A19: Люкс Красная Поляна, 2-этажный, с террасой - с 3 спальнями
A20: от 1 до 6 | B20: =ТЧК!B20*0.87 -> #REF! | C20: =ТЧК!C20*0.87 -> #REF! | D20: =ТЧК!D20*0.87 -> #REF! | E20: =ТЧК!E20*0.87 -> #REF! | F20: =ТЧК!F20*0.87 -> #REF! | G20: =ТЧК!G20*0.87 -> #REF! | H20: =ТЧК!H20*0.87 -> #REF! | I20: =ТЧК!I20*0.87 -> #REF! | ... AZ20: =ТЧК!AZ20*0.87 -> #REF!
A21: Даты тарифа (включительно):
A22: Период продажи: 17.06.2026 - 29.06.2026 Период проживания: 12.07.2026 - 31.08.2026
A23: Ограничения:
A24: Минимальный срок проживания - 2 ночи
A25: В стоимость включено:
A26: 🔸Скидка 25% на проживание в номере выбранной категории; 🔸Завтрак "Шведский стол" в ресторане "Прагер"; 🔸Шоколадный час ежедневно с 17.00 до 17.45; 🔸Посещение SPA комплекса отеля; 🔸Бесплатный Wi-Fi на территории всего отеля; 🔸Комната для хранения горнолыжного оборудования; 🔸Услуги консьержа, в том числе мобильный консьерж-сервис; 🔸Доставка багажа в номер / из номера; 🔸Услуги парковки автомобиля (крытая парковка); 🔸Прогулочный билет на все открытые канатные дороги для всех гостей в бронировании (предоставляется один раз во время проживания). 🔸Скидка 15% на меню в ресторане (-ах) отеля (на весь чек, на все время проживания)
A27: Условия аннуляции:
A28: В случае отмены или изменения бронирования после 00:00 часов дня заезда удерживается стоимость первых суток.

Sheet RO FIT18
A1: Мовенпик Красная Поляна 5*
A2: БАЗОВЫЙ БЕЗ ЗАВТРАКА
A3: нетто тарифы
A4: Проживание без питания (Room only) | B4: =RO!#REF! -> #REF! | C4: =RO!#REF! -> #REF! | D4: =RO!#REF! -> #REF! | E4: =RO!#REF! -> #REF! | F4: =RO!#REF! -> #REF! | G4: =RO!#REF! -> #REF! | H4: =RO!#REF! -> #REF! | I4: =RO!#REF! -> #REF! | ... AC4: =RO!#REF! -> #REF! | AD4: =RO!B4 -> 46218 | AE4: =RO!C4 -> 46219 | AF4: =RO!D4 -> 46220 | AG4: =RO!E4 -> 46221 | AH4: =RO!F4 -> 46222 | AI4: =RO!G4 -> 46223 | AJ4: =RO!H4 -> 46224 | AK4: =RO!I4 -> 46225 | ... GJ4: =RO!FH4 -> 46380
A5: Улучшенный номер - с двуспальной кроватью Улучшенный номер с 2 односпальными кроватями Улучшенный номер, для маломобильных - с двуспальной кроватью
A6: от 1 до 2 | B6: =ROUNDUP(RO!#REF!*0.85,) -> #REF! | C6: =ROUNDUP(RO!#REF!*0.85,) -> #REF! | D6: =ROUNDUP(RO!#REF!*0.85,) -> #REF! | E6: =ROUNDUP(RO!#REF!*0.85,) -> #REF! | F6: =ROUNDUP(RO!#REF!*0.85,) -> #REF! | G6: =ROUNDUP(RO!#REF!*0.85,) -> #REF! | H6: =ROUNDUP(RO!#REF!*0.85,) -> #REF! | I6: =ROUNDUP(RO!#REF!*0.85,) -> #REF! | ... AC6: =ROUNDUP(RO!#REF!*0.85,) -> #REF! | AD6: =ROUNDUP(RO!B6*0.85,) -> #REF! | AE6: =ROUNDUP(RO!C6*0.85,) -> #REF! | AF6: =ROUNDUP(RO!D6*0.85,) -> #REF! | AG6: =ROUNDUP(RO!E6*0.85,) -> #REF! | AH6: =ROUNDUP(RO!F6*0.85,) -> #REF! | AI6: =ROUNDUP(RO!G6*0.85,) -> #REF! | AJ6: =ROUNDUP(RO!H6*0.85,) -> #REF! | AK6: =ROUNDUP(RO!I6*0.85,) -> #REF! | ... GJ6: =ROUNDUP(RO!FH6*0.85,) -> 8330
A7: Улучшенный номер, вид на горы - с двуспальной кроватью Улучшенный номер, вид на горы с 2 односпальными кроватями
A8: от 1 до 2 | B8: =ROUNDUP(RO!#REF!*0.85,) -> #REF! | C8: =ROUNDUP(RO!#REF!*0.85,) -> #REF! | D8: =ROUNDUP(RO!#REF!*0.85,) -> #REF! | E8: =ROUNDUP(RO!#REF!*0.85,) -> #REF! | F8: =ROUNDUP(RO!#REF!*0.85,) -> #REF! | G8: =ROUNDUP(RO!#REF!*0.85,) -> #REF! | H8: =ROUNDUP(RO!#REF!*0.85,) -> #REF! | I8: =ROUNDUP(RO!#REF!*0.85,) -> #REF! | ... AC8: =ROUNDUP(RO!#REF!*0.85,) -> #REF! | AD8: =ROUNDUP(RO!B8*0.85,) -> #REF! | AE8: =ROUNDUP(RO!C8*0.85,) -> #REF! | AF8: =ROUNDUP(RO!D8*0.85,) -> #REF! | AG8: =ROUNDUP(RO!E8*0.85,) -> #REF! | AH8: =ROUNDUP(RO!F8*0.85,) -> #REF! | AI8: =ROUNDUP(RO!G8*0.85,) -> #REF! | AJ8: =ROUNDUP(RO!H8*0.85,) -> #REF! | AK8: =ROUNDUP(RO!I8*0.85,) -> #REF! | ... GJ8: =ROUNDUP(RO!FH8*0.85,) -> 10880
A9: Номер Люкс - с двуспальной кроватью
A10: от 1 до 2 | B10: =ROUNDUP(RO!#REF!*0.85,) -> #REF! | C10: =ROUNDUP(RO!#REF!*0.85,) -> #REF! | D10: =ROUNDUP(RO!#REF!*0.85,) -> #REF! | E10: =ROUNDUP(RO!#REF!*0.85,) -> #REF! | F10: =ROUNDUP(RO!#REF!*0.85,) -> #REF! | G10: =ROUNDUP(RO!#REF!*0.85,) -> #REF! | H10: =ROUNDUP(RO!#REF!*0.85,) -> #REF! | I10: =ROUNDUP(RO!#REF!*0.85,) -> #REF! | ... AC10: =ROUNDUP(RO!#REF!*0.85,) -> #REF! | AD10: =ROUNDUP(RO!B10*0.85,) -> #REF! | AE10: =ROUNDUP(RO!C10*0.85,) -> #REF! | AF10: =ROUNDUP(RO!D10*0.85,) -> #REF! | AG10: =ROUNDUP(RO!E10*0.85,) -> #REF! | AH10: =ROUNDUP(RO!F10*0.85,) -> #REF! | AI10: =ROUNDUP(RO!G10*0.85,) -> #REF! | AJ10: =ROUNDUP(RO!H10*0.85,) -> #REF! | AK10: =ROUNDUP(RO!I10*0.85,) -> #REF! | ... GJ10: =ROUNDUP(RO!FH10*0.85,) -> 15980
A11: Представительский Люкс - с двуспальной кроватью
A12: от 1 до 2 | B12: =ROUNDUP(RO!#REF!*0.85,) -> #REF! | C12: =ROUNDUP(RO!#REF!*0.85,) -> #REF! | D12: =ROUNDUP(RO!#REF!*0.85,) -> #REF! | E12: =ROUNDUP(RO!#REF!*0.85,) -> #REF! | F12: =ROUNDUP(RO!#REF!*0.85,) -> #REF! | G12: =ROUNDUP(RO!#REF!*0.85,) -> #REF! | H12: =ROUNDUP(RO!#REF!*0.85,) -> #REF! | I12: =ROUNDUP(RO!#REF!*0.85,) -> #REF! | ... AC12: =ROUNDUP(RO!#REF!*0.85,) -> #REF! | AD12: =ROUNDUP(RO!B12*0.85,) -> #REF! | AE12: =ROUNDUP(RO!C12*0.85,) -> #REF! | AF12: =ROUNDUP(RO!D12*0.85,) -> #REF! | AG12: =ROUNDUP(RO!E12*0.85,) -> #REF! | AH12: =ROUNDUP(RO!F12*0.85,) -> #REF! | AI12: =ROUNDUP(RO!G12*0.85,) -> #REF! | AJ12: =ROUNDUP(RO!H12*0.85,) -> #REF! | AK12: =ROUNDUP(RO!I12*0.85,) -> #REF! | ... GJ12: =ROUNDUP(RO!FH12*0.85,) -> 18530
A13: Даты тарифа (включительно):
A14: Период продажи: 01.04.2026 - 24.12.2026 Период проживания: 01.04.2026 - 24.12.2026
A16: Закрытые даты (включительно):
A17: 15.07.2026 - 30.11.2026
A18: В стоимость включено:
A19: Подъем на канатной дороге с Поляны 540 на Поляну 960; Проживание в номере выбранной категории; Шоколадный час ежедневно с 17.00 до 17.45; Посещение SPA комплекса отеля; Wi-Fi на территории всего отеля; Комната для хранения горнолыжного оборудования; Услуги консьержа, в том числе мобильный консьерж-сервис; Доставка багажа в номер / из номера; Услуги парковки автомобиля (крытая парковка);
A20: Условия аннуляции:
A21: В случае отмены или изменения бронирования после 00:00 часов дня заезда удерживается стоимость первых суток.

Sheet нетто FIT18+25
A1: Мовенпик Красная Поляна 5*
A2: Тариф "Базовый с завтраком"
A3: нетто тарифы
A4: завтраки формата "Шведский стол" | B4: 46269 | C4: 46270 | D4: 46271 | E4: 46272 | F4: 46273 | G4: 46274 | H4: 46275 | I4: 46276 | J4: 46277 | K4: 46278 | L4: 46279 | M4: 46280 | N4: 46281 | O4: 46282 | P4: 46283 | Q4: 46284 | R4: 46285 | S4: 46286 | T4: 46287 | U4: 46288 | V4: 46289 | W4: 46290 | X4: 46291 | Y4: 46292 | Z4: 46293 | AA4: 46294 | AB4: 46295 | AC4: 46296 | AD4: 46297 | AE4: 46298 | AF4: 46299 | AG4: 46300 | AH4: 46301 | AI4: 46302 | AJ4: 46303 | AK4: 46304 | AL4: 46305 | AM4: 46306 | AN4: 46307 | AO4: 46308 | AP4: 46309 | AQ4: 46310 | AR4: 46311 | AS4: 46312 | AT4: 46313 | AU4: 46314 | AV4: 46315 | AW4: 46316 | AX4: 46317 | AY4: 46318 | AZ4: 46319 | BA4: 46320 | BB4: 46321 | BC4: 46322 | BD4: 46323 | BE4: 46324 | BF4: 46325 | BG4: 46326 | BH4: 46327 | BI4: 46328 | BJ4: 46329 | BK4: 46330 | BL4: 46331 | BM4: 46332 | BN4: 46333 | BO4: 46334 | BP4: 46335 | BQ4: 46336 | BR4: 46337 | BS4: 46338 | BT4: 46339 | BU4: 46340 | BV4: 46341 | BW4: 46342 | BX4: 46343 | BY4: 46344 | BZ4: 46345 | CA4: 46346 | CB4: 46347 | CC4: 46348 | CD4: 46349 | CE4: 46350 | CF4: 46351 | CG4: 46352 | CH4: 46353 | CI4: 46354 | CJ4: 46355 | CK4: 46356 | CL4: 46357 | CM4: 46358 | CN4: 46359 | CO4: 46360 | CP4: 46361 | CQ4: 46362 | CR4: 46363 | CS4: 46364 | CT4: 46365 | CU4: 46366 | CV4: 46367 | CW4: 46368 | CX4: 46369 | CY4: 46370 | CZ4: 46371 | DA4: 46372 | DB4: 46373 | DC4: 46374 | DD4: 46375 | DE4: 46376 | DF4: 46377 | DG4: 46378 | DH4: 46379 | DI4: 46380 | DJ4: 46381 | DK4: 46382 | DL4: 46383 | DM4: 46384 | DN4: 46385 | DO4: 46386 | DP4: 46387 | DQ4: 46388 | DR4: 46389 | DS4: 46390 | DT4: 46391 | DU4: 46392 | DV4: 46393 | DW4: 46394 | DX4: 46395 | DY4: 46396 | DZ4: 46397 | EA4: 46398 | EB4: 46399 | EC4: 46400 | ED4: 46401 | EE4: 46402 | EF4: 46403 | EG4: 46404 | EH4: 46405 | EI4: 46406 | EJ4: 46407 | EK4: 46408 | EL4: 46409 | EM4: 46410 | EN4: 46411 | EO4: 46412 | EP4: 46413 | EQ4: 46414 | ER4: 46415 | ES4: 46416 | ET4: 46417 | EU4: 46418 | EV4: 46419 | EW4: 46420 | EX4: 46421 | EY4: 46422 | EZ4: 46423 | FA4: 46424 | FB4: 46425 | FC4: 46426 | FD4: 46427 | FE4: 46428 | FF4: 46429 | FG4: 46430 | FH4: 46431 | FI4: 46432 | FJ4: 46433 | FK4: 46434 | FL4: 46435 | FM4: 46436 | FN4: 46437 | FO4: 46438 | FP4: 46439 | FQ4: 46440 | FR4: 46441 | FS4: 46442 | FT4: 46443 | FU4: 46444 | FV4: 46445 | FW4: 46446 | FX4: 46447 | FY4: 46448 | FZ4: 46449 | GA4: 46450 | GB4: 46451 | GC4: 46452 | GD4: 46453 | GE4: 46454 | GF4: 46455 | GG4: 46456 | GH4: 46457 | GI4: 46458 | GJ4: 46459 | GK4: 46460 | GL4: 46461 | GM4: 46462 | GN4: 46463 | GO4: 46464 | GP4: 46465 | GQ4: 46466 | GR4: 46467 | GS4: 46468 | GT4: 46469 | GU4: 46470 | GV4: 46471 | GW4: 46472 | GX4: 46473 | GY4: 46474 | GZ4: 46475 | HA4: 46476 | HB4: 46477
A5: Улучшенный номер - с двуспальной кроватью Улучшенный номер с 2 односпальными кроватями Улучшенный номер, для маломобильных - с двуспальной кроватью
A6: 1 | B6: ='нетто FIT18'!B6+25 -> 11669 | C6: ='нетто FIT18'!C6+25 -> 11669 | D6: ='нетто FIT18'!D6+25 -> 11669 | E6: ='нетто FIT18'!E6+25 -> 11669 | F6: ='нетто FIT18'!F6+25 -> 12079 | G6: ='нетто FIT18'!G6+25 -> 12079 | H6: ='нетто FIT18'!H6+25 -> 12079 | I6: ='нетто FIT18'!I6+25 -> 12079 | ... HB6: ='нетто FIT18'!HB6+25 -> 15154
A7: 2 | B7: ='нетто FIT18'!B7+25 -> 13473 | C7: ='нетто FIT18'!C7+25 -> 13473 | D7: ='нетто FIT18'!D7+25 -> 13473 | E7: ='нетто FIT18'!E7+25 -> 13473 | F7: ='нетто FIT18'!F7+25 -> 13883 | G7: ='нетто FIT18'!G7+25 -> 13883 | H7: ='нетто FIT18'!H7+25 -> 13883 | I7: ='нетто FIT18'!I7+25 -> 13883 | ... HB7: ='нетто FIT18'!HB7+25 -> 17409
A8: Улучшенный номер, вид на горы - с двуспальной кроватью Улучшенный номер, вид на горы с 2 односпальными кроватями
A9: 1 | B9: ='нетто FIT18'!B9+25 -> 14129 | C9: ='нетто FIT18'!C9+25 -> 14129 | D9: ='нетто FIT18'!D9+25 -> 14129 | E9: ='нетто FIT18'!E9+25 -> 14129 | F9: ='нетто FIT18'!F9+25 -> 14539 | G9: ='нетто FIT18'!G9+25 -> 14539 | H9: ='нетто FIT18'!H9+25 -> 14539 | I9: ='нетто FIT18'!I9+25 -> 14539 | ... HB9: ='нетто FIT18'!HB9+25 -> 18434
